Workbook
Name ___INDEX_SHEET___ASAP_Utilities: #REF!
Name ¿Quiénes_están_inscritos_dentro_del_sistema__incluye_desinscr___: #REF!
Name a1_Y1: #REF!
Name a1_Y2: #REF!
Name a10_Y10: #REF!
Name a10_Y11: #REF!
Name a2_Y2: #REF!
Name a2_Y3: #REF!
Name a3_Y3: #REF!
Name a3_Y4: #REF!
Name a4_Y4: #REF!
Name a4_Y5: #REF!
Name a5_Y5: #REF!
Name a5_Y6: #REF!
Name a6_Y6: #REF!
Name a6_Y7: #REF!
Name a7_Y7: #REF!
Name a7_Y8: #REF!
Name a8_Y8: #REF!
Name a8_Y9: #REF!
Name a9_Y10: #REF!
Name a9_Y9: #REF!
Name aaa: #REF!
Name ActividadRE: #REF!
Name AGE: #REF!
Name ALM_COM: #REF!
Name ALMUERZO: #REF!
Name almuerzocena: #REF!
Name AMAZONAS: #REF!
Name AMAZONAS1: #REF!
Name ANTIGUEDAD: #REF!
Name ANTIOQUIA: #REF!
Name año1: #REF!
Name Años_préstamo: #REF!
Name ARAUCA: #REF!
Name ATLANTICO: #REF!
Name Bachiller_Técnico_industrial: #REF!
Name BAS: #REF!
Name Base: #REF!
Name BASETD: OFFSET(#REF!,0,0,COUNTA(#REF!),6)
Name bbb: #REF!
Name Beginning_Balance: -FV(Interest_Rate/12,Payment_Number-1,-Monthly_Payment,Loan_Amount)
Name BKLZXX: #REF!
Name BOLIVAR: #REF!
Name BuiltIn_Consolidate_Area: NA()
Name BuiltIn_Consolidate_Area___0: NA()
Name BuiltIn_Consolidate_Area___0___0: NA()
Name BuiltIn_Consolidate_Area___0___0___0: NA()
Name BuiltIn_Consolidate_Area___0___0___0___0: NA()
Name BuiltIn_Print_Area___0: "$"
Name BuiltIn_Print_Area___0___0: 0
Name BuiltIn_Print_Titles: NA()
Name BuiltIn_Print_Titles___0: NA()
Name BuiltIn_Print_Titles___0___0: 0
Name CALDAS: #REF!
Name CALENDARIO: #REF!
Name Calidad: #REF!
Name Calidad_1: "['file://172.16.9.31/ArchivosICBF/DIRECCION%20TECNICA%20ICBF/Archivos%20FONADE/COSTEO%20DIAGNOSTICOS.xlsm'#$PERSONAL.$P$58]"
Name Campamento: #REF!
Name Campamento_1: "['file://172.16.9.31/ArchivosICBF/DIRECCION%20TECNICA%20ICBF/Archivos%20FONADE/COSTEO%20DIAGNOSTICOS.xlsm'#$PERSONAL.$P$122]"

Sheet MATRIZ
A1: INFORMACIÓN GENERAL ADICIÓN CONTRATOS SERVICIOS INTEGRALES 2026 | I1: CANTIDAD DE CONTRATOS | K1: {=SUM(IF(FREQUENCY(E3:E39,E3:E39)>0,1))} -> 0 | L1: CANTIDAD DE UDS | P1: =SUBTOTAL(9,K3:K39) -> 25 | X1: INFORMACIÓN DEL VALOR DEL CONTRATO | AO1: VALOR SMLV: $1.423.500 | AT1: 1300000 | AU1: 1423500 | AV1: =SUBTOTAL(9,AU3:AU39) -> 0 | AW1: 1750905
A2: ES CONTRATO NUEVO (SI/NO) | B2: ZONA | C2: REGIONAL | D2: contrato oculto | E2: REFERENCIA / No. CONTRATO SECOP | F2: No. RP | G2: CENTRO ZONAL | H2: MUNICIPIO | I2: NOMBRE DEL SERVICIO | J2: Componente 2026 II Semestre | K2: UDS | L2: CUPOS | M2: TOTAL CUPOS ZONIFICACION | N2: TIEMPO A ADICIONAR O CONTRATAR | O2: SUMATORIA DE LAS UDS DEL CONTRATO A ADICIONAR (REGISTRO UNICO) | P2: SUMATORIA DE LOS CUPOS DEL CONTRATO A ADICIONAR (REGISTRO UNICO) | Q2: FORMA DE CONTRATACIÓN | R2: NIT OCULTO | S2: NIT | T2: NOMBRE EAS OCULTO | U2: NOMBRE EAS | V2: MODALIDAD DE SERVICIO | W2: FECHA DE FIN DEL CONTRATO | X2: VALOR INICIAL DEL SERVICIO 2025-2026 | Y2: VALOR TOTAL INICIAL APORTE ICBF POR CONTRATO (REGISTRO UNICO) | Z2: VALOR INICIAL OTROS CONCEPTOS | AA2: DETALLE OTROS CONCEPTOS | AB2: VALOR INICIAL CONTRAPARTIDA | AC2: VALOR TOTAL CONTRAPARTIDA | AD2: VALOR OTROS CONCEPTOS INICIAL | AE2: VALOR TOTAL OTROS CONCEPTOS Y CONTRAPARTIDA (REGISTRO UNICO) | AF2: VALOR TOTAL INICIAL DEL CONTRATO POR SERVICIO | AG2: VALOR TOTAL INICIAL DEL CONTRATO (UNICO REGISTRO) | AH2: AÑO INICIO CONTRATO | AI2: VALOR TOTAL INICIAL DEL CONTRATO (UNICO REGISTRO) EN SMMLV | AJ2: TOTAL REDUCCIONES ICBF | AK2: TOTAL ADICIONES ICBF | AL2: TOTAL REDUCCIONES EAS | AM2: TOTAL ADICIONES EAS | AN2: VALOR TOTAL REDUCCIONES 2026 | AO2: VALOR TOTAL ADICIONES 2026 | AP2: No. SALARIOS NETO (ADICIONES - REDUCCIONES) | AQ2: TOTAL NÚMERO DE SALARIOS NETO ADICIONES - REDUCCIONES (SMMVL) | AR2: ADICIONES - REDUCCIONES | AS2: TOTAL ADICION - REDUCCION | AT2: VALOR TOTAL INCIAL DEL CONTRATO POR SERVICIO (APORTE ICBF + APORTE EAS) | AU2: VALOR ACTUAL DEL CONTRATO ANTES DE LA ADICIÓN SOLICITADA | AV2: VALOR ADICIÓN (REGISTRO MULTIPLE) | AW2: VALOR ADICIÓN (UNICO REGISTRO) | AX2: VALOR ADICIÓN OTROS CONCEPTOS | AY2: DETALLE OTROS CONCEPTOS | AZ2: NÚMERO DE TASAS COMPENSATORIAS | BA2: VALOR TASAS COMPENSATORIAS | BB2: VALOR INEJECUCIONES A REINVERTIR | BC2: VALOR TOTAL DE LA ADICIÓN APORTE ICBF | BD2: VALOR TOTAL DE LA ADICIÓN APORTE ICBF (REGISTRO ÚNICO) | BE2: % APORTE EAS - VALOR CONTRAPARTIDA | BF2: VALOR CONTRAPARTIDA ADICIÓN | BG2: VALOR TOTAL ADICIÓN DEL APORTE DE LA EAS (REGISTRO UNICO) | BH2: VALOR TOTAL DE LA ADICIÓN CONTRATO (UNICO REGISTRO) | BI2: VALOR TOTAL DE LA ADICIÓN CONTRATO (UNICO REGISTRO) EN SMMLV | BJ2: VALOR FINAL DEL CONTRATO APORTE ICFB (Inicial + Adición) $ | BK2: VALOR FINAL DEL CONTRATO APORTE ICFB (MULTIPLE REGISTRO (Inicial + Adición) $ | BL2: VALOR FINAL DEL CONTRATO APORTE ICFB (REGISTRO UNICO) (Inicial + Adición) $ | BM2: VALOR FINAL DEL CONTRATO APORTE EAS (Inicial + Adición) $ | BN2: VALOR FINAL DEL CONTRATO (VALOR ACTUAL DEL CONTRATO ANTES DE LA ADICIÓN SOLICITADA + VALOR TOTAL DE LA ADICIÓN (UNICO REGISTRO) | BO2: 50% VALOR CONTRATO INICIAL EN SMMLV PARA CALCULAR LA CAPACIDAD A ADICIONAR | BP2: ADICIONES HISTÓRICAS Y ACTUAL EXPRESADAS EN SMMLV (No puede superar el 50% del Vr. del Contrato Inicial) | BQ2: VALOR MÁXIMO A ADICIONAR EN SMMLV | BR2: VALOR MÁXIMO A ADICIONAR (%) 50% Vr. Inicial Contrato "Art. 40 Ley 80/1993"), | BS2: VALOR TOTAL FINAL DEL CONTRTO EN SMMLV | BT2: ALERTA CONTRATO DE APORTE SUPERA 5.000 SMLMV
A3: SI | B3: 1826 | C3: SANTANDER | D3: 68008822025 | E3: =IF($A3="SI","",$D3) | G3: CZ CARLOS LLERAS RESTREPO | H3: Bucaramanga | I3: HOGAR INFANTIL – INSTITUCIONAL | J3: OPERADOR COMPONENTE PEDAGOGICO CON ALIMENTOS | K3: 1 | L3: =SUMIFS( zonificación!$AA:$AA, zonificación!$A:$A,B3, zonificación!$K:$K, G3, zonificación!$I:$I,H3, zonificación!$W:$W, I3) -> 99 | M3: =IF(COUNTIFS($D$2:$D3,D3)=1,SUMIFS($L:$L,D:D,D3),0) -> 99 | N3: 3 | O3: =IF(COUNTIFS($D$2:$D3,D3)=1,SUMIFS($K:$K,D:D,D3),0) -> 1 | P3: =IF(COUNTIFS($D$2:$D3,D3)=1,SUMIFS($M:$M,D:D,D3),0) -> 99 | Q3: Articulo 35 invitación cerrada – literal m | R3: 800122280 | S3: =IF($A3="SI","",$R3) | T3: ASOCIACIÓN DE PADRES DE FAMILIA DEL HOGAR INFANTIL JOSE RAQUEL MERCADO | U3: =IF($A3="SI","",$T3) | V3: Institucional | W3: 46326 | X3: 0 | Y3: =IF(COUNTIFS($D$2:$D3,$D3)=1,SUMIFS(X:X,$D:$D,$D3),0) -> 0 | Z3: 0 | AA3: Descripción otros conceptos | AB3: 0 | AC3: =IF(COUNTIFS($D$2:$D3,$D3)=1,SUMIFS(AB:AB,$D:$D,$D3),0) -> 0 | AD3: =IF(COUNTIFS($D$2:$D3,$D3)=1,SUMIFS(Z:Z,$D:$D,$D3),0) -> 0 | AE3: =SUM(AC3:AD3) -> 0 | AF3: =+X3+AE3 -> 0 | AG3: =IF(COUNTIFS($D$2:$D3,$D3)=1,SUMIFS(AF:AF,$D:$D,$D3),0) -> 0 | AH3: =IF(E3="",2026,VALUE(RIGHT(E3,4))) -> 2026 | AI3: =AG3/VLOOKUP(AH3,SALARIOS!$A$1:$B$4,2,0) -> 0 | AJ3: 0 | AK3: 0 | AL3: 0 | AM3: 0 | AN3: =+AJ3+AL3 -> 0 | AO3: =+AK3+AM3 -> 0 | AP3: =((AK3-AJ3)/SAL_2026)+((AM3-AL3)/SAL_2026) -> 0 | AQ3: =VALUE(IF(COUNTIFS($D$2:$D3,$D3)=1,MAX(0,SUMIFS(AP:AP,$D:$D,$D3)),0)) -> 0 | AR3: =$AO3-$AN3 -> 0 | AS3: =IF(COUNTIFS($D$2:$D3,$D3)=1,SUMIFS(AR:AR,$D:$D,$D3),0) -> 0 | AT3: =IF(AS3="",AG3,AG3+AS3) -> 0 | AU3: =+AT3 -> 0 | AV3: =SUMIFS(Combinaciones!$K:$K,Combinaciones!$A:$A,I3,Combinaciones!$B:$B,J3,Combinaciones!$F:$F,N3)*L3 -> 167219316 | AW3: =IF(COUNTIFS($D$2:$D3,$D3)=1,SUMIFS(AV:AV,$D:$D,$D3),0) -> 167219316 | AX3: 0 | AY3: Descripción otros conceptos | BA3: =+IF(I3="HOGAR INFANTIL – INSTITUCIONAL",AZ3*(1750905*0.03)*N3,0) -> 0 | BB3: 0 | BC3: =IFERROR(AV3+AX3-BB3+BA3,0) -> 167219316 | BD3: =IF(COUNTIFS($D$2:$D3,$D3)=1,SUMIFS(BC:BC,$D:$D,$D3),0) -> 167219316 | BE3: 0 | BF3: =IFERROR(BE3*BD3,"") -> 0 | BG3: =IF(COUNTIFS($D$2:$D3,$D3)=1,SUMIFS(BF:BF,$D:$D,$D3),0) -> 0 | BH3: =IF(BD3<>"",BD3+BG3,"") -> 167219316 | BI3: =IFERROR(BH3/SAL_2026,"") -> 95.504505 | BJ3: =X3+AK3-AJ3+BC3 -> 167219316 | BK3: =SUMIF($D:$D,$D:$D,$BJ:$BJ) -> 167219316 | BL3: =IF(COUNTIF($D$3:D3,D3)=1,BK3,"") -> 167219316 | BM3: =+IFERROR(AC3+BF3+AM3-AL3,0) -> 0 | BN3: =+IFERROR(Y3+AE3+AK3-AJ3+AM3-AL3+BD3+BF3+AD3,0) -> 167219316 | BO3: =IF(AI3<>"",AI3/2,"") -> 0 | BP3: =+AQ3+BI3 -> 95.504505 | BQ3: =IF(A3="SI","",IF(BO3-BP3<0,0,BO3-BP3)) | BR3: =IFERROR(BQ3*SAL_2026,"") | BS3: =+(AI3+BP3) -> 95.504505 | BT3: =IF(BS3="","",IF(SUMIFS(BS:BS,R:R,R3)>5000,"ALERTA MAYOR QUE 5.000",""))
A4: SI | B4: 1827 | C4: SANTANDER | D4: 68008662025 | E4: =IF($A4="SI","",$D4) | G4: CZ CARLOS LLERAS RESTREPO | H4: Bucaramanga | I4: HOGAR INFANTIL – INSTITUCIONAL | J4: OPERADOR COMPONENTE PEDAGOGICO CON ALIMENTOS | K4: 1 | L4: =SUMIFS( zonificación!$AA:$AA, zonificación!$A:$A,B4, zonificación!$K:$K, G4, zonificación!$I:$I,H4, zonificación!$W:$W, I4) -> 79 | M4: =IF(COUNTIFS($D$2:$D4,D4)=1,SUMIFS($L:$L,D:D,D4),0) -> 79 | N4: 3 | O4: =IF(COUNTIFS($D$2:$D4,D4)=1,SUMIFS($K:$K,D:D,D4),0) -> 1 | P4: =IF(COUNTIFS($D$2:$D4,D4)=1,SUMIFS($M:$M,D:D,D4),0) -> 79 | Q4: Articulo 35 invitación cerrada – literal m | R4: 890212211 | S4: =IF($A4="SI","",$R4) | T4: ASOCIACION PADRES DE FAMILIA DEL HOGAR INFANTIL PELUSA | U4: =IF($A4="SI","",$T4) | V4: Institucional | W4: 46326 | X4: 0 | Y4: =IF(COUNTIFS($D$2:$D4,$D4)=1,SUMIFS(X:X,$D:$D,$D4),0) -> 0 | Z4: 0 | AA4: Descripción otros conceptos | AB4: 0 | AC4: =IF(COUNTIFS($D$2:$D4,$D4)=1,SUMIFS(AB:AB,$D:$D,$D4),0) -> 0 | AD4: =IF(COUNTIFS($D$2:$D4,$D4)=1,SUMIFS(Z:Z,$D:$D,$D4),0) -> 0 | AE4: =SUM(AC4:AD4) -> 0 | AF4: =+X4+AE4 -> 0 | AG4: =IF(COUNTIFS($D$2:$D4,$D4)=1,SUMIFS(AF:AF,$D:$D,$D4),0) -> 0 | AH4: =IF(E4="",2026,VALUE(RIGHT(E4,4))) -> 2026 | AI4: =AG4/VLOOKUP(AH4,SALARIOS!$A$1:$B$4,2,0) -> 0 | AJ4: 0 | AK4: 0 | AL4: 0 | AM4: 0 | AN4: =+AJ4+AL4 -> 0 | AO4: =+AK4+AM4 -> 0 | AP4: =((AK4-AJ4)/SAL_2026)+((AM4-AL4)/SAL_2026) -> 0 | AQ4: =VALUE(IF(COUNTIFS($D$2:$D4,$D4)=1,MAX(0,SUMIFS(AP:AP,$D:$D,$D4)),0)) -> 0 | AR4: =$AO4-$AN4 -> 0 | AS4: =IF(COUNTIFS($D$2:$D4,$D4)=1,SUMIFS(AR:AR,$D:$D,$D4),0) -> 0 | AT4: =IF(AS4="",AG4,AG4+AS4) -> 0 | AU4: =+AT4 -> 0 | AV4: =SUMIFS(Combinaciones!$K:$K,Combinaciones!$A:$A,I4,Combinaciones!$B:$B,J4,Combinaciones!$F:$F,N4)*L4 -> 133437636 | AW4: =IF(COUNTIFS($D$2:$D4,$D4)=1,SUMIFS(AV:AV,$D:$D,$D4),0) -> 133437636 | AX4: 0 | AY4: Descripción otros conceptos | AZ4: 1 | BA4: =+IF(I4="HOGAR INFANTIL – INSTITUCIONAL",AZ4*(1750905*0.03)*N4,0) -> 157581.45 | BB4: 0 | BC4: =IFERROR(AV4+AX4-BB4+BA4,0) -> 1.3359522e+08 | BD4: =IF(COUNTIFS($D$2:$D4,$D4)=1,SUMIFS(BC:BC,$D:$D,$D4),0) -> 1.3359522e+08 | BE4: 0 | BF4: =IFERROR(BE4*BD4,"") -> 0 | BG4: =IF(COUNTIFS($D$2:$D4,$D4)=1,SUMIFS(BF:BF,$D:$D,$D4),0) -> 0 | BH4: =IF(BD4<>"",BD4+BG4,"") -> 1.3359522e+08 | BI4: =IFERROR(BH4/SAL_2026,"") -> 76.300666 | BJ4: =X4+AK4-AJ4+BC4 -> 1.3359522e+08 | BK4: =SUMIF($D:$D,$D:$D,$BJ:$BJ) -> 1.3359522e+08 | BL4: =IF(COUNTIF($D$3:D4,D4)=1,BK4,"") -> 1.3359522e+08 | BM4: =+IFERROR(AC4+BF4+AM4-AL4,0) -> 0 | BN4: =+IFERROR(Y4+AE4+AK4-AJ4+AM4-AL4+BD4+BF4+AD4,0) -> 1.3359522e+08 | BO4: =IF(AI4<>"",AI4/2,"") -> 0 | BP4: =+AQ4+BI4 -> 76.300666 | BQ4: =IF(A4="SI","",IF(BO4-BP4<0,0,BO4-BP4)) | BR4: =IFERROR(BQ4*SAL_2026,"") | BS4: =+(AI4+BP4) -> 76.300666 | BT4: =IF(BS4="","",IF(SUMIFS(BS:BS,R:R,R4)>5000,"ALERTA MAYOR QUE 5.000",""))
A5: SI | B5: 1828 | C5: SANTANDER | D5: 68008802025 | E5: =IF($A5="SI","",$D5) | G5: CZ CARLOS LLERAS RESTREPO | H5: Bucaramanga | I5: HOGAR INFANTIL – INSTITUCIONAL | J5: OPERADOR COMPONENTE PEDAGOGICO CON ALIMENTOS | K5: 1 | L5: =SUMIFS( zonificación!$AA:$AA, zonificación!$A:$A,B5, zonificación!$K:$K, G5, zonificación!$I:$I,H5, zonificación!$W:$W, I5) -> 93 | M5: =IF(COUNTIFS($D$2:$D5,D5)=1,SUMIFS($L:$L,D:D,D5),0) -> 93 | N5: 3 | O5: =IF(COUNTIFS($D$2:$D5,D5)=1,SUMIFS($K:$K,D:D,D5),0) -> 1 | P5: =IF(COUNTIFS($D$2:$D5,D5)=1,SUMIFS($M:$M,D:D,D5),0) -> 93 | Q5: Articulo 35 invitación cerrada – literal m | R5: 804005706 | S5: =IF($A5="SI","",$R5) | T5: ASOCIACION DE PADRES DE FAMILIA DEL HOGAR INFANTIL GASPARIN | U5: =IF($A5="SI","",$T5) | V5: Institucional | W5: 46326 | X5: 0 | Y5: =IF(COUNTIFS($D$2:$D5,$D5)=1,SUMIFS(X:X,$D:$D,$D5),0) -> 0 | Z5: 0 | AA5: Descripción otros conceptos | AB5: 0 | AC5: =IF(COUNTIFS($D$2:$D5,$D5)=1,SUMIFS(AB:AB,$D:$D,$D5),0) -> 0 | AD5: =IF(COUNTIFS($D$2:$D5,$D5)=1,SUMIFS(Z:Z,$D:$D,$D5),0) -> 0 | AE5: =SUM(AC5:AD5) -> 0 | AF5: =+X5+AE5 -> 0 | AG5: =IF(COUNTIFS($D$2:$D5,$D5)=1,SUMIFS(AF:AF,$D:$D,$D5),0) -> 0 | AH5: =IF(E5="",2026,VALUE(RIGHT(E5,4))) -> 2026 | AI5: =AG5/VLOOKUP(AH5,SALARIOS!$A$1:$B$4,2,0) -> 0 | AJ5: 0 | AK5: 0 | AL5: 0 | AM5: 0 | AN5: =+AJ5+AL5 -> 0 | AO5: =+AK5+AM5 -> 0 | AP5: =((AK5-AJ5)/SAL_2026)+((AM5-AL5)/SAL_2026) -> 0 | AQ5: =VALUE(IF(COUNTIFS($D$2:$D5,$D5)=1,MAX(0,SUMIFS(AP:AP,$D:$D,$D5)),0)) -> 0 | AR5: =$AO5-$AN5 -> 0 | AS5: =IF(COUNTIFS($D$2:$D5,$D5)=1,SUMIFS(AR:AR,$D:$D,$D5),0) -> 0 | AT5: =IF(AS5="",AG5,AG5+AS5) -> 0 | AU5: =+AT5 -> 0 | AV5: =SUMIFS(Combinaciones!$K:$K,Combinaciones!$A:$A,I5,Combinaciones!$B:$B,J5,Combinaciones!$F:$F,N5)*L5 -> 157084812 | AW5: =IF(COUNTIFS($D$2:$D5,$D5)=1,SUMIFS(AV:AV,$D:$D,$D5),0) -> 157084812 | AX5: 0 | AY5: Descripción otros conceptos | AZ5: 3 | BA5: =+IF(I5="HOGAR INFANTIL – INSTITUCIONAL",AZ5*(1750905*0.03)*N5,0) -> 472744.35 | BB5: 0 | BC5: =IFERROR(AV5+AX5-BB5+BA5,0) -> 1.5755756e+08 | BD5: =IF(COUNTIFS($D$2:$D5,$D5)=1,SUMIFS(BC:BC,$D:$D,$D5),0) -> 1.5755756e+08 | BE5: 0 | BF5: =IFERROR(BE5*BD5,"") -> 0 | BG5: =IF(COUNTIFS($D$2:$D5,$D5)=1,SUMIFS(BF:BF,$D:$D,$D5),0) -> 0 | BH5: =IF(BD5<>"",BD5+BG5,"") -> 1.5755756e+08 | BI5: =IFERROR(BH5/SAL_2026,"") -> 89.986354 | BJ5: =X5+AK5-AJ5+BC5 -> 1.5755756e+08 | BK5: =SUMIF($D:$D,$D:$D,$BJ:$BJ) -> 1.5755756e+08 | BL5: =IF(COUNTIF($D$3:D5,D5)=1,BK5,"") -> 1.5755756e+08 | BM5: =+IFERROR(AC5+BF5+AM5-AL5,0) -> 0 | BN5: =+IFERROR(Y5+AE5+AK5-AJ5+AM5-AL5+BD5+BF5+AD5,0) -> 1.5755756e+08 | BO5: =IF(AI5<>"",AI5/2,"") -> 0 | BP5: =+AQ5+BI5 -> 89.986354 | BQ5: =IF(A5="SI","",IF(BO5-BP5<0,0,BO5-BP5)) | BR5: =IFERROR(BQ5*SAL_2026,"") | BS5: =+(AI5+BP5) -> 89.986354 | BT5: =IF(BS5="","",IF(SUMIFS(BS:BS,R:R,R5)>5000,"ALERTA MAYOR QUE 5.000",""))
A6: SI | B6: 1829 | C6: SANTANDER | D6: 68008812025 | E6: =IF($A6="SI","",$D6) | G6: CZ CARLOS LLERAS RESTREPO | H6: Bucaramanga | I6: HOGAR INFANTIL – INSTITUCIONAL | J6: OPERADOR COMPONENTE PEDAGOGICO CON ALIMENTOS | K6: 1 | L6: =SUMIFS( zonificación!$AA:$AA, zonificación!$A:$A,B6, zonificación!$K:$K, G6, zonificación!$I:$I,H6, zonificación!$W:$W, I6) -> 53 | M6: =IF(COUNTIFS($D$2:$D6,D6)=1,SUMIFS($L:$L,D:D,D6),0) -> 53 | N6: 3 | O6: =IF(COUNTIFS($D$2:$D6,D6)=1,SUMIFS($K:$K,D:D,D6),0) -> 1 | P6: =IF(COUNTIFS($D$2:$D6,D6)=1,SUMIFS($M:$M,D:D,D6),0) -> 53 | Q6: Articulo 35 invitación cerrada – literal m | R6: 890208030 | S6: =IF($A6="SI","",$R6) | T6: ASOCIACION DE PADRES DE FAMILIA DEL HOGAR INFANTIL JARDINCITO ALEGRE | U6: =IF($A6="SI","",$T6) | V6: Institucional | W6: 46326 | X6: 0 | Y6: =IF(COUNTIFS($D$2:$D6,$D6)=1,SUMIFS(X:X,$D:$D,$D6),0) -> 0 | Z6: 0 | AA6: Descripción otros conceptos | AB6: 0 | AC6: =IF(COUNTIFS($D$2:$D6,$D6)=1,SUMIFS(AB:AB,$D:$D,$D6),0) -> 0 | AD6: =IF(COUNTIFS($D$2:$D6,$D6)=1,SUMIFS(Z:Z,$D:$D,$D6),0) -> 0 | AE6: =SUM(AC6:AD6) -> 0 | AF6: =+X6+AE6 -> 0 | AG6: =IF(COUNTIFS($D$2:$D6,$D6)=1,SUMIFS(AF:AF,$D:$D,$D6),0) -> 0 | AH6: =IF(E6="",2026,VALUE(RIGHT(E6,4))) -> 2026 | AI6: =AG6/VLOOKUP(AH6,SALARIOS!$A$1:$B$4,2,0) -> 0 | AJ6: 0 | AK6: 0 | AL6: 0 | AM6: 0 | AN6: =+AJ6+AL6 -> 0 | AO6: =+AK6+AM6 -> 0 | AP6: =((AK6-AJ6)/SAL_2026)+((AM6-AL6)/SAL_2026) -> 0 | AQ6: =VALUE(IF(COUNTIFS($D$2:$D6,$D6)=1,MAX(0,SUMIFS(AP:AP,$D:$D,$D6)),0)) -> 0 | AR6: =$AO6-$AN6 -> 0 | AS6: =IF(COUNTIFS($D$2:$D6,$D6)=1,SUMIFS(AR:AR,$D:$D,$D6),0) -> 0 | AT6: =IF(AS6="",AG6,AG6+AS6) -> 0 | AU6: =+AT6 -> 0 | AV6: =SUMIFS(Combinaciones!$K:$K,Combinaciones!$A:$A,I6,Combinaciones!$B:$B,J6,Combinaciones!$F:$F,N6)*L6 -> 89521452 | AW6: =IF(COUNTIFS($D$2:$D6,$D6)=1,SUMIFS(AV:AV,$D:$D,$D6),0) -> 89521452 | AX6: 0 | AY6: Descripción otros conceptos | AZ6: 2 | BA6: =+IF(I6="HOGAR INFANTIL – INSTITUCIONAL",AZ6*(1750905*0.03)*N6,0) -> 315162.9 | BB6: 0 | BC6: =IFERROR(AV6+AX6-BB6+BA6,0) -> 89836615 | BD6: =IF(COUNTIFS($D$2:$D6,$D6)=1,SUMIFS(BC:BC,$D:$D,$D6),0) -> 89836615 | BE6: 0 | BF6: =IFERROR(BE6*BD6,"") -> 0 | BG6: =IF(COUNTIFS($D$2:$D6,$D6)=1,SUMIFS(BF:BF,$D:$D,$D6),0) -> 0 | BH6: =IF(BD6<>"",BD6+BG6,"") -> 89836615 | BI6: =IFERROR(BH6/SAL_2026,"") -> 51.308675 | BJ6: =X6+AK6-AJ6+BC6 -> 89836615 | BK6: =SUMIF($D:$D,$D:$D,$BJ:$BJ) -> 89836615 | BL6: =IF(COUNTIF($D$3:D6,D6)=1,BK6,"") -> 89836615 | BM6: =+IFERROR(AC6+BF6+AM6-AL6,0) -> 0 | BN6: =+IFERROR(Y6+AE6+AK6-AJ6+AM6-AL6+BD6+BF6+AD6,0) -> 89836615 | BO6: =IF(AI6<>"",AI6/2,"") -> 0 | BP6: =+AQ6+BI6 -> 51.308675 | BQ6: =IF(A6="SI","",IF(BO6-BP6<0,0,BO6-BP6)) | BR6: =IFERROR(BQ6*SAL_2026,"") | BS6: =+(AI6+BP6) -> 51.308675 | BT6: =IF(BS6="","",IF(SUMIFS(BS:BS,R:R,R6)>5000,"ALERTA MAYOR QUE 5.000",""))
A7: SI | B7: 1830 | C7: SANTANDER | D7: 68008982025 | E7: =IF($A7="SI","",$D7) | G7: CZ SOCORRO | H7: Suaita | I7: HOGAR INFANTIL – INSTITUCIONAL | J7: OPERADOR COMPONENTE PEDAGOGICO CON ALIMENTOS | K7: 1 | L7: =SUMIFS( zonificación!$AA:$AA, zonificación!$A:$A,B7, zonificación!$K:$K, G7, zonificación!$I:$I,H7, zonificación!$W:$W, I7) -> 39 | M7: =IF(COUNTIFS($D$2:$D7,D7)=1,SUMIFS($L:$L,D:D,D7),0) -> 39 | N7: 3 | O7: =IF(COUNTIFS($D$2:$D7,D7)=1,SUMIFS($K:$K,D:D,D7),0) -> 1 | P7: =IF(COUNTIFS($D$2:$D7,D7)=1,SUMIFS($M:$M,D:D,D7),0) -> 39 | Q7: Articulo 35 invitación cerrada – literal m | R7: 890212101 | S7: =IF($A7="SI","",$R7) | T7: ASOCIACION DE PADRES DE FAMILIA DEL HOGAR INFANTIL EL BOSQUECILLO | U7: =IF($A7="SI","",$T7) | V7: Institucional | W7: 46326 | X7: 0 | Y7: =IF(COUNTIFS($D$2:$D7,$D7)=1,SUMIFS(X:X,$D:$D,$D7),0) -> 0 | Z7: 0 | AA7: Descripción otros conceptos | AB7: 0 | AC7: =IF(COUNTIFS($D$2:$D7,$D7)=1,SUMIFS(AB:AB,$D:$D,$D7),0) -> 0 | AD7: =IF(COUNTIFS($D$2:$D7,$D7)=1,SUMIFS(Z:Z,$D:$D,$D7),0) -> 0 | AE7: =SUM(AC7:AD7) -> 0 | AF7: =+X7+AE7 -> 0 | AG7: =IF(COUNTIFS($D$2:$D7,$D7)=1,SUMIFS(AF:AF,$D:$D,$D7),0) -> 0 | AH7: =IF(E7="",2026,VALUE(RIGHT(E7,4))) -> 2026 | AI7: =AG7/VLOOKUP(AH7,SALARIOS!$A$1:$B$4,2,0) -> 0 | AJ7: 0 | AK7: 0 | AL7: 0 | AM7: 0 | AN7: =+AJ7+AL7 -> 0 | AO7: =+AK7+AM7 -> 0 | AP7: =((AK7-AJ7)/SAL_2026)+((AM7-AL7)/SAL_2026) -> 0 | AQ7: =VALUE(IF(COUNTIFS($D$2:$D7,$D7)=1,MAX(0,SUMIFS(AP:AP,$D:$D,$D7)),0)) -> 0 | AR7: =$AO7-$AN7 -> 0 | AS7: =IF(COUNTIFS($D$2:$D7,$D7)=1,SUMIFS(AR:AR,$D:$D,$D7),0) -> 0 | AT7: =IF(AS7="",AG7,AG7+AS7) -> 0 | AU7: =+AT7 -> 0 | AV7: =SUMIFS(Combinaciones!$K:$K,Combinaciones!$A:$A,I7,Combinaciones!$B:$B,J7,Combinaciones!$F:$F,N7)*L7 -> 65874276 | AW7: =IF(COUNTIFS($D$2:$D7,$D7)=1,SUMIFS(AV:AV,$D:$D,$D7),0) -> 65874276 | AX7: 0 | AY7: Descripción otros conceptos | BA7: =+IF(I7="HOGAR INFANTIL – INSTITUCIONAL",AZ7*(1750905*0.03)*N7,0) -> 0 | BB7: 0 | BC7: =IFERROR(AV7+AX7-BB7+BA7,0) -> 65874276 | BD7: =IF(COUNTIFS($D$2:$D7,$D7)=1,SUMIFS(BC:BC,$D:$D,$D7),0) -> 65874276 | BE7: 0 | BF7: =IFERROR(BE7*BD7,"") -> 0 | BG7: =IF(COUNTIFS($D$2:$D7,$D7)=1,SUMIFS(BF:BF,$D:$D,$D7),0) -> 0 | BH7: =IF(BD7<>"",BD7+BG7,"") -> 65874276 | BI7: =IFERROR(BH7/SAL_2026,"") -> 37.622987 | BJ7: =X7+AK7-AJ7+BC7 -> 65874276 | BK7: =SUMIF($D:$D,$D:$D,$BJ:$BJ) -> 65874276 | BL7: =IF(COUNTIF($D$3:D7,D7)=1,BK7,"") -> 65874276 | BM7: =+IFERROR(AC7+BF7+AM7-AL7,0) -> 0 | BN7: =+IFERROR(Y7+AE7+AK7-AJ7+AM7-AL7+BD7+BF7+AD7,0) -> 65874276 | BO7: =IF(AI7<>"",AI7/2,"") -> 0 | BP7: =+AQ7+BI7 -> 37.622987 | BQ7: =IF(A7="SI","",IF(BO7-BP7<0,0,BO7-BP7)) | BR7: =IFERROR(BQ7*SAL_2026,"") | BS7: =+(AI7+BP7) -> 37.622987 | BT7: =IF(BS7="","",IF(SUMIFS(BS:BS,R:R,R7)>5000,"ALERTA MAYOR QUE 5.000",""))
A8: SI | B8: 1831 | C8: SANTANDER | D8: 68008252025 | E8: =IF($A8="SI","",$D8) | G8: CZ YARIQUIES | H8: Puerto Wilches | I8: HOGAR INFANTIL – INSTITUCIONAL | J8: OPERADOR COMPONENTE PEDAGOGICO CON ALIMENTOS | K8: 1 | L8: =SUMIFS( zonificación!$AA:$AA, zonificación!$A:$A,B8, zonificación!$K:$K, G8, zonificación!$I:$I,H8, zonificación!$W:$W, I8) -> 120 | M8: =IF(COUNTIFS($D$2:$D8,D8)=1,SUMIFS($L:$L,D:D,D8),0) -> 120 | N8: 3 | O8: =IF(COUNTIFS($D$2:$D8,D8)=1,SUMIFS($K:$K,D:D,D8),0) -> 1 | P8: =IF(COUNTIFS($D$2:$D8,D8)=1,SUMIFS($M:$M,D:D,D8),0) -> 120 | Q8: Articulo 35 invitación cerrada – literal m | R8: 800230470 | S8: =IF($A8="SI","",$R8) | T8: ASOCIACION DE PADRES DEL HOGAR INFANTIL PEBLES | U8: =IF($A8="SI","",$T8) | V8: Institucional | W8: 46326 | X8: 0 | Y8: =IF(COUNTIFS($D$2:$D8,$D8)=1,SUMIFS(X:X,$D:$D,$D8),0) -> 0 | Z8: 0 | AA8: Descripción otros conceptos | AB8: 0 | AC8: =IF(COUNTIFS($D$2:$D8,$D8)=1,SUMIFS(AB:AB,$D:$D,$D8),0) -> 0 | AD8: =IF(COUNTIFS($D$2:$D8,$D8)=1,SUMIFS(Z:Z,$D:$D,$D8),0) -> 0 | AE8: =SUM(AC8:AD8) -> 0 | AF8: =+X8+AE8 -> 0 | AG8: =IF(COUNTIFS($D$2:$D8,$D8)=1,SUMIFS(AF:AF,$D:$D,$D8),0) -> 0 | AH8: =IF(E8="",2026,VALUE(RIGHT(E8,4))) -> 2026 | AI8: =AG8/VLOOKUP(AH8,SALARIOS!$A$1:$B$4,2,0) -> 0 | AJ8: 0 | AK8: 0 | AL8: 0 | AM8: 0 | AN8: =+AJ8+AL8 -> 0 | AO8: =+AK8+AM8 -> 0 | AP8: =((AK8-AJ8)/SAL_2026)+((AM8-AL8)/SAL_2026) -> 0 | AQ8: =VALUE(IF(COUNTIFS($D$2:$D8,$D8)=1,MAX(0,SUMIFS(AP:AP,$D:$D,$D8)),0)) -> 0 | AR8: =$AO8-$AN8 -> 0 | AS8: =IF(COUNTIFS($D$2:$D8,$D8)=1,SUMIFS(AR:AR,$D:$D,$D8),0) -> 0 | AT8: =IF(AS8="",AG8,AG8+AS8) -> 0 | AU8: =+AT8 -> 0 | AV8: =SUMIFS(Combinaciones!$K:$K,Combinaciones!$A:$A,I8,Combinaciones!$B:$B,J8,Combinaciones!$F:$F,N8)*L8 -> 202690080 | AW8: =IF(COUNTIFS($D$2:$D8,$D8)=1,SUMIFS(AV:AV,$D:$D,$D8),0) -> 202690080 | AX8: 0 | AY8: Descripción otros conceptos | AZ8: 10 | BA8: =+IF(I8="HOGAR INFANTIL – INSTITUCIONAL",AZ8*(1750905*0.03)*N8,0) -> 1575814.5 | BB8: 0 | BC8: =IFERROR(AV8+AX8-BB8+BA8,0) -> 2.0426589e+08 | BD8: =IF(COUNTIFS($D$2:$D8,$D8)=1,SUMIFS(BC:BC,$D:$D,$D8),0) -> 2.0426589e+08 | BE8: 0 | BF8: =IFERROR(BE8*BD8,"") -> 0 | BG8: =IF(COUNTIFS($D$2:$D8,$D8)=1,SUMIFS(BF:BF,$D:$D,$D8),0) -> 0 | BH8: =IF(BD8<>"",BD8+BG8,"") -> 2.0426589e+08 | BI8: =IFERROR(BH8/SAL_2026,"") -> 116.66304 | BJ8: =X8+AK8-AJ8+BC8 -> 2.0426589e+08 | BK8: =SUMIF($D:$D,$D:$D,$BJ:$BJ) -> 2.0426589e+08 | BL8: =IF(COUNTIF($D$3:D8,D8)=1,BK8,"") -> 2.0426589e+08 | BM8: =+IFERROR(AC8+BF8+AM8-AL8,0) -> 0 | BN8: =+IFERROR(Y8+AE8+AK8-AJ8+AM8-AL8+BD8+BF8+AD8,0) -> 2.0426589e+08 | BO8: =IF(AI8<>"",AI8/2,"") -> 0 | BP8: =+AQ8+BI8 -> 116.66304 | BQ8: =IF(A8="SI","",IF(BO8-BP8<0,0,BO8-BP8)) | BR8: =IFERROR(BQ8*SAL_2026,"") | BS8: =+(AI8+BP8) -> 116.66304 | BT8: =IF(BS8="","",IF(SUMIFS(BS:BS,R:R,R8)>5000,"ALERTA MAYOR QUE 5.000",""))
A9: SI | B9: 1832 | C9: SANTANDER | D9: 68008632025 | E9: =IF($A9="SI","",$D9) | G9: CZ SAN GIL | H9: San Gil | I9: HOGAR INFANTIL – INSTITUCIONAL | J9: OPERADOR COMPONENTE PEDAGOGICO CON ALIMENTOS | K9: 1 | L9: =SUMIFS( zonificación!$AA:$AA, zonificación!$A:$A,B9, zonificación!$K:$K, G9, zonificación!$I:$I,H9, zonificación!$W:$W, I9) -> 185 | M9: =IF(COUNTIFS($D$2:$D9,D9)=1,SUMIFS($L:$L,D:D,D9),0) -> 185 | N9: 3 | O9: =IF(COUNTIFS($D$2:$D9,D9)=1,SUMIFS($K:$K,D:D,D9),0) -> 1 | P9: =IF(COUNTIFS($D$2:$D9,D9)=1,SUMIFS($M:$M,D:D,D9),0) -> 185 | Q9: Articulo 35 invitación cerrada – literal m | R9: 890212037 | S9: =IF($A9="SI","",$R9) | T9: ASOCIACIÓN DE PADRES DE FAMILIA HOGAR INFANTIL DUMBO | U9: =IF($A9="SI","",$T9) | V9: Institucional | W9: 46326 | X9: 0 | Y9: =IF(COUNTIFS($D$2:$D9,$D9)=1,SUMIFS(X:X,$D:$D,$D9),0) -> 0 | Z9: 0 | AA9: Descripción otros conceptos | AB9: 0 | AC9: =IF(COUNTIFS($D$2:$D9,$D9)=1,SUMIFS(AB:AB,$D:$D,$D9),0) -> 0 | AD9: =IF(COUNTIFS($D$2:$D9,$D9)=1,SUMIFS(Z:Z,$D:$D,$D9),0) -> 0 | AE9: =SUM(AC9:AD9) -> 0 | AF9: =+X9+AE9 -> 0 | AG9: =IF(COUNTIFS($D$2:$D9,$D9)=1,SUMIFS(AF:AF,$D:$D,$D9),0) -> 0 | AH9: =IF(E9="",2026,VALUE(RIGHT(E9,4))) -> 2026 | AI9: =AG9/VLOOKUP(AH9,SALARIOS!$A$1:$B$4,2,0) -> 0 | AJ9: 0 | AK9: 0 | AL9: 0 | AM9: 0 | AN9: =+AJ9+AL9 -> 0 | AO9: =+AK9+AM9 -> 0 | AP9: =((AK9-AJ9)/SAL_2026)+((AM9-AL9)/SAL_2026) -> 0 | AQ9: =VALUE(IF(COUNTIFS($D$2:$D9,$D9)=1,MAX(0,SUMIFS(AP:AP,$D:$D,$D9)),0)) -> 0 | AR9: =$AO9-$AN9 -> 0 | AS9: =IF(COUNTIFS($D$2:$D9,$D9)=1,SUMIFS(AR:AR,$D:$D,$D9),0) -> 0 | AT9: =IF(AS9="",AG9,AG9+AS9) -> 0 | AU9: =+AT9 -> 0 | AV9: =SUMIFS(Combinaciones!$K:$K,Combinaciones!$A:$A,I9,Combinaciones!$B:$B,J9,Combinaciones!$F:$F,N9)*L9 -> 312480540 | AW9: =IF(COUNTIFS($D$2:$D9,$D9)=1,SUMIFS(AV:AV,$D:$D,$D9),0) -> 312480540 | AX9: 0 | AY9: Descripción otros conceptos | AZ9: 3 | BA9: =+IF(I9="HOGAR INFANTIL – INSTITUCIONAL",AZ9*(1750905*0.03)*N9,0) -> 472744.35 | BB9: 0 | BC9: =IFERROR(AV9+AX9-BB9+BA9,0) -> 3.1295328e+08 | BD9: =IF(COUNTIFS($D$2:$D9,$D9)=1,SUMIFS(BC:BC,$D:$D,$D9),0) -> 3.1295328e+08 | BE9: 0 | BF9: =IFERROR(BE9*BD9,"") -> 0 | BG9: =IF(COUNTIFS($D$2:$D9,$D9)=1,SUMIFS(BF:BF,$D:$D,$D9),0) -> 0 | BH9: =IF(BD9<>"",BD9+BG9,"") -> 3.1295328e+08 | BI9: =IFERROR(BH9/SAL_2026,"") -> 178.73802 | BJ9: =X9+AK9-AJ9+BC9 -> 3.1295328e+08 | BK9: =SUMIF($D:$D,$D:$D,$BJ:$BJ) -> 3.1295328e+08 | BL9: =IF(COUNTIF($D$3:D9,D9)=1,BK9,"") -> 3.1295328e+08 | BM9: =+IFERROR(AC9+BF9+AM9-AL9,0) -> 0 | BN9: =+IFERROR(Y9+AE9+AK9-AJ9+AM9-AL9+BD9+BF9+AD9,0) -> 3.1295328e+08 | BO9: =IF(AI9<>"",AI9/2,"") -> 0 | BP9: =+AQ9+BI9 -> 178.73802 | BQ9: =IF(A9="SI","",IF(BO9-BP9<0,0,BO9-BP9)) | BR9: =IFERROR(BQ9*SAL_2026,"") | BS9: =+(AI9+BP9) -> 178.73802 | BT9: =IF(BS9="","",IF(SUMIFS(BS:BS,R:R,R9)>5000,"ALERTA MAYOR QUE 5.000",""))
A10: SI | B10: 1833 | C10: SANTANDER | D10: 68008642025 | E10: =IF($A10="SI","",$D10) | G10: CZ CARLOS LLERAS RESTREPO | H10: Bucaramanga | I10: CENTRO DE DESARROLLO INFANTIL - SIN ARRIENDO - INSTITUCIONAL | J10: OPERADOR COMPONENTE PEDAGOGICO CON ALIMENTOS | K10: 1 | L10: =SUMIFS( zonificación!$AA:$AA, zonificación!$A:$A,B10, zonificación!$K:$K, G10, zonificación!$I:$I,H10, zonificación!$W:$W, I10) -> 164 | M10: =IF(COUNTIFS($D$2:$D10,D10)=1,SUMIFS($L:$L,D:D,D10),0) -> 164 | N10: 3 | O10: =IF(COUNTIFS($D$2:$D10,D10)=1,SUMIFS($K:$K,D:D,D10),0) -> 1 | P10: =IF(COUNTIFS($D$2:$D10,D10)=1,SUMIFS($M:$M,D:D,D10),0) -> 164 | Q10: Articulo 35 invitación cerrada – literal m | R10: 890201334 | S10: =IF($A10="SI","",$R10) | T10: HERMANAS DE LA CARIDAD DOMINICAS DE LA PRESENTACION DE LA SANTISIMA VIRGEN | U10: =IF($A10="SI","",$T10) | V10: Institucional | W10: 46326 | X10: 0 | Y10: =IF(COUNTIFS($D$2:$D10,$D10)=1,SUMIFS(X:X,$D:$D,$D10),0) -> 0 | Z10: 0 | AA10: Descripción otros conceptos | AB10: 0 | AC10: =IF(COUNTIFS($D$2:$D10,$D10)=1,SUMIFS(AB:AB,$D:$D,$D10),0) -> 0 | AD10: =IF(COUNTIFS($D$2:$D10,$D10)=1,SUMIFS(Z:Z,$D:$D,$D10),0) -> 0 | AE10: =SUM(AC10:AD10) -> 0 | AF10: =+X10+AE10 -> 0 | AG10: =IF(COUNTIFS($D$2:$D10,$D10)=1,SUMIFS(AF:AF,$D:$D,$D10),0) -> 0 | AH10: =IF(E10="",2026,VALUE(RIGHT(E10,4))) -> 2026 | AI10: =AG10/VLOOKUP(AH10,SALARIOS!$A$1:$B$4,2,0) -> 0 | AJ10: 0 | AK10: 0 | AL10: 0 | AM10: 0 | AN10: =+AJ10+AL10 -> 0 | AO10: =+AK10+AM10 -> 0 | AP10: =((AK10-AJ10)/SAL_2026)+((AM10-AL10)/SAL_2026) -> 0 | AQ10: =VALUE(IF(COUNTIFS($D$2:$D10,$D10)=1,MAX(0,SUMIFS(AP:AP,$D:$D,$D10)),0)) -> 0 | AR10: =$AO10-$AN10 -> 0 | AS10: =IF(COUNTIFS($D$2:$D10,$D10)=1,SUMIFS(AR:AR,$D:$D,$D10),0) -> 0 | AT10: =IF(AS10="",AG10,AG10+AS10) -> 0 | AU10: =+AT10 -> 0 | AV10: =SUMIFS(Combinaciones!$K:$K,Combinaciones!$A:$A,I10,Combinaciones!$B:$B,J10,Combinaciones!$F:$F,N10)*L10 -> 277009776 | AW10: =IF(COUNTIFS($D$2:$D10,$D10)=1,SUMIFS(AV:AV,$D:$D,$D10),0) -> 277009776 | AX10: 0 | AY10: Descripción otros conceptos | BA10: =+IF(I10="HOGAR INFANTIL – INSTITUCIONAL",AZ10*(1750905*0.03)*N10,0) -> 0 | BB10: 0 | BC10: =IFERROR(AV10+AX10-BB10+BA10,0) -> 277009776 | BD10: =IF(COUNTIFS($D$2:$D10,$D10)=1,SUMIFS(BC:BC,$D:$D,$D10),0) -> 277009776 | BE10: 0.02 | BF10: =IFERROR(BE10*BD10,"") -> 5540195.5 | BG10: =IF(COUNTIFS($D$2:$D10,$D10)=1,SUMIFS(BF:BF,$D:$D,$D10),0) -> 5540195.5 | BH10: =IF(BD10<>"",BD10+BG10,"") -> 2.8254997e+08 | BI10: =IFERROR(BH10/SAL_2026,"") -> 161.37367 | BJ10: =X10+AK10-AJ10+BC10 -> 277009776 | BK10: =SUMIF($D:$D,$D:$D,$BJ:$BJ) -> 277009776 | BL10: =IF(COUNTIF($D$3:D10,D10)=1,BK10,"") -> 277009776 | BM10: =+IFERROR(AC10+BF10+AM10-AL10,0) -> 5540195.5 | BN10: =+IFERROR(Y10+AE10+AK10-AJ10+AM10-AL10+BD10+BF10+AD10,0) -> 2.8254997e+08 | BO10: =IF(AI10<>"",AI10/2,"") -> 0 | BP10: =+AQ10+BI10 -> 161.37367 | BQ10: =IF(A10="SI","",IF(BO10-BP10<0,0,BO10-BP10)) | BR10: =IFERROR(BQ10*SAL_2026,"") | BS10: =+(AI10+BP10) -> 161.37367 | BT10: =IF(BS10="","",IF(SUMIFS(BS:BS,R:R,R10)>5000,"ALERTA MAYOR QUE 5.000",""))
A11: SI | B11: 1834 | C11: SANTANDER | D11: 68008682025 | E11: =IF($A11="SI","",$D11) | G11: CZ CARLOS LLERAS RESTREPO | H11: Bucaramanga | I11: CENTRO DE DESARROLLO INFANTIL - SIN ARRIENDO - INSTITUCIONAL | J11: OPERADOR COMPONENTE PEDAGOGICO CON ALIMENTOS | K11: 1 | L11: =SUMIFS( zonificación!$AA:$AA, zonificación!$A:$A,B11, zonificación!$K:$K, G11, zonificación!$I:$I,H11, zonificación!$W:$W, I11) -> 167 | M11: =IF(COUNTIFS($D$2:$D11,D11)=1,SUMIFS($L:$L,D:D,D11),0) -> 167 | N11: 3 | O11: =IF(COUNTIFS($D$2:$D11,D11)=1,SUMIFS($K:$K,D:D,D11),0) -> 1 | P11: =IF(COUNTIFS($D$2:$D11,D11)=1,SUMIFS($M:$M,D:D,D11),0) -> 167 | Q11: Articulo 35 invitación cerrada – literal m | R11: 800048777 | S11: =IF($A11="SI","",$R11) | T11: FUNDACION ROMELIO | U11: =IF($A11="SI","",$T11) | V11: Institucional | W11: 46326 | X11: 0 | Y11: =IF(COUNTIFS($D$2:$D11,$D11)=1,SUMIFS(X:X,$D:$D,$D11),0) -> 0 | Z11: 0 | AA11: Descripción otros conceptos | AB11: 0 | AC11: =IF(COUNTIFS($D$2:$D11,$D11)=1,SUMIFS(AB:AB,$D:$D,$D11),0) -> 0 | AD11: =IF(COUNTIFS($D$2:$D11,$D11)=1,SUMIFS(Z:Z,$D:$D,$D11),0) -> 0 | AE11: =SUM(AC11:AD11) -> 0 | AF11: =+X11+AE11 -> 0 | AG11: =IF(COUNTIFS($D$2:$D11,$D11)=1,SUMIFS(AF:AF,$D:$D,$D11),0) -> 0 | AH11: =IF(E11="",2026,VALUE(RIGHT(E11,4))) -> 2026 | AI11: =AG11/VLOOKUP(AH11,SALARIOS!$A$1:$B$4,2,0) -> 0 | AJ11: 0 | AK11: 0 | AL11: 0 | AM11: 0 | AN11: =+AJ11+AL11 -> 0 | AO11: =+AK11+AM11 -> 0 | AP11: =((AK11-AJ11)/SAL_2026)+((AM11-AL11)/SAL_2026) -> 0 | AQ11: =VALUE(IF(COUNTIFS($D$2:$D11,$D11)=1,MAX(0,SUMIFS(AP:AP,$D:$D,$D11)),0)) -> 0 | AR11: =$AO11-$AN11 -> 0 | AS11: =IF(COUNTIFS($D$2:$D11,$D11)=1,SUMIFS(AR:AR,$D:$D,$D11),0) -> 0 | AT11: =IF(AS11="",AG11,AG11+AS11) -> 0 | AU11: =+AT11 -> 0 | AV11: =SUMIFS(Combinaciones!$K:$K,Combinaciones!$A:$A,I11,Combinaciones!$B:$B,J11,Combinaciones!$F:$F,N11)*L11 -> 282077028 | AW11: =IF(COUNTIFS($D$2:$D11,$D11)=1,SUMIFS(AV:AV,$D:$D,$D11),0) -> 282077028 | AX11: 0 | AY11: Descripción otros conceptos | BA11: =+IF(I11="HOGAR INFANTIL – INSTITUCIONAL",AZ11*(1750905*0.03)*N11,0) -> 0 | BB11: 0 | BC11: =IFERROR(AV11+AX11-BB11+BA11,0) -> 282077028 | BD11: =IF(COUNTIFS($D$2:$D11,$D11)=1,SUMIFS(BC:BC,$D:$D,$D11),0) -> 282077028 | BE11: 0.02 | BF11: =IFERROR(BE11*BD11,"") -> 5641540.6 | BG11: =IF(COUNTIFS($D$2:$D11,$D11)=1,SUMIFS(BF:BF,$D:$D,$D11),0) -> 5641540.6 | BH11: =IF(BD11<>"",BD11+BG11,"") -> 2.8771857e+08 | BI11: =IFERROR(BH11/SAL_2026,"") -> 164.32563 | BJ11: =X11+AK11-AJ11+BC11 -> 282077028 | BK11: =SUMIF($D:$D,$D:$D,$BJ:$BJ) -> 282077028 | BL11: =IF(COUNTIF($D$3:D11,D11)=1,BK11,"") -> 282077028 | BM11: =+IFERROR(AC11+BF11+AM11-AL11,0) -> 5641540.6 | BN11: =+IFERROR(Y11+AE11+AK11-AJ11+AM11-AL11+BD11+BF11+AD11,0) -> 2.8771857e+08 | BO11: =IF(AI11<>"",AI11/2,"") -> 0 | BP11: =+AQ11+BI11 -> 164.32563 | BQ11: =IF(A11="SI","",IF(BO11-BP11<0,0,BO11-BP11)) | BR11: =IFERROR(BQ11*SAL_2026,"") | BS11: =+(AI11+BP11) -> 164.32563 | BT11: =IF(BS11="","",IF(SUMIFS(BS:BS,R:R,R11)>5000,"ALERTA MAYOR QUE 5.000",""))
A12: SI | B12: 1835 | C12: SANTANDER | D12: 68008832025 | E12: =IF($A12="SI","",$D12) | G12: CZ BUCARAMANGA SUR | H12: Zapatoca | I12: CENTRO DE DESARROLLO INFANTIL - SIN ARRIENDO - INSTITUCIONAL | J12: OPERADOR COMPONENTE PEDAGOGICO CON ALIMENTOS | K12: 1 | L12: =SUMIFS( zonificación!$AA:$AA, zonificación!$A:$A,B12, zonificación!$K:$K, G12, zonificación!$I:$I,H12, zonificación!$W:$W, I12) -> 101 | M12: =IF(COUNTIFS($D$2:$D12,D12)=1,SUMIFS($L:$L,D:D,D12),0) -> 101 | N12: 3 | O12: =IF(COUNTIFS($D$2:$D12,D12)=1,SUMIFS($K:$K,D:D,D12),0) -> 1 | P12: =IF(COUNTIFS($D$2:$D12,D12)=1,SUMIFS($M:$M,D:D,D12),0) -> 101 | Q12: Articulo 35 invitación cerrada – literal m | R12: 890204066 | S12: =IF($A12="SI","",$R12) | T12: ASOCIACION SAN VICENTICO DE ZAPATOCA | U12: =IF($A12="SI","",$T12) | V12: Institucional | W12: 46326 | X12: 0 | Y12: =IF(COUNTIFS($D$2:$D12,$D12)=1,SUMIFS(X:X,$D:$D,$D12),0) -> 0 | Z12: 0 | AA12: Descripción otros conceptos | AB12: 0 | AC12: =IF(COUNTIFS($D$2:$D12,$D12)=1,SUMIFS(AB:AB,$D:$D,$D12),0) -> 0 | AD12: =IF(COUNTIFS($D$2:$D12,$D12)=1,SUMIFS(Z:Z,$D:$D,$D12),0) -> 0 | AE12: =SUM(AC12:AD12) -> 0 | AF12: =+X12+AE12 -> 0 | AG12: =IF(COUNTIFS($D$2:$D12,$D12)=1,SUMIFS(AF:AF,$D:$D,$D12),0) -> 0 | AH12: =IF(E12="",2026,VALUE(RIGHT(E12,4))) -> 2026 | AI12: =AG12/VLOOKUP(AH12,SALARIOS!$A$1:$B$4,2,0) -> 0 | AJ12: 0 | AK12: 0 | AL12: 0 | AM12: 0 | AN12: =+AJ12+AL12 -> 0 | AO12: =+AK12+AM12 -> 0 | AP12: =((AK12-AJ12)/SAL_2026)+((AM12-AL12)/SAL_2026) -> 0 | AQ12: =VALUE(IF(COUNTIFS($D$2:$D12,$D12)=1,MAX(0,SUMIFS(AP:AP,$D:$D,$D12)),0)) -> 0 | AR12: =$AO12-$AN12 -> 0 | AS12: =IF(COUNTIFS($D$2:$D12,$D12)=1,SUMIFS(AR:AR,$D:$D,$D12),0) -> 0 | AT12: =IF(AS12="",AG12,AG12+AS12) -> 0 | AU12: =+AT12 -> 0 | AV12: =SUMIFS(Combinaciones!$K:$K,Combinaciones!$A:$A,I12,Combinaciones!$B:$B,J12,Combinaciones!$F:$F,N12)*L12 -> 170597484 | AW12: =IF(COUNTIFS($D$2:$D12,$D12)=1,SUMIFS(AV:AV,$D:$D,$D12),0) -> 170597484 | AX12: 0 | AY12: Descripción otros conceptos | BA12: =+IF(I12="HOGAR INFANTIL – INSTITUCIONAL",AZ12*(1750905*0.03)*N12,0) -> 0 | BB12: 0 | BC12: =IFERROR(AV12+AX12-BB12+BA12,0) -> 170597484 | BD12: =IF(COUNTIFS($D$2:$D12,$D12)=1,SUMIFS(BC:BC,$D:$D,$D12),0) -> 170597484 | BE12: 0.02 | BF12: =IFERROR(BE12*BD12,"") -> 3411949.7 | BG12: =IF(COUNTIFS($D$2:$D12,$D12)=1,SUMIFS(BF:BF,$D:$D,$D12),0) -> 3411949.7 | BH12: =IF(BD12<>"",BD12+BG12,"") -> 1.7400943e+08 | BI12: =IFERROR(BH12/SAL_2026,"") -> 99.382567 | BJ12: =X12+AK12-AJ12+BC12 -> 170597484 | BK12: =SUMIF($D:$D,$D:$D,$BJ:$BJ) -> 170597484 | BL12: =IF(COUNTIF($D$3:D12,D12)=1,BK12,"") -> 170597484 | BM12: =+IFERROR(AC12+BF12+AM12-AL12,0) -> 3411949.7 | BN12: =+IFERROR(Y12+AE12+AK12-AJ12+AM12-AL12+BD12+BF12+AD12,0) -> 1.7400943e+08 | BO12: =IF(AI12<>"",AI12/2,"") -> 0 | BP12: =+AQ12+BI12 -> 99.382567 | BQ12: =IF(A12="SI","",IF(BO12-BP12<0,0,BO12-BP12)) | BR12: =IFERROR(BQ12*SAL_2026,"") | BS12: =+(AI12+BP12) -> 99.382567 | BT12: =IF(BS12="","",IF(SUMIFS(BS:BS,R:R,R12)>5000,"ALERTA MAYOR QUE 5.000",""))
A13: SI | B13: 1836 | C13: SANTANDER | D13: 68008672025 | E13: =IF($A13="SI","",$D13) | G13: CZ CARLOS LLERAS RESTREPO | H13: Bucaramanga | I13: HOGAR INFANTIL – INSTITUCIONAL | J13: OPERADOR COMPONENTE PEDAGOGICO CON ALIMENTOS | K13: 1 | L13: =SUMIFS( zonificación!$AA:$AA, zonificación!$A:$A,B13, zonificación!$K:$K, G13, zonificación!$I:$I,H13, zonificación!$W:$W, I13) -> 110 | M13: =IF(COUNTIFS($D$2:$D13,D13)=1,SUMIFS($L:$L,D:D,D13),0) -> 110 | N13: 3 | O13: =IF(COUNTIFS($D$2:$D13,D13)=1,SUMIFS($K:$K,D:D,D13),0) -> 1 | P13: =IF(COUNTIFS($D$2:$D13,D13)=1,SUMIFS($M:$M,D:D,D13),0) -> 110 | Q13: Articulo 35 invitación cerrada – literal m | R13: 890205135 | S13: =IF($A13="SI","",$R13) | T13: ASOCIACION DE PADRES DE FAMILIA HOGAR INANTIL ACOMUNAL ZONA 4 | U13: =IF($A13="SI","",$T13) | V13: Institucional | W13: 46326 | X13: 0 | Y13: =IF(COUNTIFS($D$2:$D13,$D13)=1,SUMIFS(X:X,$D:$D,$D13),0) -> 0 | Z13: 0 | AA13: Descripción otros conceptos | AB13: 0 | AC13: =IF(COUNTIFS($D$2:$D13,$D13)=1,SUMIFS(AB:AB,$D:$D,$D13),0) -> 0 | AD13: =IF(COUNTIFS($D$2:$D13,$D13)=1,SUMIFS(Z:Z,$D:$D,$D13),0) -> 0 | AE13: =SUM(AC13:AD13) -> 0 | AF13: =+X13+AE13 -> 0 | AG13: =IF(COUNTIFS($D$2:$D13,$D13)=1,SUMIFS(AF:AF,$D:$D,$D13),0) -> 0 | AH13: =IF(E13="",2026,VALUE(RIGHT(E13,4))) -> 2026 | AI13: =AG13/VLOOKUP(AH13,SALARIOS!$A$1:$B$4,2,0) -> 0 | AJ13: 0 | AK13: 0 | AL13: 0 | AM13: 0 | AN13: =+AJ13+AL13 -> 0 | AO13: =+AK13+AM13 -> 0 | AP13: =((AK13-AJ13)/SAL_2026)+((AM13-AL13)/SAL_2026) -> 0 | AQ13: =VALUE(IF(COUNTIFS($D$2:$D13,$D13)=1,MAX(0,SUMIFS(AP:AP,$D:$D,$D13)),0)) -> 0 | AR13: =$AO13-$AN13 -> 0 | AS13: =IF(COUNTIFS($D$2:$D13,$D13)=1,SUMIFS(AR:AR,$D:$D,$D13),0) -> 0 | AT13: =IF(AS13="",AG13,AG13+AS13) -> 0 | AU13: =+AT13 -> 0 | AV13: =SUMIFS(Combinaciones!$K:$K,Combinaciones!$A:$A,I13,Combinaciones!$B:$B,J13,Combinaciones!$F:$F,N13)*L13 -> 185799240 | AW13: =IF(COUNTIFS($D$2:$D13,$D13)=1,SUMIFS(AV:AV,$D:$D,$D13),0) -> 185799240 | AX13: 0 | AY13: Descripción otros conceptos | AZ13: 1 | BA13: =+IF(I13="HOGAR INFANTIL – INSTITUCIONAL",AZ13*(1750905*0.03)*N13,0) -> 157581.45 | BB13: 0 | BC13: =IFERROR(AV13+AX13-BB13+BA13,0) -> 1.8595682e+08 | BD13: =IF(COUNTIFS($D$2:$D13,$D13)=1,SUMIFS(BC:BC,$D:$D,$D13),0) -> 1.8595682e+08 | BE13: 0 | BF13: =IFERROR(BE13*BD13,"") -> 0 | BG13: =IF(COUNTIFS($D$2:$D13,$D13)=1,SUMIFS(BF:BF,$D:$D,$D13),0) -> 0 | BH13: =IF(BD13<>"",BD13+BG13,"") -> 1.8595682e+08 | BI13: =IFERROR(BH13/SAL_2026,"") -> 106.20612 | BJ13: =X13+AK13-AJ13+BC13 -> 1.8595682e+08 | BK13: =SUMIF($D:$D,$D:$D,$BJ:$BJ) -> 1.8595682e+08 | BL13: =IF(COUNTIF($D$3:D13,D13)=1,BK13,"") -> 1.8595682e+08 | BM13: =+IFERROR(AC13+BF13+AM13-AL13,0) -> 0 | BN13: =+IFERROR(Y13+AE13+AK13-AJ13+AM13-AL13+BD13+BF13+AD13,0) -> 1.8595682e+08 | BO13: =IF(AI13<>"",AI13/2,"") -> 0 | BP13: =+AQ13+BI13 -> 106.20612 | BQ13: =IF(A13="SI","",IF(BO13-BP13<0,0,BO13-BP13)) | BR13: =IFERROR(BQ13*SAL_2026,"") | BS13: =+(AI13+BP13) -> 106.20612 | BT13: =IF(BS13="","",IF(SUMIFS(BS:BS,R:R,R13)>5000,"ALERTA MAYOR QUE 5.000",""))
A14: SI | B14: 1837 | C14: SANTANDER | D14: 68008692025 | E14: =IF($A14="SI","",$D14) | G14: CZ CARLOS LLERAS RESTREPO | H14: Bucaramanga | I14: HOGAR INFANTIL – INSTITUCIONAL | J14: OPERADOR COMPONENTE PEDAGOGICO CON ALIMENTOS | K14: 1 | L14: =SUMIFS( zonificación!$AA:$AA, zonificación!$A:$A,B14, zonificación!$K:$K, G14, zonificación!$I:$I,H14, zonificación!$W:$W, I14) -> 104 | M14: =IF(COUNTIFS($D$2:$D14,D14)=1,SUMIFS($L:$L,D:D,D14),0) -> 104 | N14: 3 | O14: =IF(COUNTIFS($D$2:$D14,D14)=1,SUMIFS($K:$K,D:D,D14),0) -> 1 | P14: =IF(COUNTIFS($D$2:$D14,D14)=1,SUMIFS($M:$M,D:D,D14),0) -> 104 | Q14: Articulo 35 invitación cerrada – literal m | R14: 890208122 | S14: =IF($A14="SI","",$R14) | T14: ASOCIACION DE PADRES DE FAMILIA HOGAR INFANTIL EL TRENCITO | U14: =IF($A14="SI","",$T14) | V14: Institucional | W14: 46326 | X14: 0 | Y14: =IF(COUNTIFS($D$2:$D14,$D14)=1,SUMIFS(X:X,$D:$D,$D14),0) -> 0 | Z14: 0 | AA14: Descripción otros conceptos | AB14: 0 | AC14: =IF(COUNTIFS($D$2:$D14,$D14)=1,SUMIFS(AB:AB,$D:$D,$D14),0) -> 0 | AD14: =IF(COUNTIFS($D$2:$D14,$D14)=1,SUMIFS(Z:Z,$D:$D,$D14),0) -> 0 | AE14: =SUM(AC14:AD14) -> 0 | AF14: =+X14+AE14 -> 0 | AG14: =IF(COUNTIFS($D$2:$D14,$D14)=1,SUMIFS(AF:AF,$D:$D,$D14),0) -> 0 | AH14: =IF(E14="",2026,VALUE(RIGHT(E14,4))) -> 2026 | AI14: =AG14/VLOOKUP(AH14,SALARIOS!$A$1:$B$4,2,0) -> 0 | AJ14: 0 | AK14: 0 | AL14: 0 | AM14: 0 | AN14: =+AJ14+AL14 -> 0 | AO14: =+AK14+AM14 -> 0 | AP14: =((AK14-AJ14)/SAL_2026)+((AM14-AL14)/SAL_2026) -> 0 | AQ14: =VALUE(IF(COUNTIFS($D$2:$D14,$D14)=1,MAX(0,SUMIFS(AP:AP,$D:$D,$D14)),0)) -> 0 | AR14: =$AO14-$AN14 -> 0 | AS14: =IF(COUNTIFS($D$2:$D14,$D14)=1,SUMIFS(AR:AR,$D:$D,$D14),0) -> 0 | AT14: =IF(AS14="",AG14,AG14+AS14) -> 0 | AU14: =+AT14 -> 0 | AV14: =SUMIFS(Combinaciones!$K:$K,Combinaciones!$A:$A,I14,Combinaciones!$B:$B,J14,Combinaciones!$F:$F,N14)*L14 -> 175664736 | AW14: =IF(COUNTIFS($D$2:$D14,$D14)=1,SUMIFS(AV:AV,$D:$D,$D14),0) -> 175664736 | AX14: 0 | AY14: Descripción otros conceptos | AZ14: 3 | BA14: =+IF(I14="HOGAR INFANTIL – INSTITUCIONAL",AZ14*(1750905*0.03)*N14,0) -> 472744.35 | BB14: 0 | BC14: =IFERROR(AV14+AX14-BB14+BA14,0) -> 1.7613748e+08 | BD14: =IF(COUNTIFS($D$2:$D14,$D14)=1,SUMIFS(BC:BC,$D:$D,$D14),0) -> 1.7613748e+08 | BE14: 0 | BF14: =IFERROR(BE14*BD14,"") -> 0 | BG14: =IF(COUNTIFS($D$2:$D14,$D14)=1,SUMIFS(BF:BF,$D:$D,$D14),0) -> 0 | BH14: =IF(BD14<>"",BD14+BG14,"") -> 1.7613748e+08 | BI14: =IFERROR(BH14/SAL_2026,"") -> 100.59797 | BJ14: =X14+AK14-AJ14+BC14 -> 1.7613748e+08 | BK14: =SUMIF($D:$D,$D:$D,$BJ:$BJ) -> 1.7613748e+08 | BL14: =IF(COUNTIF($D$3:D14,D14)=1,BK14,"") -> 1.7613748e+08 | BM14: =+IFERROR(AC14+BF14+AM14-AL14,0) -> 0 | BN14: =+IFERROR(Y14+AE14+AK14-AJ14+AM14-AL14+BD14+BF14+AD14,0) -> 1.7613748e+08 | BO14: =IF(AI14<>"",AI14/2,"") -> 0 | BP14: =+AQ14+BI14 -> 100.59797 | BQ14: =IF(A14="SI","",IF(BO14-BP14<0,0,BO14-BP14)) | BR14: =IFERROR(BQ14*SAL_2026,"") | BS14: =+(AI14+BP14) -> 100.59797 | BT14: =IF(BS14="","",IF(SUMIFS(BS:BS,R:R,R14)>5000,"ALERTA MAYOR QUE 5.000",""))
A15: SI | B15: 1838 | C15: SANTANDER | D15: 68008702025 | E15: =IF($A15="SI","",$D15) | G15: CZ CARLOS LLERAS RESTREPO | H15: Bucaramanga | I15: HOGAR INFANTIL – INSTITUCIONAL | J15: OPERADOR COMPONENTE PEDAGOGICO CON ALIMENTOS | K15: 3 | L15: =SUMIFS( zonificación!$AA:$AA, zonificación!$A:$A,B15, zonificación!$K:$K, G15, zonificación!$I:$I,H15, zonificación!$W:$W, I15) -> 333 | M15: =IF(COUNTIFS($D$2:$D15,D15)=1,SUMIFS($L:$L,D:D,D15),0) -> 333 | N15: 3 | O15: =IF(COUNTIFS($D$2:$D15,D15)=1,SUMIFS($K:$K,D:D,D15),0) -> 3 | P15: =IF(COUNTIFS($D$2:$D15,D15)=1,SUMIFS($M:$M,D:D,D15),0) -> 333 | Q15: Articulo 35 invitación cerrada – literal m | R15: 890207407 | S15: =IF($A15="SI","",$R15) | T15: ASOCIACIÓN DE PADRES DE FAMILIA DEL HOGAR INFANTIL BAMBI | U15: =IF($A15="SI","",$T15) | V15: Institucional | W15: 46326 | X15: 0 | Y15: =IF(COUNTIFS($D$2:$D15,$D15)=1,SUMIFS(X:X,$D:$D,$D15),0) -> 0 | Z15: 0 | AA15: Descripción otros conceptos | AB15: 0 | AC15: =IF(COUNTIFS($D$2:$D15,$D15)=1,SUMIFS(AB:AB,$D:$D,$D15),0) -> 0 | AD15: =IF(COUNTIFS($D$2:$D15,$D15)=1,SUMIFS(Z:Z,$D:$D,$D15),0) -> 0 | AE15: =SUM(AC15:AD15) -> 0 | AF15: =+X15+AE15 -> 0 | AG15: =IF(COUNTIFS($D$2:$D15,$D15)=1,SUMIFS(AF:AF,$D:$D,$D15),0) -> 0 | AH15: =IF(E15="",2026,VALUE(RIGHT(E15,4))) -> 2026 | AI15: =AG15/VLOOKUP(AH15,SALARIOS!$A$1:$B$4,2,0) -> 0 | AJ15: 0 | AK15: 0 | AL15: 0 | AM15: 0 | AN15: =+AJ15+AL15 -> 0 | AO15: =+AK15+AM15 -> 0 | AP15: =((AK15-AJ15)/SAL_2026)+((AM15-AL15)/SAL_2026) -> 0 | AQ15: =VALUE(IF(COUNTIFS($D$2:$D15,$D15)=1,MAX(0,SUMIFS(AP:AP,$D:$D,$D15)),0)) -> 0 | AR15: =$AO15-$AN15 -> 0 | AS15: =IF(COUNTIFS($D$2:$D15,$D15)=1,SUMIFS(AR:AR,$D:$D,$D15),0) -> 0 | AT15: =IF(AS15="",AG15,AG15+AS15) -> 0 | AU15: =+AT15 -> 0 | AV15: =SUMIFS(Combinaciones!$K:$K,Combinaciones!$A:$A,I15,Combinaciones!$B:$B,J15,Combinaciones!$F:$F,N15)*L15 -> 562464972 | AW15: =IF(COUNTIFS($D$2:$D15,$D15)=1,SUMIFS(AV:AV,$D:$D,$D15),0) -> 562464972 | AX15: 0 | AY15: Descripción otros conceptos | AZ15: 8 | BA15: =+IF(I15="HOGAR INFANTIL – INSTITUCIONAL",AZ15*(1750905*0.03)*N15,0) -> 1260651.6 | BB15: 0 | BC15: =IFERROR(AV15+AX15-BB15+BA15,0) -> 5.6372562e+08 | BD15: =IF(COUNTIFS($D$2:$D15,$D15)=1,SUMIFS(BC:BC,$D:$D,$D15),0) -> 5.6372562e+08 | BE15: 0 | BF15: =IFERROR(BE15*BD15,"") -> 0 | BG15: =IF(COUNTIFS($D$2:$D15,$D15)=1,SUMIFS(BF:BF,$D:$D,$D15),0) -> 0 | BH15: =IF(BD15<>"",BD15+BG15,"") -> 5.6372562e+08 | BI15: =IFERROR(BH15/SAL_2026,"") -> 321.96243 | BJ15: =X15+AK15-AJ15+BC15 -> 5.6372562e+08 | BK15: =SUMIF($D:$D,$D:$D,$BJ:$BJ) -> 5.6372562e+08 | BL15: =IF(COUNTIF($D$3:D15,D15)=1,BK15,"") -> 5.6372562e+08 | BM15: =+IFERROR(AC15+BF15+AM15-AL15,0) -> 0 | BN15: =+IFERROR(Y15+AE15+AK15-AJ15+AM15-AL15+BD15+BF15+AD15,0) -> 5.6372562e+08 | BO15: =IF(AI15<>"",AI15/2,"") -> 0 | BP15: =+AQ15+BI15 -> 321.96243 | BQ15: =IF(A15="SI","",IF(BO15-BP15<0,0,BO15-BP15)) | BR15: =IFERROR(BQ15*SAL_2026,"") | BS15: =+(AI15+BP15) -> 321.96243 | BT15: =IF(BS15="","",IF(SUMIFS(BS:BS,R:R,R15)>5000,"ALERTA MAYOR QUE 5.000",""))
A16: SI | B16: 1839 | C16: SANTANDER | D16: 68008362025 | E16: =IF($A16="SI","",$D16) | G16: CZ MALAGA | H16: Capitanejo | I16: HOGAR INFANTIL – INSTITUCIONAL | J16: OPERADOR COMPONENTE PEDAGOGICO CON ALIMENTOS | K16: 1 | L16: =SUMIFS( zonificación!$AA:$AA, zonificación!$A:$A,B16, zonificación!$K:$K, G16, zonificación!$I:$I,H16, zonificación!$W:$W, I16) -> 24 | M16: =IF(COUNTIFS($D$2:$D16,D16)=1,SUMIFS($L:$L,D:D,D16),0) -> 24 | N16: 3 | O16: =IF(COUNTIFS($D$2:$D16,D16)=1,SUMIFS($K:$K,D:D,D16),0) -> 1 | P16: =IF(COUNTIFS($D$2:$D16,D16)=1,SUMIFS($M:$M,D:D,D16),0) -> 24 | Q16: Articulo 35 invitación cerrada – literal m | R16: 804016790 | S16: =IF($A16="SI","",$R16) | T16: ASOCIACION DE PADRES DE FAMILIA Y VECINOS DEL CENTRO | U16: =IF($A16="SI","",$T16) | V16: Institucional | W16: 46326 | X16: 0 | Y16: =IF(COUNTIFS($D$2:$D16,$D16)=1,SUMIFS(X:X,$D:$D,$D16),0) -> 0 | Z16: 0 | AA16: Descripción otros conceptos | AB16: 0 | AC16: =IF(COUNTIFS($D$2:$D16,$D16)=1,SUMIFS(AB:AB,$D:$D,$D16),0) -> 0 | AD16: =IF(COUNTIFS($D$2:$D16,$D16)=1,SUMIFS(Z:Z,$D:$D,$D16),0) -> 0 | AE16: =SUM(AC16:AD16) -> 0 | AF16: =+X16+AE16 -> 0 | AG16: =IF(COUNTIFS($D$2:$D16,$D16)=1,SUMIFS(AF:AF,$D:$D,$D16),0) -> 0 | AH16: =IF(E16="",2026,VALUE(RIGHT(E16,4))) -> 2026 | AI16: =AG16/VLOOKUP(AH16,SALARIOS!$A$1:$B$4,2,0) -> 0 | AJ16: 0 | AK16: 0 | AL16: 0 | AM16: 0 | AN16: =+AJ16+AL16 -> 0 | AO16: =+AK16+AM16 -> 0 | AP16: =((AK16-AJ16)/SAL_2026)+((AM16-AL16)/SAL_2026) -> 0 | AQ16: =VALUE(IF(COUNTIFS($D$2:$D16,$D16)=1,MAX(0,SUMIFS(AP:AP,$D:$D,$D16)),0)) -> 0 | AR16: =$AO16-$AN16 -> 0 | AS16: =IF(COUNTIFS($D$2:$D16,$D16)=1,SUMIFS(AR:AR,$D:$D,$D16),0) -> 0 | AT16: =IF(AS16="",AG16,AG16+AS16) -> 0 | AU16: =+AT16 -> 0 | AV16: =SUMIFS(Combinaciones!$K:$K,Combinaciones!$A:$A,I16,Combinaciones!$B:$B,J16,Combinaciones!$F:$F,N16)*L16 -> 40538016 | AW16: =IF(COUNTIFS($D$2:$D16,$D16)=1,SUMIFS(AV:AV,$D:$D,$D16),0) -> 40538016 | AX16: 0 | AY16: Descripción otros conceptos | AZ16: 1 | BA16: =+IF(I16="HOGAR INFANTIL – INSTITUCIONAL",AZ16*(1750905*0.03)*N16,0) -> 157581.45 | BB16: 0 | BC16: =IFERROR(AV16+AX16-BB16+BA16,0) -> 40695597 | BD16: =IF(COUNTIFS($D$2:$D16,$D16)=1,SUMIFS(BC:BC,$D:$D,$D16),0) -> 40695597 | BE16: 0 | BF16: =IFERROR(BE16*BD16,"") -> 0 | BG16: =IF(COUNTIFS($D$2:$D16,$D16)=1,SUMIFS(BF:BF,$D:$D,$D16),0) -> 0 | BH16: =IF(BD16<>"",BD16+BG16,"") -> 40695597 | BI16: =IFERROR(BH16/SAL_2026,"") -> 23.242607 | BJ16: =X16+AK16-AJ16+BC16 -> 40695597 | BK16: =SUMIF($D:$D,$D:$D,$BJ:$BJ) -> 40695597 | BL16: =IF(COUNTIF($D$3:D16,D16)=1,BK16,"") -> 40695597 | BM16: =+IFERROR(AC16+BF16+AM16-AL16,0) -> 0 | BN16: =+IFERROR(Y16+AE16+AK16-AJ16+AM16-AL16+BD16+BF16+AD16,0) -> 40695597 | BO16: =IF(AI16<>"",AI16/2,"") -> 0 | BP16: =+AQ16+BI16 -> 23.242607 | BQ16: =IF(A16="SI","",IF(BO16-BP16<0,0,BO16-BP16)) | BR16: =IFERROR(BQ16*SAL_2026,"") | BS16: =+(AI16+BP16) -> 23.242607 | BT16: =IF(BS16="","",IF(SUMIFS(BS:BS,R:R,R16)>5000,"ALERTA MAYOR QUE 5.000",""))
A17: SI | B17: 1840 | C17: SANTANDER | D17: 68008492025 | E17: =IF($A17="SI","",$D17) | G17: CZ BUCARAMANGA SUR | H17: Floridablanca | I17: HOGAR INFANTIL – INSTITUCIONAL | J17: OPERADOR COMPONENTE PEDAGOGICO CON ALIMENTOS | K17: 1 | L17: =SUMIFS( zonificación!$AA:$AA, zonificación!$A:$A,B17, zonificación!$K:$K, G17, zonificación!$I:$I,H17, zonificación!$W:$W, I17) -> 130 | M17: =IF(COUNTIFS($D$2:$D17,D17)=1,SUMIFS($L:$L,D:D,D17),0) -> 130 | N17: 3 | O17: =IF(COUNTIFS($D$2:$D17,D17)=1,SUMIFS($K:$K,D:D,D17),0) -> 1 | P17: =IF(COUNTIFS($D$2:$D17,D17)=1,SUMIFS($M:$M,D:D,D17),0) -> 130 | Q17: Articulo 35 invitación cerrada – literal m | R17: 890204995 | S17: =IF($A17="SI","",$R17) | T17: HOGAR INFANTIL CENTRO COMUNITARIO PARA LA INFANCIA LA CUMBRE | U17: =IF($A17="SI","",$T17) | V17: Institucional | W17: 46326 | X17: 0 | Y17: =IF(COUNTIFS($D$2:$D17,$D17)=1,SUMIFS(X:X,$D:$D,$D17),0) -> 0 | Z17: 0 | AA17: Descripción otros conceptos | AB17: 0 | AC17: =IF(COUNTIFS($D$2:$D17,$D17)=1,SUMIFS(AB:AB,$D:$D,$D17),0) -> 0 | AD17: =IF(COUNTIFS($D$2:$D17,$D17)=1,SUMIFS(Z:Z,$D:$D,$D17),0) -> 0 | AE17: =SUM(AC17:AD17) -> 0 | AF17: =+X17+AE17 -> 0 | AG17: =IF(COUNTIFS($D$2:$D17,$D17)=1,SUMIFS(AF:AF,$D:$D,$D17),0) -> 0 | AH17: =IF(E17="",2026,VALUE(RIGHT(E17,4))) -> 2026 | AI17: =AG17/VLOOKUP(AH17,SALARIOS!$A$1:$B$4,2,0) -> 0 | AJ17: 0 | AK17: 0 | AL17: 0 | AM17: 0 | AN17: =+AJ17+AL17 -> 0 | AO17: =+AK17+AM17 -> 0 | AP17: =((AK17-AJ17)/SAL_2026)+((AM17-AL17)/SAL_2026) -> 0 | AQ17: =VALUE(IF(COUNTIFS($D$2:$D17,$D17)=1,MAX(0,SUMIFS(AP:AP,$D:$D,$D17)),0)) -> 0 | AR17: =$AO17-$AN17 -> 0 | AS17: =IF(COUNTIFS($D$2:$D17,$D17)=1,SUMIFS(AR:AR,$D:$D,$D17),0) -> 0 | AT17: =IF(AS17="",AG17,AG17+AS17) -> 0 | AU17: =+AT17 -> 0 | AV17: =SUMIFS(Combinaciones!$K:$K,Combinaciones!$A:$A,I17,Combinaciones!$B:$B,J17,Combinaciones!$F:$F,N17)*L17 -> 219580920 | AW17: =IF(COUNTIFS($D$2:$D17,$D17)=1,SUMIFS(AV:AV,$D:$D,$D17),0) -> 219580920 | AX17: 0 | AY17: Descripción otros conceptos | AZ17: 11 | BA17: =+IF(I17="HOGAR INFANTIL – INSTITUCIONAL",AZ17*(1750905*0.03)*N17,0) -> 1733396 | BB17: 0 | BC17: =IFERROR(AV17+AX17-BB17+BA17,0) -> 2.2131432e+08 | BD17: =IF(COUNTIFS($D$2:$D17,$D17)=1,SUMIFS(BC:BC,$D:$D,$D17),0) -> 2.2131432e+08 | BE17: 0 | BF17: =IFERROR(BE17*BD17,"") -> 0 | BG17: =IF(COUNTIFS($D$2:$D17,$D17)=1,SUMIFS(BF:BF,$D:$D,$D17),0) -> 0 | BH17: =IF(BD17<>"",BD17+BG17,"") -> 2.2131432e+08 | BI17: =IFERROR(BH17/SAL_2026,"") -> 126.39996 | BJ17: =X17+AK17-AJ17+BC17 -> 2.2131432e+08 | BK17: =SUMIF($D:$D,$D:$D,$BJ:$BJ) -> 2.2131432e+08 | BL17: =IF(COUNTIF($D$3:D17,D17)=1,BK17,"") -> 2.2131432e+08 | BM17: =+IFERROR(AC17+BF17+AM17-AL17,0) -> 0 | BN17: =+IFERROR(Y17+AE17+AK17-AJ17+AM17-AL17+BD17+BF17+AD17,0) -> 2.2131432e+08 | BO17: =IF(AI17<>"",AI17/2,"") -> 0 | BP17: =+AQ17+BI17 -> 126.39996 | BQ17: =IF(A17="SI","",IF(BO17-BP17<0,0,BO17-BP17)) | BR17: =IFERROR(BQ17*SAL_2026,"") | BS17: =+(AI17+BP17) -> 126.39996 | BT17: =IF(BS17="","",IF(SUMIFS(BS:BS,R:R,R17)>5000,"ALERTA MAYOR QUE 5.000",""))
A18: SI | B18: 1841 | C18: SANTANDER | D18: 68008512025 | E18: =IF($A18="SI","",$D18) | G18: CZ BUCARAMANGA SUR | H18: Floridablanca | I18: HOGAR INFANTIL – INSTITUCIONAL | J18: OPERADOR COMPONENTE PEDAGOGICO CON ALIMENTOS | K18: 1 | L18: =SUMIFS( zonificación!$AA:$AA, zonificación!$A:$A,B18, zonificación!$K:$K, G18, zonificación!$I:$I,H18, zonificación!$W:$W, I18) -> 100 | M18: =IF(COUNTIFS($D$2:$D18,D18)=1,SUMIFS($L:$L,D:D,D18),0) -> 100 | N18: 3 | O18: =IF(COUNTIFS($D$2:$D18,D18)=1,SUMIFS($K:$K,D:D,D18),0) -> 1 | P18: =IF(COUNTIFS($D$2:$D18,D18)=1,SUMIFS($M:$M,D:D,D18),0) -> 100 | Q18: Articulo 35 invitación cerrada – literal m | R18: 890207427 | S18: =IF($A18="SI","",$R18) | T18: ASOCIACION DE PADRES DE FAMILIA DEL HOGAR INFANTIL PICARDIAS | U18: =IF($A18="SI","",$T18) | V18: Institucional | W18: 46326 | X18: 0 | Y18: =IF(COUNTIFS($D$2:$D18,$D18)=1,SUMIFS(X:X,$D:$D,$D18),0) -> 0 | Z18: 0 | AA18: Descripción otros conceptos | AB18: 0 | AC18: =IF(COUNTIFS($D$2:$D18,$D18)=1,SUMIFS(AB:AB,$D:$D,$D18),0) -> 0 | AD18: =IF(COUNTIFS($D$2:$D18,$D18)=1,SUMIFS(Z:Z,$D:$D,$D18),0) -> 0 | AE18: =SUM(AC18:AD18) -> 0 | AF18: =+X18+AE18 -> 0 | AG18: =IF(COUNTIFS($D$2:$D18,$D18)=1,SUMIFS(AF:AF,$D:$D,$D18),0) -> 0 | AH18: =IF(E18="",2026,VALUE(RIGHT(E18,4))) -> 2026 | AI18: =AG18/VLOOKUP(AH18,SALARIOS!$A$1:$B$4,2,0) -> 0 | AJ18: 0 | AK18: 0 | AL18: 0 | AM18: 0 | AN18: =+AJ18+AL18 -> 0 | AO18: =+AK18+AM18 -> 0 | AP18: =((AK18-AJ18)/SAL_2026)+((AM18-AL18)/SAL_2026) -> 0 | AQ18: =VALUE(IF(COUNTIFS($D$2:$D18,$D18)=1,MAX(0,SUMIFS(AP:AP,$D:$D,$D18)),0)) -> 0 | AR18: =$AO18-$AN18 -> 0 | AS18: =IF(COUNTIFS($D$2:$D18,$D18)=1,SUMIFS(AR:AR,$D:$D,$D18),0) -> 0 | AT18: =IF(AS18="",AG18,AG18+AS18) -> 0 | AU18: =+AT18 -> 0 | AV18: =SUMIFS(Combinaciones!$K:$K,Combinaciones!$A:$A,I18,Combinaciones!$B:$B,J18,Combinaciones!$F:$F,N18)*L18 -> 168908400 | AW18: =IF(COUNTIFS($D$2:$D18,$D18)=1,SUMIFS(AV:AV,$D:$D,$D18),0) -> 168908400 | AX18: 0 | AY18: Descripción otros conceptos | AZ18: 5 | BA18: =+IF(I18="HOGAR INFANTIL – INSTITUCIONAL",AZ18*(1750905*0.03)*N18,0) -> 787907.25 | BB18: 0 | BC18: =IFERROR(AV18+AX18-BB18+BA18,0) -> 1.6969631e+08 | BD18: =IF(COUNTIFS($D$2:$D18,$D18)=1,SUMIFS(BC:BC,$D:$D,$D18),0) -> 1.6969631e+08 | BE18: 0 | BF18: =IFERROR(BE18*BD18,"") -> 0 | BG18: =IF(COUNTIFS($D$2:$D18,$D18)=1,SUMIFS(BF:BF,$D:$D,$D18),0) -> 0 | BH18: =IF(BD18<>"",BD18+BG18,"") -> 1.6969631e+08 | BI18: =IFERROR(BH18/SAL_2026,"") -> 96.919197 | BJ18: =X18+AK18-AJ18+BC18 -> 1.6969631e+08 | BK18: =SUMIF($D:$D,$D:$D,$BJ:$BJ) -> 1.6969631e+08 | BL18: =IF(COUNTIF($D$3:D18,D18)=1,BK18,"") -> 1.6969631e+08 | BM18: =+IFERROR(AC18+BF18+AM18-AL18,0) -> 0 | BN18: =+IFERROR(Y18+AE18+AK18-AJ18+AM18-AL18+BD18+BF18+AD18,0) -> 1.6969631e+08 | BO18: =IF(AI18<>"",AI18/2,"") -> 0 | BP18: =+AQ18+BI18 -> 96.919197 | BQ18: =IF(A18="SI","",IF(BO18-BP18<0,0,BO18-BP18)) | BR18: =IFERROR(BQ18*SAL_2026,"") | BS18: =+(AI18+BP18) -> 96.919197 | BT18: =IF(BS18="","",IF(SUMIFS(BS:BS,R:R,R18)>5000,"ALERTA MAYOR QUE 5.000",""))
A19: SI | B19: 1842 | C19: SANTANDER | D19: 68008522025 | E19: =IF($A19="SI","",$D19) | G19: CZ BUCARAMANGA SUR | H19: Floridablanca | I19: HOGAR INFANTIL – INSTITUCIONAL | J19: OPERADOR COMPONENTE PEDAGOGICO CON ALIMENTOS | K19: 1 | L19: =SUMIFS( zonificación!$AA:$AA, zonificación!$A:$A,B19, zonificación!$K:$K, G19, zonificación!$I:$I,H19, zonificación!$W:$W, I19) -> 130 | M19: =IF(COUNTIFS($D$2:$D19,D19)=1,SUMIFS($L:$L,D:D,D19),0) -> 130 | N19: 3 | O19: =IF(COUNTIFS($D$2:$D19,D19)=1,SUMIFS($K:$K,D:D,D19),0) -> 1 | P19: =IF(COUNTIFS($D$2:$D19,D19)=1,SUMIFS($M:$M,D:D,D19),0) -> 130 | Q19: Articulo 35 invitación cerrada – literal m | R19: 890207418 | S19: =IF($A19="SI","",$R19) | T19: ASOCIACION DE PADRES DE FAMILIA DEL HOGAR INFANTILDINO | U19: =IF($A19="SI","",$T19) | V19: Institucional | W19: 46326 | X19: 0 | Y19: =IF(COUNTIFS($D$2:$D19,$D19)=1,SUMIFS(X:X,$D:$D,$D19),0) -> 0 | Z19: 0 | AA19: Descripción otros conceptos | AB19: 0 | AC19: =IF(COUNTIFS($D$2:$D19,$D19)=1,SUMIFS(AB:AB,$D:$D,$D19),0) -> 0 | AD19: =IF(COUNTIFS($D$2:$D19,$D19)=1,SUMIFS(Z:Z,$D:$D,$D19),0) -> 0 | AE19: =SUM(AC19:AD19) -> 0 | AF19: =+X19+AE19 -> 0 | AG19: =IF(COUNTIFS($D$2:$D19,$D19)=1,SUMIFS(AF:AF,$D:$D,$D19),0) -> 0 | AH19: =IF(E19="",2026,VALUE(RIGHT(E19,4))) -> 2026 | AI19: =AG19/VLOOKUP(AH19,SALARIOS!$A$1:$B$4,2,0) -> 0 | AJ19: 0 | AK19: 0 | AL19: 0 | AM19: 0 | AN19: =+AJ19+AL19 -> 0 | AO19: =+AK19+AM19 -> 0 | AP19: =((AK19-AJ19)/SAL_2026)+((AM19-AL19)/SAL_2026) -> 0 | AQ19: =VALUE(IF(COUNTIFS($D$2:$D19,$D19)=1,MAX(0,SUMIFS(AP:AP,$D:$D,$D19)),0)) -> 0 | AR19: =$AO19-$AN19 -> 0 | AS19: =IF(COUNTIFS($D$2:$D19,$D19)=1,SUMIFS(AR:AR,$D:$D,$D19),0) -> 0 | AT19: =IF(AS19="",AG19,AG19+AS19) -> 0 | AU19: =+AT19 -> 0 | AV19: =SUMIFS(Combinaciones!$K:$K,Combinaciones!$A:$A,I19,Combinaciones!$B:$B,J19,Combinaciones!$F:$F,N19)*L19 -> 219580920 | AW19: =IF(COUNTIFS($D$2:$D19,$D19)=1,SUMIFS(AV:AV,$D:$D,$D19),0) -> 219580920 | AX19: 0 | AY19: Descripción otros conceptos | AZ19: 2 | BA19: =+IF(I19="HOGAR INFANTIL – INSTITUCIONAL",AZ19*(1750905*0.03)*N19,0) -> 315162.9 | BB19: 0 | BC19: =IFERROR(AV19+AX19-BB19+BA19,0) -> 2.1989608e+08 | BD19: =IF(COUNTIFS($D$2:$D19,$D19)=1,SUMIFS(BC:BC,$D:$D,$D19),0) -> 2.1989608e+08 | BE19: 0 | BF19: =IFERROR(BE19*BD19,"") -> 0 | BG19: =IF(COUNTIFS($D$2:$D19,$D19)=1,SUMIFS(BF:BF,$D:$D,$D19),0) -> 0 | BH19: =IF(BD19<>"",BD19+BG19,"") -> 2.1989608e+08 | BI19: =IFERROR(BH19/SAL_2026,"") -> 125.58996 | BJ19: =X19+AK19-AJ19+BC19 -> 2.1989608e+08 | BK19: =SUMIF($D:$D,$D:$D,$BJ:$BJ) -> 2.1989608e+08 | BL19: =IF(COUNTIF($D$3:D19,D19)=1,BK19,"") -> 2.1989608e+08 | BM19: =+IFERROR(AC19+BF19+AM19-AL19,0) -> 0 | BN19: =+IFERROR(Y19+AE19+AK19-AJ19+AM19-AL19+BD19+BF19+AD19,0) -> 2.1989608e+08 | BO19: =IF(AI19<>"",AI19/2,"") -> 0 | BP19: =+AQ19+BI19 -> 125.58996 | BQ19: =IF(A19="SI","",IF(BO19-BP19<0,0,BO19-BP19)) | BR19: =IFERROR(BQ19*SAL_2026,"") | BS19: =+(AI19+BP19) -> 125.58996 | BT19: =IF(BS19="","",IF(SUMIFS(BS:BS,R:R,R19)>5000,"ALERTA MAYOR QUE 5.000",""))
A20: SI | B20: 1843 | C20: SANTANDER | D20: 68008262025 | E20: =IF($A20="SI","",$D20) | G20: CZ YARIQUIES | H20: Barrancabermeja | I20: HOGAR INFANTIL – INSTITUCIONAL | J20: OPERADOR COMPONENTE PEDAGOGICO CON ALIMENTOS | K20: 2 | L20: =SUMIFS( zonificación!$AA:$AA, zonificación!$A:$A,B20, zonificación!$K:$K, G20, zonificación!$I:$I,H20, zonificación!$W:$W, I20) -> 110 | M20: =IF(COUNTIFS($D$2:$D20,D20)=1,SUMIFS($L:$L,D:D,D20),0) -> 110 | N20: 3 | O20: =IF(COUNTIFS($D$2:$D20,D20)=1,SUMIFS($K:$K,D:D,D20),0) -> 2 | P20: =IF(COUNTIFS($D$2:$D20,D20)=1,SUMIFS($M:$M,D:D,D20),0) -> 110 | Q20: Articulo 35 invitación cerrada – literal m | R20: 890270632 | S20: =IF($A20="SI","",$R20) | T20: HOGAR INFANTIL CIUDADELA DEL NIÑO | U20: =IF($A20="SI","",$T20) | V20: Institucional | W20: 46326 | X20: 0 | Y20: =IF(COUNTIFS($D$2:$D20,$D20)=1,SUMIFS(X:X,$D:$D,$D20),0) -> 0 | Z20: 0 | AA20: Descripción otros conceptos | AB20: 0 | AC20: =IF(COUNTIFS($D$2:$D20,$D20)=1,SUMIFS(AB:AB,$D:$D,$D20),0) -> 0 | AD20: =IF(COUNTIFS($D$2:$D20,$D20)=1,SUMIFS(Z:Z,$D:$D,$D20),0) -> 0 | AE20: =SUM(AC20:AD20) -> 0 | AF20: =+X20+AE20 -> 0 | AG20: =IF(COUNTIFS($D$2:$D20,$D20)=1,SUMIFS(AF:AF,$D:$D,$D20),0) -> 0 | AH20: =IF(E20="",2026,VALUE(RIGHT(E20,4))) -> 2026 | AI20: =AG20/VLOOKUP(AH20,SALARIOS!$A$1:$B$4,2,0) -> 0 | AJ20: 0 | AK20: 0 | AL20: 0 | AM20: 0 | AN20: =+AJ20+AL20 -> 0 | AO20: =+AK20+AM20 -> 0 | AP20: =((AK20-AJ20)/SAL_2026)+((AM20-AL20)/SAL_2026) -> 0 | AQ20: =VALUE(IF(COUNTIFS($D$2:$D20,$D20)=1,MAX(0,SUMIFS(AP:AP,$D:$D,$D20)),0)) -> 0 | AR20: =$AO20-$AN20 -> 0 | AS20: =IF(COUNTIFS($D$2:$D20,$D20)=1,SUMIFS(AR:AR,$D:$D,$D20),0) -> 0 | AT20: =IF(AS20="",AG20,AG20+AS20) -> 0 | AU20: =+AT20 -> 0 | AV20: =SUMIFS(Combinaciones!$K:$K,Combinaciones!$A:$A,I20,Combinaciones!$B:$B,J20,Combinaciones!$F:$F,N20)*L20 -> 185799240 | AW20: =IF(COUNTIFS($D$2:$D20,$D20)=1,SUMIFS(AV:AV,$D:$D,$D20),0) -> 185799240 | AX20: 0 | AY20: Descripción otros conceptos | AZ20: 2 | BA20: =+IF(I20="HOGAR INFANTIL – INSTITUCIONAL",AZ20*(1750905*0.03)*N20,0) -> 315162.9 | BB20: 0 | BC20: =IFERROR(AV20+AX20-BB20+BA20,0) -> 1.861144e+08 | BD20: =IF(COUNTIFS($D$2:$D20,$D20)=1,SUMIFS(BC:BC,$D:$D,$D20),0) -> 1.861144e+08 | BE20: 0 | BF20: =IFERROR(BE20*BD20,"") -> 0 | BG20: =IF(COUNTIFS($D$2:$D20,$D20)=1,SUMIFS(BF:BF,$D:$D,$D20),0) -> 0 | BH20: =IF(BD20<>"",BD20+BG20,"") -> 1.861144e+08 | BI20: =IFERROR(BH20/SAL_2026,"") -> 106.29612 | BJ20: =X20+AK20-AJ20+BC20 -> 1.861144e+08 | BK20: =SUMIF($D:$D,$D:$D,$BJ:$BJ) -> 1.861144e+08 | BL20: =IF(COUNTIF($D$3:D20,D20)=1,BK20,"") -> 1.861144e+08 | BM20: =+IFERROR(AC20+BF20+AM20-AL20,0) -> 0 | BN20: =+IFERROR(Y20+AE20+AK20-AJ20+AM20-AL20+BD20+BF20+AD20,0) -> 1.861144e+08 | BO20: =IF(AI20<>"",AI20/2,"") -> 0 | BP20: =+AQ20+BI20 -> 106.29612 | BQ20: =IF(A20="SI","",IF(BO20-BP20<0,0,BO20-BP20)) | BR20: =IFERROR(BQ20*SAL_2026,"") | BS20: =+(AI20+BP20) -> 106.29612 | BT20: =IF(BS20="","",IF(SUMIFS(BS:BS,R:R,R20)>5000,"ALERTA MAYOR QUE 5.000",""))
A21: SI | B21: 1844 | C21: SANTANDER | D21: 68008272025 | E21: =IF($A21="SI","",$D21) | G21: CZ YARIQUIES | H21: Barrancabermeja | I21: HOGAR INFANTIL – INSTITUCIONAL | J21: OPERADOR COMPONENTE PEDAGOGICO CON ALIMENTOS | K21: 1 | L21: =SUMIFS( zonificación!$AA:$AA, zonificación!$A:$A,B21, zonificación!$K:$K, G21, zonificación!$I:$I,H21, zonificación!$W:$W, I21) -> 90 | M21: =IF(COUNTIFS($D$2:$D21,D21)=1,SUMIFS($L:$L,D:D,D21),0) -> 90 | N21: 3 | O21: =IF(COUNTIFS($D$2:$D21,D21)=1,SUMIFS($K:$K,D:D,D21),0) -> 1 | P21: =IF(COUNTIFS($D$2:$D21,D21)=1,SUMIFS($M:$M,D:D,D21),0) -> 90 | Q21: Articulo 35 invitación cerrada – literal m | R21: 890270537 | S21: =IF($A21="SI","",$R21) | T21: ASOCIACION DE PADRES DE FAMILIA Y VECINOS DEL HOGAR INFANTIL VECINAL BAM BAM | U21: =IF($A21="SI","",$T21) | V21: Institucional | W21: 46326 | X21: 0 | Y21: =IF(COUNTIFS($D$2:$D21,$D21)=1,SUMIFS(X:X,$D:$D,$D21),0) -> 0 | Z21: 0 | AA21: Descripción otros conceptos | AB21: 0 | AC21: =IF(COUNTIFS($D$2:$D21,$D21)=1,SUMIFS(AB:AB,$D:$D,$D21),0) -> 0 | AD21: =IF(COUNTIFS($D$2:$D21,$D21)=1,SUMIFS(Z:Z,$D:$D,$D21),0) -> 0 | AE21: =SUM(AC21:AD21) -> 0 | AF21: =+X21+AE21 -> 0 | AG21: =IF(COUNTIFS($D$2:$D21,$D21)=1,SUMIFS(AF:AF,$D:$D,$D21),0) -> 0 | AH21: =IF(E21="",2026,VALUE(RIGHT(E21,4))) -> 2026 | AI21: =AG21/VLOOKUP(AH21,SALARIOS!$A$1:$B$4,2,0) -> 0 | AJ21: 0 | AK21: 0 | AL21: 0 | AM21: 0 | AN21: =+AJ21+AL21 -> 0 | AO21: =+AK21+AM21 -> 0 | AP21: =((AK21-AJ21)/SAL_2026)+((AM21-AL21)/SAL_2026) -> 0 | AQ21: =VALUE(IF(COUNTIFS($D$2:$D21,$D21)=1,MAX(0,SUMIFS(AP:AP,$D:$D,$D21)),0)) -> 0 | AR21: =$AO21-$AN21 -> 0 | AS21: =IF(COUNTIFS($D$2:$D21,$D21)=1,SUMIFS(AR:AR,$D:$D,$D21),0) -> 0 | AT21: =IF(AS21="",AG21,AG21+AS21) -> 0 | AU21: =+AT21 -> 0 | AV21: =SUMIFS(Combinaciones!$K:$K,Combinaciones!$A:$A,I21,Combinaciones!$B:$B,J21,Combinaciones!$F:$F,N21)*L21 -> 152017560 | AW21: =IF(COUNTIFS($D$2:$D21,$D21)=1,SUMIFS(AV:AV,$D:$D,$D21),0) -> 152017560 | AX21: 0 | AY21: Descripción otros conceptos | AZ21: 2 | BA21: =+IF(I21="HOGAR INFANTIL – INSTITUCIONAL",AZ21*(1750905*0.03)*N21,0) -> 315162.9 | BB21: 0 | BC21: =IFERROR(AV21+AX21-BB21+BA21,0) -> 1.5233272e+08 | BD21: =IF(COUNTIFS($D$2:$D21,$D21)=1,SUMIFS(BC:BC,$D:$D,$D21),0) -> 1.5233272e+08 | BE21: 0 | BF21: =IFERROR(BE21*BD21,"") -> 0 | BG21: =IF(COUNTIFS($D$2:$D21,$D21)=1,SUMIFS(BF:BF,$D:$D,$D21),0) -> 0 | BH21: =IF(BD21<>"",BD21+BG21,"") -> 1.5233272e+08 | BI21: =IFERROR(BH21/SAL_2026,"") -> 87.002278 | BJ21: =X21+AK21-AJ21+BC21 -> 1.5233272e+08 | BK21: =SUMIF($D:$D,$D:$D,$BJ:$BJ) -> 1.5233272e+08 | BL21: =IF(COUNTIF($D$3:D21,D21)=1,BK21,"") -> 1.5233272e+08 | BM21: =+IFERROR(AC21+BF21+AM21-AL21,0) -> 0 | BN21: =+IFERROR(Y21+AE21+AK21-AJ21+AM21-AL21+BD21+BF21+AD21,0) -> 1.5233272e+08 | BO21: =IF(AI21<>"",AI21/2,"") -> 0 | BP21: =+AQ21+BI21 -> 87.002278 | BQ21: =IF(A21="SI","",IF(BO21-BP21<0,0,BO21-BP21)) | BR21: =IFERROR(BQ21*SAL_2026,"") | BS21: =+(AI21+BP21) -> 87.002278 | BT21: =IF(BS21="","",IF(SUMIFS(BS:BS,R:R,R21)>5000,"ALERTA MAYOR QUE 5.000",""))
A22: SI | B22: 1845 | C22: SANTANDER | D22: 68008292025 | E22: =IF($A22="SI","",$D22) | G22: CZ YARIQUIES | H22: Barrancabermeja | I22: HOGAR INFANTIL – INSTITUCIONAL | J22: OPERADOR COMPONENTE PEDAGOGICO CON ALIMENTOS | K22: 1 | L22: =SUMIFS( zonificación!$AA:$AA, zonificación!$A:$A,B22, zonificación!$K:$K, G22, zonificación!$I:$I,H22, zonificación!$W:$W, I22) -> 110 | M22: =IF(COUNTIFS($D$2:$D22,D22)=1,SUMIFS($L:$L,D:D,D22),0) -> 110 | N22: 3 | O22: =IF(COUNTIFS($D$2:$D22,D22)=1,SUMIFS($K:$K,D:D,D22),0) -> 1 | P22: =IF(COUNTIFS($D$2:$D22,D22)=1,SUMIFS($M:$M,D:D,D22),0) -> 110 | Q22: Articulo 35 invitación cerrada – literal m | R22: 890270163 | S22: =IF($A22="SI","",$R22) | T22: CENTRO COMUNITARIO PARA LA INFANCIA LAS GRANJAS | U22: =IF($A22="SI","",$T22) | V22: Institucional | W22: 46326 | X22: 0 | Y22: =IF(COUNTIFS($D$2:$D22,$D22)=1,SUMIFS(X:X,$D:$D,$D22),0) -> 0 | Z22: 0 | AA22: Descripción otros conceptos | AB22: 0 | AC22: =IF(COUNTIFS($D$2:$D22,$D22)=1,SUMIFS(AB:AB,$D:$D,$D22),0) -> 0 | AD22: =IF(COUNTIFS($D$2:$D22,$D22)=1,SUMIFS(Z:Z,$D:$D,$D22),0) -> 0 | AE22: =SUM(AC22:AD22) -> 0 | AF22: =+X22+AE22 -> 0 | AG22: =IF(COUNTIFS($D$2:$D22,$D22)=1,SUMIFS(AF:AF,$D:$D,$D22),0) -> 0 | AH22: =IF(E22="",2026,VALUE(RIGHT(E22,4))) -> 2026 | AI22: =AG22/VLOOKUP(AH22,SALARIOS!$A$1:$B$4,2,0) -> 0 | AJ22: 0 | AK22: 0 | AL22: 0 | AM22: 0 | AN22: =+AJ22+AL22 -> 0 | AO22: =+AK22+AM22 -> 0 | AP22: =((AK22-AJ22)/SAL_2026)+((AM22-AL22)/SAL_2026) -> 0 | AQ22: =VALUE(IF(COUNTIFS($D$2:$D22,$D22)=1,MAX(0,SUMIFS(AP:AP,$D:$D,$D22)),0)) -> 0 | AR22: =$AO22-$AN22 -> 0 | AS22: =IF(COUNTIFS($D$2:$D22,$D22)=1,SUMIFS(AR:AR,$D:$D,$D22),0) -> 0 | AT22: =IF(AS22="",AG22,AG22+AS22) -> 0 | AU22: =+AT22 -> 0 | AV22: =SUMIFS(Combinaciones!$K:$K,Combinaciones!$A:$A,I22,Combinaciones!$B:$B,J22,Combinaciones!$F:$F,N22)*L22 -> 185799240 | AW22: =IF(COUNTIFS($D$2:$D22,$D22)=1,SUMIFS(AV:AV,$D:$D,$D22),0) -> 185799240 | AX22: 0 | AY22: Descripción otros conceptos | AZ22: 1 | BA22: =+IF(I22="HOGAR INFANTIL – INSTITUCIONAL",AZ22*(1750905*0.03)*N22,0) -> 157581.45 | BB22: 0 | BC22: =IFERROR(AV22+AX22-BB22+BA22,0) -> 1.8595682e+08 | BD22: =IF(COUNTIFS($D$2:$D22,$D22)=1,SUMIFS(BC:BC,$D:$D,$D22),0) -> 1.8595682e+08 | BE22: 0 | BF22: =IFERROR(BE22*BD22,"") -> 0 | BG22: =IF(COUNTIFS($D$2:$D22,$D22)=1,SUMIFS(BF:BF,$D:$D,$D22),0) -> 0 | BH22: =IF(BD22<>"",BD22+BG22,"") -> 1.8595682e+08 | BI22: =IFERROR(BH22/SAL_2026,"") -> 106.20612 | BJ22: =X22+AK22-AJ22+BC22 -> 1.8595682e+08 | BK22: =SUMIF($D:$D,$D:$D,$BJ:$BJ) -> 1.8595682e+08 | BL22: =IF(COUNTIF($D$3:D22,D22)=1,BK22,"") -> 1.8595682e+08 | BM22: =+IFERROR(AC22+BF22+AM22-AL22,0) -> 0 | BN22: =+IFERROR(Y22+AE22+AK22-AJ22+AM22-AL22+BD22+BF22+AD22,0) -> 1.8595682e+08 | BO22: =IF(AI22<>"",AI22/2,"") -> 0 | BP22: =+AQ22+BI22 -> 106.20612 | BQ22: =IF(A22="SI","",IF(BO22-BP22<0,0,BO22-BP22)) | BR22: =IFERROR(BQ22*SAL_2026,"") | BS22: =+(AI22+BP22) -> 106.20612 | BT22: =IF(BS22="","",IF(SUMIFS(BS:BS,R:R,R22)>5000,"ALERTA MAYOR QUE 5.000",""))
A23: SI | B23: 1846 | C23: SANTANDER | D23: 68008282025 | E23: =IF($A23="SI","",$D23) | G23: CZ YARIQUIES | H23: Barrancabermeja | I23: HOGAR INFANTIL – INSTITUCIONAL | J23: OPERADOR COMPONENTE PEDAGOGICO CON ALIMENTOS | K23: 1 | L23: =SUMIFS( zonificación!$AA:$AA, zonificación!$A:$A,B23, zonificación!$K:$K, G23, zonificación!$I:$I,H23, zonificación!$W:$W, I23) -> 110 | M23: =IF(COUNTIFS($D$2:$D23,D23)=1,SUMIFS($L:$L,D:D,D23),0) -> 110 | N23: 3 | O23: =IF(COUNTIFS($D$2:$D23,D23)=1,SUMIFS($K:$K,D:D,D23),0) -> 1 | P23: =IF(COUNTIFS($D$2:$D23,D23)=1,SUMIFS($M:$M,D:D,D23),0) -> 110 | Q23: Articulo 35 invitación cerrada – literal m | R23: 890270553 | S23: =IF($A23="SI","",$R23) | T23: ASOCIACION DE PADRES DE FAMILIA HOGAR INFANTIL EL CASTILLO | U23: =IF($A23="SI","",$T23) | V23: Institucional | W23: 46326 | X23: 0 | Y23: =IF(COUNTIFS($D$2:$D23,$D23)=1,SUMIFS(X:X,$D:$D,$D23),0) -> 0 | Z23: 0 | AA23: Descripción otros conceptos | AB23: 0 | AC23: =IF(COUNTIFS($D$2:$D23,$D23)=1,SUMIFS(AB:AB,$D:$D,$D23),0) -> 0 | AD23: =IF(COUNTIFS($D$2:$D23,$D23)=1,SUMIFS(Z:Z,$D:$D,$D23),0) -> 0 | AE23: =SUM(AC23:AD23) -> 0 | AF23: =+X23+AE23 -> 0 | AG23: =IF(COUNTIFS($D$2:$D23,$D23)=1,SUMIFS(AF:AF,$D:$D,$D23),0) -> 0 | AH23: =IF(E23="",2026,VALUE(RIGHT(E23,4))) -> 2026 | AI23: =AG23/VLOOKUP(AH23,SALARIOS!$A$1:$B$4,2,0) -> 0 | AJ23: 0 | AK23: 0 | AL23: 0 | AM23: 0 | AN23: =+AJ23+AL23 -> 0 | AO23: =+AK23+AM23 -> 0 | AP23: =((AK23-AJ23)/SAL_2026)+((AM23-AL23)/SAL_2026) -> 0 | AQ23: =VALUE(IF(COUNTIFS($D$2:$D23,$D23)=1,MAX(0,SUMIFS(AP:AP,$D:$D,$D23)),0)) -> 0 | AR23: =$AO23-$AN23 -> 0 | AS23: =IF(COUNTIFS($D$2:$D23,$D23)=1,SUMIFS(AR:AR,$D:$D,$D23),0) -> 0 | AT23: =IF(AS23="",AG23,AG23+AS23) -> 0 | AU23: =+AT23 -> 0 | AV23: =SUMIFS(Combinaciones!$K:$K,Combinaciones!$A:$A,I23,Combinaciones!$B:$B,J23,Combinaciones!$F:$F,N23)*L23 -> 185799240 | AW23: =IF(COUNTIFS($D$2:$D23,$D23)=1,SUMIFS(AV:AV,$D:$D,$D23),0) -> 185799240 | AX23: 0 | AY23: Descripción otros conceptos | AZ23: 4 | BA23: =+IF(I23="HOGAR INFANTIL – INSTITUCIONAL",AZ23*(1750905*0.03)*N23,0) -> 630325.8 | BB23: 0 | BC23: =IFERROR(AV23+AX23-BB23+BA23,0) -> 1.8642957e+08 | BD23: =IF(COUNTIFS($D$2:$D23,$D23)=1,SUMIFS(BC:BC,$D:$D,$D23),0) -> 1.8642957e+08 | BE23: 0 | BF23: =IFERROR(BE23*BD23,"") -> 0 | BG23: =IF(COUNTIFS($D$2:$D23,$D23)=1,SUMIFS(BF:BF,$D:$D,$D23),0) -> 0 | BH23: =IF(BD23<>"",BD23+BG23,"") -> 1.8642957e+08 | BI23: =IFERROR(BH23/SAL_2026,"") -> 106.47612 | BJ23: =X23+AK23-AJ23+BC23 -> 1.8642957e+08 | BK23: =SUMIF($D:$D,$D:$D,$BJ:$BJ) -> 1.8642957e+08 | BL23: =IF(COUNTIF($D$3:D23,D23)=1,BK23,"") -> 1.8642957e+08 | BM23: =+IFERROR(AC23+BF23+AM23-AL23,0) -> 0 | BN23: =+IFERROR(Y23+AE23+AK23-AJ23+AM23-AL23+BD23+BF23+AD23,0) -> 1.8642957e+08 | BO23: =IF(AI23<>"",AI23/2,"") -> 0 | BP23: =+AQ23+BI23 -> 106.47612 | BQ23: =IF(A23="SI","",IF(BO23-BP23<0,0,BO23-BP23)) | BR23: =IFERROR(BQ23*SAL_2026,"") | BS23: =+(AI23+BP23) -> 106.47612 | BT23: =IF(BS23="","",IF(SUMIFS(BS:BS,R:R,R23)>5000,"ALERTA MAYOR QUE 5.000",""))
A24: SI | B24: 1847 | C24: SANTANDER | D24: 68008502025 | E24: =IF($A24="SI","",$D24) | G24: CZ BUCARAMANGA SUR | H24: Floridablanca | I24: HOGAR INFANTIL – INSTITUCIONAL | J24: OPERADOR COMPONENTE PEDAGOGICO CON ALIMENTOS | K24: 1 | L24: =SUMIFS( zonificación!$AA:$AA, zonificación!$A:$A,B24, zonificación!$K:$K, G24, zonificación!$I:$I,H24, zonificación!$W:$W, I24) -> 140 | M24: =IF(COUNTIFS($D$2:$D24,D24)=1,SUMIFS($L:$L,D:D,D24),0) -> 140 | N24: 3 | O24: =IF(COUNTIFS($D$2:$D24,D24)=1,SUMIFS($K:$K,D:D,D24),0) -> 1 | P24: =IF(COUNTIFS($D$2:$D24,D24)=1,SUMIFS($M:$M,D:D,D24),0) -> 140 | Q24: Articulo 35 invitación cerrada – literal m | R24: 890210558 | S24: =IF($A24="SI","",$R24) | T24: ASOCIACION DE PADRES DE FAMILIA DEL HOGAR INFANTIL LA GATA GOLOSA | U24: =IF($A24="SI","",$T24) | V24: Institucional | W24: 46326 | X24: 0 | Y24: =IF(COUNTIFS($D$2:$D24,$D24)=1,SUMIFS(X:X,$D:$D,$D24),0) -> 0 | Z24: 0 | AA24: Descripción otros conceptos | AB24: 0 | AC24: =IF(COUNTIFS($D$2:$D24,$D24)=1,SUMIFS(AB:AB,$D:$D,$D24),0) -> 0 | AD24: =IF(COUNTIFS($D$2:$D24,$D24)=1,SUMIFS(Z:Z,$D:$D,$D24),0) -> 0 | AE24: =SUM(AC24:AD24) -> 0 | AF24: =+X24+AE24 -> 0 | AG24: =IF(COUNTIFS($D$2:$D24,$D24)=1,SUMIFS(AF:AF,$D:$D,$D24),0) -> 0 | AH24: =IF(E24="",2026,VALUE(RIGHT(E24,4))) -> 2026 | AI24: =AG24/VLOOKUP(AH24,SALARIOS!$A$1:$B$4,2,0) -> 0 | AJ24: 0 | AK24: 0 | AL24: 0 | AM24: 0 | AN24: =+AJ24+AL24 -> 0 | AO24: =+AK24+AM24 -> 0 | AP24: =((AK24-AJ24)/SAL_2026)+((AM24-AL24)/SAL_2026) -> 0 | AQ24: =VALUE(IF(COUNTIFS($D$2:$D24,$D24)=1,MAX(0,SUMIFS(AP:AP,$D:$D,$D24)),0)) -> 0 | AR24: =$AO24-$AN24 -> 0 | AS24: =IF(COUNTIFS($D$2:$D24,$D24)=1,SUMIFS(AR:AR,$D:$D,$D24),0) -> 0 | AT24: =IF(AS24="",AG24,AG24+AS24) -> 0 | AU24: =+AT24 -> 0 | AV24: =SUMIFS(Combinaciones!$K:$K,Combinaciones!$A:$A,I24,Combinaciones!$B:$B,J24,Combinaciones!$F:$F,N24)*L24 -> 236471760 | AW24: =IF(COUNTIFS($D$2:$D24,$D24)=1,SUMIFS(AV:AV,$D:$D,$D24),0) -> 236471760 | AX24: 0 | AY24: Descripción otros conceptos | AZ24: 6 | BA24: =+IF(I24="HOGAR INFANTIL – INSTITUCIONAL",AZ24*(1750905*0.03)*N24,0) -> 945488.7 | BB24: 0 | BC24: =IFERROR(AV24+AX24-BB24+BA24,0) -> 2.3741725e+08 | BD24: =IF(COUNTIFS($D$2:$D24,$D24)=1,SUMIFS(BC:BC,$D:$D,$D24),0) -> 2.3741725e+08 | BE24: 0 | BF24: =IFERROR(BE24*BD24,"") -> 0 | BG24: =IF(COUNTIFS($D$2:$D24,$D24)=1,SUMIFS(BF:BF,$D:$D,$D24),0) -> 0 | BH24: =IF(BD24<>"",BD24+BG24,"") -> 2.3741725e+08 | BI24: =IFERROR(BH24/SAL_2026,"") -> 135.59688 | BJ24: =X24+AK24-AJ24+BC24 -> 2.3741725e+08 | BK24: =SUMIF($D:$D,$D:$D,$BJ:$BJ) -> 2.3741725e+08 | BL24: =IF(COUNTIF($D$3:D24,D24)=1,BK24,"") -> 2.3741725e+08 | BM24: =+IFERROR(AC24+BF24+AM24-AL24,0) -> 0 | BN24: =+IFERROR(Y24+AE24+AK24-AJ24+AM24-AL24+BD24+BF24+AD24,0) -> 2.3741725e+08 | BO24: =IF(AI24<>"",AI24/2,"") -> 0 | BP24: =+AQ24+BI24 -> 135.59688 | BQ24: =IF(A24="SI","",IF(BO24-BP24<0,0,BO24-BP24)) | BR24: =IFERROR(BQ24*SAL_2026,"") | BS24: =+(AI24+BP24) -> 135.59688 | BT24: =IF(BS24="","",IF(SUMIFS(BS:BS,R:R,R24)>5000,"ALERTA MAYOR QUE 5.000",""))
... A26: SI | B26: 1849 | C26: SANTANDER | D26: 68008712025 | E26: =IF($A26="SI","",$D26) | G26: CZ ANTONIA SANTOS | H26: San Vicente De Chucuri | I26: HOGAR INFANTIL – INSTITUCIONAL | J26: OPERADOR COMPONENTE PEDAGOGICO CON ALIMENTOS | K26: 1 | L26: =SUMIFS( zonificación!$AA:$AA, zonificación!$A:$A,B26, zonificación!$K:$K, G26, zonificación!$I:$I,H26, zonificación!$W:$W, I26) -> 92 | M26: =IF(COUNTIFS($D$2:$D26,D26)=1,SUMIFS($L:$L,D:D,D26),0) -> 92 | N26: 3 | O26: =IF(COUNTIFS($D$2:$D26,D26)=1,SUMIFS($K:$K,D:D,D26),0) -> 1 | P26: =IF(COUNTIFS($D$2:$D26,D26)=1,SUMIFS($M:$M,D:D,D26),0) -> 92 | Q26: Articulo 35 invitación cerrada – literal m | R26: 890270554 | S26: =IF($A26="SI","",$R26) | T26: ASOCIACIÓN PADRES DE FAMILIA HOGAR INFANTIL MAFALDA | U26: =IF($A26="SI","",$T26) | V26: Institucional | W26: 46326 | X26: 0 | Y26: =IF(COUNTIFS($D$2:$D26,$D26)=1,SUMIFS(X:X,$D:$D,$D26),0) -> 0 | Z26: 0 | AA26: Descripción otros conceptos | AB26: 0 | AC26: =IF(COUNTIFS($D$2:$D26,$D26)=1,SUMIFS(AB:AB,$D:$D,$D26),0) -> 0 | AD26: =IF(COUNTIFS($D$2:$D26,$D26)=1,SUMIFS(Z:Z,$D:$D,$D26),0) -> 0 | AE26: =SUM(AC26:AD26) -> 0 | AF26: =+X26+AE26 -> 0 | AG26: =IF(COUNTIFS($D$2:$D26,$D26)=1,SUMIFS(AF:AF,$D:$D,$D26),0) -> 0 | AH26: =IF(E26="",2026,VALUE(RIGHT(E26,4))) -> 2026 | AI26: =AG26/VLOOKUP(AH26,SALARIOS!$A$1:$B$4,2,0) -> 0 | AJ26: 0 | AK26: 0 | AL26: 0 | AM26: 0 | AN26: =+AJ26+AL26 -> 0 | AO26: =+AK26+AM26 -> 0 | AP26: =((AK26-AJ26)/SAL_2026)+((AM26-AL26)/SAL_2026) -> 0 | AQ26: =VALUE(IF(COUNTIFS($D$2:$D26,$D26)=1,MAX(0,SUMIFS(AP:AP,$D:$D,$D26)),0)) -> 0 | AR26: =$AO26-$AN26 -> 0 | AS26: =IF(COUNTIFS($D$2:$D26,$D26)=1,SUMIFS(AR:AR,$D:$D,$D26),0) -> 0 | AT26: =IF(AS26="",AG26,AG26+AS26) -> 0 | AU26: =+AT26 -> 0 | AV26: =SUMIFS(Combinaciones!$K:$K,Combinaciones!$A:$A,I26,Combinaciones!$B:$B,J26,Combinaciones!$F:$F,N26)*L26 -> 155395728 | AW26: =IF(COUNTIFS($D$2:$D26,$D26)=1,SUMIFS(AV:AV,$D:$D,$D26),0) -> 155395728 | AX26: 0 | AY26: Descripción otros conceptos | AZ26: 1 | BA26: =+IF(I26="HOGAR INFANTIL – INSTITUCIONAL",AZ26*(1750905*0.03)*N26,0) -> 157581.45 | BB26: 0 | BC26: =IFERROR(AV26+AX26-BB26+BA26,0) -> 1.5555331e+08 | BD26: =IF(COUNTIFS($D$2:$D26,$D26)=1,SUMIFS(BC:BC,$D:$D,$D26),0) -> 1.5555331e+08 | BE26: 0 | BF26: =IFERROR(BE26*BD26,"") -> 0 | BG26: =IF(COUNTIFS($D$2:$D26,$D26)=1,SUMIFS(BF:BF,$D:$D,$D26),0) -> 0 | BH26: =IF(BD26<>"",BD26+BG26,"") -> 1.5555331e+08 | BI26: =IFERROR(BH26/SAL_2026,"") -> 88.841662 | BJ26: =X26+AK26-AJ26+BC26 -> 1.5555331e+08 | BK26: =SUMIF($D:$D,$D:$D,$BJ:$BJ) -> 1.5555331e+08 | BL26: =IF(COUNTIF($D$3:D26,D26)=1,BK26,"") -> 1.5555331e+08 | BM26: =+IFERROR(AC26+BF26+AM26-AL26,0) -> 0 | BN26: =+IFERROR(Y26+AE26+AK26-AJ26+AM26-AL26+BD26+BF26+AD26,0) -> 1.5555331e+08 | BO26: =IF(AI26<>"",AI26/2,"") -> 0 | BP26: =+AQ26+BI26 -> 88.841662 | BQ26: =IF(A26="SI","",IF(BO26-BP26<0,0,BO26-BP26)) | BR26: =IFERROR(BQ26*SAL_2026,"") | BS26: =+(AI26+BP26) -> 88.841662 | BT26: =IF(BS26="","",IF(SUMIFS(BS:BS,R:R,R26)>5000,"ALERTA MAYOR QUE 5.000",""))
A27: SI | B27: 1850 | C27: SANTANDER | D27: 68008782025 | E27: =IF($A27="SI","",$D27) | G27: CZ SAN GIL | H27: Mogotes | I27: EDUCACIÓN INICIAL EN EL HOGAR - FAMILIAR Y COMUNITARIA | J27: OPERADOR COMPONENTE PEDAGOGICO CON ALIMENTOS | K27: 9 | L27: =SUMIFS( zonificación!$AA:$AA, zonificación!$A:$A,B27, zonificación!$K:$K, G27, zonificación!$I:$I,H27, zonificación!$W:$W, I27) -> 281 | M27: =IF(COUNTIFS($D$2:$D27,D27)=1,SUMIFS($L:$L,D:D,D27),0) -> 431 | N27: 3 | O27: =IF(COUNTIFS($D$2:$D27,D27)=1,SUMIFS($K:$K,D:D,D27),0) -> 17 | P27: =IF(COUNTIFS($D$2:$D27,D27)=1,SUMIFS($M:$M,D:D,D27),0) -> 431 | Q27: Articulo 35 invitación cerrada – literal m | R27: 804006907 | S27: =IF($A27="SI","",$R27) | T27: ASOCIACION DE PADRES HOGARES DE BIENESTAR DEL MUNICIPIO DE MOGOTES | U27: =IF($A27="SI","",$T27) | V27: Familiar y Comunitaria | W27: 46326 | X27: 0 | Y27: =IF(COUNTIFS($D$2:$D27,$D27)=1,SUMIFS(X:X,$D:$D,$D27),0) -> 0 | Z27: 0 | AA27: Descripción otros conceptos | AB27: 0 | AC27: =IF(COUNTIFS($D$2:$D27,$D27)=1,SUMIFS(AB:AB,$D:$D,$D27),0) -> 0 | AD27: =IF(COUNTIFS($D$2:$D27,$D27)=1,SUMIFS(Z:Z,$D:$D,$D27),0) -> 0 | AE27: =SUM(AC27:AD27) -> 0 | AF27: =+X27+AE27 -> 0 | AG27: =IF(COUNTIFS($D$2:$D27,$D27)=1,SUMIFS(AF:AF,$D:$D,$D27),0) -> 0 | AH27: =IF(E27="",2026,VALUE(RIGHT(E27,4))) -> 2026 | AI27: =AG27/VLOOKUP(AH27,SALARIOS!$A$1:$B$4,2,0) -> 0 | AJ27: 0 | AK27: 0 | AL27: 0 | AM27: 0 | AN27: =+AJ27+AL27 -> 0 | AO27: =+AK27+AM27 -> 0 | AP27: =((AK27-AJ27)/SAL_2026)+((AM27-AL27)/SAL_2026) -> 0 | AQ27: =VALUE(IF(COUNTIFS($D$2:$D27,$D27)=1,MAX(0,SUMIFS(AP:AP,$D:$D,$D27)),0)) -> 0 | AR27: =$AO27-$AN27 -> 0 | AS27: =IF(COUNTIFS($D$2:$D27,$D27)=1,SUMIFS(AR:AR,$D:$D,$D27),0) -> 0 | AT27: =IF(AS27="",AG27,AG27+AS27) -> 0 | AU27: =+AT27 -> 0 | AV27: =SUMIFS(Combinaciones!$K:$K,Combinaciones!$A:$A,I27,Combinaciones!$B:$B,J27,Combinaciones!$F:$F,N27)*L27 -> 347822362 | AW27: =IF(COUNTIFS($D$2:$D27,$D27)=1,SUMIFS(AV:AV,$D:$D,$D27),0) -> 533492662 | AX27: 0 | AY27: Descripción otros conceptos | BA27: =+IF(I27="HOGAR INFANTIL – INSTITUCIONAL",AZ27*(1750905*0.03)*N27,0) -> 0 | BB27: 0 | BC27: =IFERROR(AV27+AX27-BB27+BA27,0) -> 347822362 | BD27: =IF(COUNTIFS($D$2:$D27,$D27)=1,SUMIFS(BC:BC,$D:$D,$D27),0) -> 533492662 | BE27: 0.02 | BF27: =IFERROR(BE27*BD27,"") -> 10669853 | BG27: =IF(COUNTIFS($D$2:$D27,$D27)=1,SUMIFS(BF:BF,$D:$D,$D27),0) -> 10669853 | BH27: =IF(BD27<>"",BD27+BG27,"") -> 5.4416252e+08 | BI27: =IFERROR(BH27/SAL_2026,"") -> 310.78929 | BJ27: =X27+AK27-AJ27+BC27 -> 347822362 | BK27: =SUMIF($D:$D,$D:$D,$BJ:$BJ) -> 533492662 | BL27: =IF(COUNTIF($D$3:D27,D27)=1,BK27,"") -> 533492662 | BM27: =+IFERROR(AC27+BF27+AM27-AL27,0) -> 10669853 | BN27: =+IFERROR(Y27+AE27+AK27-AJ27+AM27-AL27+BD27+BF27+AD27,0) -> 5.4416252e+08 | BO27: =IF(AI27<>"",AI27/2,"") -> 0 | BP27: =+AQ27+BI27 -> 310.78929 | BQ27: =IF(A27="SI","",IF(BO27-BP27<0,0,BO27-BP27)) | BR27: =IFERROR(BQ27*SAL_2026,"") | BS27: =+(AI27+BP27) -> 310.78929 | BT27: =IF(BS27="","",IF(SUMIFS(BS:BS,R:R,R27)>5000,"ALERTA MAYOR QUE 5.000",""))
A28: SI | B28: 1850 | C28: SANTANDER | D28: 68008782025 | E28: =IF($A28="SI","",$D28) | G28: CZ SAN GIL | H28: Onzaga | I28: EDUCACIÓN INICIAL EN EL HOGAR - FAMILIAR Y COMUNITARIA | J28: OPERADOR COMPONENTE PEDAGOGICO CON ALIMENTOS | K28: 5 | L28: =SUMIFS( zonificación!$AA:$AA, zonificación!$A:$A,B28, zonificación!$K:$K, G28, zonificación!$I:$I,H28, zonificación!$W:$W, I28) -> 98 | M28: =IF(COUNTIFS($D$2:$D28,D28)=1,SUMIFS($L:$L,D:D,D28),0) -> 0 | N28: 3 | O28: =IF(COUNTIFS($D$2:$D28,D28)=1,SUMIFS($K:$K,D:D,D28),0) -> 0 | P28: =IF(COUNTIFS($D$2:$D28,D28)=1,SUMIFS($M:$M,D:D,D28),0) -> 0 | Q28: Articulo 35 invitación cerrada – literal m | R28: 804006907 | S28: =IF($A28="SI","",$R28) | T28: ASOCIACION DE PADRES HOGARES DE BIENESTAR DEL MUNICIPIO DE MOGOTES | U28: =IF($A28="SI","",$T28) | V28: Familiar y Comunitaria | W28: 46326 | X28: 0 | Y28: =IF(COUNTIFS($D$2:$D28,$D28)=1,SUMIFS(X:X,$D:$D,$D28),0) -> 0 | Z28: 0 | AA28: Descripción otros conceptos | AB28: 0 | AC28: =IF(COUNTIFS($D$2:$D28,$D28)=1,SUMIFS(AB:AB,$D:$D,$D28),0) -> 0 | AD28: =IF(COUNTIFS($D$2:$D28,$D28)=1,SUMIFS(Z:Z,$D:$D,$D28),0) -> 0 | AE28: =SUM(AC28:AD28) -> 0 | AF28: =+X28+AE28 -> 0 | AG28: =IF(COUNTIFS($D$2:$D28,$D28)=1,SUMIFS(AF:AF,$D:$D,$D28),0) -> 0 | AH28: =IF(E28="",2026,VALUE(RIGHT(E28,4))) -> 2026 | AI28: =AG28/VLOOKUP(AH28,SALARIOS!$A$1:$B$4,2,0) -> 0 | AJ28: 0 | AK28: 0 | AL28: 0 | AM28: 0 | AN28: =+AJ28+AL28 -> 0 | AO28: =+AK28+AM28 -> 0 | AP28: =((AK28-AJ28)/SAL_2026)+((AM28-AL28)/SAL_2026) -> 0 | AQ28: =VALUE(IF(COUNTIFS($D$2:$D28,$D28)=1,MAX(0,SUMIFS(AP:AP,$D:$D,$D28)),0)) -> 0 | AR28: =$AO28-$AN28 -> 0 | AS28: =IF(COUNTIFS($D$2:$D28,$D28)=1,SUMIFS(AR:AR,$D:$D,$D28),0) -> 0 | AT28: =IF(AS28="",AG28,AG28+AS28) -> 0 | AU28: =+AT28 -> 0 | AV28: =SUMIFS(Combinaciones!$K:$K,Combinaciones!$A:$A,I28,Combinaciones!$B:$B,J28,Combinaciones!$F:$F,N28)*L28 -> 121304596 | AW28: =IF(COUNTIFS($D$2:$D28,$D28)=1,SUMIFS(AV:AV,$D:$D,$D28),0) -> 0 | AX28: 0 | AY28: Descripción otros conceptos | BA28: =+IF(I28="HOGAR INFANTIL – INSTITUCIONAL",AZ28*(1750905*0.03)*N28,0) -> 0 | BB28: 0 | BC28: =IFERROR(AV28+AX28-BB28+BA28,0) -> 121304596 | BD28: =IF(COUNTIFS($D$2:$D28,$D28)=1,SUMIFS(BC:BC,$D:$D,$D28),0) -> 0 | BE28: 0.02 | BF28: =IFERROR(BE28*BD28,"") -> 0 | BG28: =IF(COUNTIFS($D$2:$D28,$D28)=1,SUMIFS(BF:BF,$D:$D,$D28),0) -> 0 | BH28: =IF(BD28<>"",BD28+BG28,"") -> 0 | BI28: =IFERROR(BH28/SAL_2026,"") -> 0 | BJ28: =X28+AK28-AJ28+BC28 -> 121304596 | BK28: =SUMIF($D:$D,$D:$D,$BJ:$BJ) -> 533492662 | BL28: =IF(COUNTIF($D$3:D28,D28)=1,BK28,"") | BM28: =+IFERROR(AC28+BF28+AM28-AL28,0) -> 0 | BN28: =+IFERROR(Y28+AE28+AK28-AJ28+AM28-AL28+BD28+BF28+AD28,0) -> 0 | BO28: =IF(AI28<>"",AI28/2,"") -> 0 | BP28: =+AQ28+BI28 -> 0 | BQ28: =IF(A28="SI","",IF(BO28-BP28<0,0,BO28-BP28)) | BR28: =IFERROR(BQ28*SAL_2026,"") | BS28: =+(AI28+BP28) -> 0 | BT28: =IF(BS28="","",IF(SUMIFS(BS:BS,R:R,R28)>5000,"ALERTA MAYOR QUE 5.000",""))
A29: SI | B29: 1850 | C29: SANTANDER | D29: 68008782025 | E29: =IF($A29="SI","",$D29) | G29: CZ SAN GIL | H29: San Joaquin | I29: EDUCACIÓN INICIAL EN EL HOGAR - FAMILIAR Y COMUNITARIA | J29: OPERADOR COMPONENTE PEDAGOGICO CON ALIMENTOS | K29: 3 | L29: =SUMIFS( zonificación!$AA:$AA, zonificación!$A:$A,B29, zonificación!$K:$K, G29, zonificación!$I:$I,H29, zonificación!$W:$W, I29) -> 52 | M29: =IF(COUNTIFS($D$2:$D29,D29)=1,SUMIFS($L:$L,D:D,D29),0) -> 0 | N29: 3 | O29: =IF(COUNTIFS($D$2:$D29,D29)=1,SUMIFS($K:$K,D:D,D29),0) -> 0 | P29: =IF(COUNTIFS($D$2:$D29,D29)=1,SUMIFS($M:$M,D:D,D29),0) -> 0 | Q29: Articulo 35 invitación cerrada – literal m | R29: 804006907 | S29: =IF($A29="SI","",$R29) | T29: ASOCIACION DE PADRES HOGARES DE BIENESTAR DEL MUNICIPIO DE MOGOTES | U29: =IF($A29="SI","",$T29) | V29: Familiar y Comunitaria | W29: 46326 | X29: 0 | Y29: =IF(COUNTIFS($D$2:$D29,$D29)=1,SUMIFS(X:X,$D:$D,$D29),0) -> 0 | Z29: 0 | AA29: Descripción otros conceptos | AB29: 0 | AC29: =IF(COUNTIFS($D$2:$D29,$D29)=1,SUMIFS(AB:AB,$D:$D,$D29),0) -> 0 | AD29: =IF(COUNTIFS($D$2:$D29,$D29)=1,SUMIFS(Z:Z,$D:$D,$D29),0) -> 0 | AE29: =SUM(AC29:AD29) -> 0 | AF29: =+X29+AE29 -> 0 | AG29: =IF(COUNTIFS($D$2:$D29,$D29)=1,SUMIFS(AF:AF,$D:$D,$D29),0) -> 0 | AH29: =IF(E29="",2026,VALUE(RIGHT(E29,4))) -> 2026 | AI29: =AG29/VLOOKUP(AH29,SALARIOS!$A$1:$B$4,2,0) -> 0 | AJ29: 0 | AK29: 0 | AL29: 0 | AM29: 0 | AN29: =+AJ29+AL29 -> 0 | AO29: =+AK29+AM29 -> 0 | AP29: =((AK29-AJ29)/SAL_2026)+((AM29-AL29)/SAL_2026) -> 0 | AQ29: =VALUE(IF(COUNTIFS($D$2:$D29,$D29)=1,MAX(0,SUMIFS(AP:AP,$D:$D,$D29)),0)) -> 0 | AR29: =$AO29-$AN29 -> 0 | AS29: =IF(COUNTIFS($D$2:$D29,$D29)=1,SUMIFS(AR:AR,$D:$D,$D29),0) -> 0 | AT29: =IF(AS29="",AG29,AG29+AS29) -> 0 | AU29: =+AT29 -> 0 | AV29: =SUMIFS(Combinaciones!$K:$K,Combinaciones!$A:$A,I29,Combinaciones!$B:$B,J29,Combinaciones!$F:$F,N29)*L29 -> 64365704 | AW29: =IF(COUNTIFS($D$2:$D29,$D29)=1,SUMIFS(AV:AV,$D:$D,$D29),0) -> 0 | AX29: 0 | AY29: Descripción otros conceptos | BA29: =+IF(I29="HOGAR INFANTIL – INSTITUCIONAL",AZ29*(1750905*0.03)*N29,0) -> 0 | BB29: 0 | BC29: =IFERROR(AV29+AX29-BB29+BA29,0) -> 64365704 | BD29: =IF(COUNTIFS($D$2:$D29,$D29)=1,SUMIFS(BC:BC,$D:$D,$D29),0) -> 0 | BE29: 0.02 | BF29: =IFERROR(BE29*BD29,"") -> 0 | BG29: =IF(COUNTIFS($D$2:$D29,$D29)=1,SUMIFS(BF:BF,$D:$D,$D29),0) -> 0 | BH29: =IF(BD29<>"",BD29+BG29,"") -> 0 | BI29: =IFERROR(BH29/SAL_2026,"") -> 0 | BJ29: =X29+AK29-AJ29+BC29 -> 64365704 | BK29: =SUMIF($D:$D,$D:$D,$BJ:$BJ) -> 533492662 | BL29: =IF(COUNTIF($D$3:D29,D29)=1,BK29,"") | BM29: =+IFERROR(AC29+BF29+AM29-AL29,0) -> 0 | BN29: =+IFERROR(Y29+AE29+AK29-AJ29+AM29-AL29+BD29+BF29+AD29,0) -> 0 | BO29: =IF(AI29<>"",AI29/2,"") -> 0 | BP29: =+AQ29+BI29 -> 0 | BQ29: =IF(A29="SI","",IF(BO29-BP29<0,0,BO29-BP29)) | BR29: =IFERROR(BQ29*SAL_2026,"") | BS29: =+(AI29+BP29) -> 0 | BT29: =IF(BS29="","",IF(SUMIFS(BS:BS,R:R,R29)>5000,"ALERTA MAYOR QUE 5.000",""))
A30: SI | B30: 1853 | C30: SANTANDER | D30: 68008472025 | E30: =IF($A30="SI","",$D30) | G30: CZ SOCORRO | H30: Socorro | I30: CENTRO DE DESARROLLO INFANTIL - SIN ARRIENDO - INSTITUCIONAL | J30: OPERADOR COMPONENTE PEDAGOGICO CON ALIMENTOS | K30: 1 | L30: =SUMIFS( zonificación!$AA:$AA, zonificación!$A:$A,B30, zonificación!$K:$K, G30, zonificación!$I:$I,H30, zonificación!$W:$W, I30) -> 124 | M30: =IF(COUNTIFS($D$2:$D30,D30)=1,SUMIFS($L:$L,D:D,D30),0) -> 333 | N30: 3 | O30: =IF(COUNTIFS($D$2:$D30,D30)=1,SUMIFS($K:$K,D:D,D30),0) -> 16 | P30: =IF(COUNTIFS($D$2:$D30,D30)=1,SUMIFS($M:$M,D:D,D30),0) -> 333 | Q30: Articulo 35 invitación cerrada – literal m | R30: 804011414 | S30: =IF($A30="SI","",$R30) | T30: CORPORACION YRAKA | U30: =IF($A30="SI","",$T30) | V30: Institucional | W30: 46326 | X30: 0 | Y30: =IF(COUNTIFS($D$2:$D30,$D30)=1,SUMIFS(X:X,$D:$D,$D30),0) -> 0 | Z30: 0 | AA30: Descripción otros conceptos | AB30: 0 | AC30: =IF(COUNTIFS($D$2:$D30,$D30)=1,SUMIFS(AB:AB,$D:$D,$D30),0) -> 0 | AD30: =IF(COUNTIFS($D$2:$D30,$D30)=1,SUMIFS(Z:Z,$D:$D,$D30),0) -> 0 | AE30: =SUM(AC30:AD30) -> 0 | AF30: =+X30+AE30 -> 0 | AG30: =IF(COUNTIFS($D$2:$D30,$D30)=1,SUMIFS(AF:AF,$D:$D,$D30),0) -> 0 | AH30: =IF(E30="",2026,VALUE(RIGHT(E30,4))) -> 2026 | AI30: =AG30/VLOOKUP(AH30,SALARIOS!$A$1:$B$4,2,0) -> 0 | AJ30: 0 | AK30: 0 | AL30: 0 | AM30: 0 | AN30: =+AJ30+AL30 -> 0 | AO30: =+AK30+AM30 -> 0 | AP30: =((AK30-AJ30)/SAL_2026)+((AM30-AL30)/SAL_2026) -> 0 | AQ30: =VALUE(IF(COUNTIFS($D$2:$D30,$D30)=1,MAX(0,SUMIFS(AP:AP,$D:$D,$D30)),0)) -> 0 | AR30: =$AO30-$AN30 -> 0 | AS30: =IF(COUNTIFS($D$2:$D30,$D30)=1,SUMIFS(AR:AR,$D:$D,$D30),0) -> 0 | AT30: =IF(AS30="",AG30,AG30+AS30) -> 0 | AU30: =+AT30 -> 0 | AV30: =SUMIFS(Combinaciones!$K:$K,Combinaciones!$A:$A,I30,Combinaciones!$B:$B,J30,Combinaciones!$F:$F,N30)*L30 -> 209446416 | AW30: =IF(COUNTIFS($D$2:$D30,$D30)=1,SUMIFS(AV:AV,$D:$D,$D30),0) -> 468147034 | AX30: 0 | AY30: Descripción otros conceptos | BA30: =+IF(I30="HOGAR INFANTIL – INSTITUCIONAL",AZ30*(1750905*0.03)*N30,0) -> 0 | BB30: 0 | BC30: =IFERROR(AV30+AX30-BB30+BA30,0) -> 209446416 | BD30: =IF(COUNTIFS($D$2:$D30,$D30)=1,SUMIFS(BC:BC,$D:$D,$D30),0) -> 468147034 | BE30: 0.02 | BF30: =IFERROR(BE30*BD30,"") -> 9362940.7 | BG30: =IF(COUNTIFS($D$2:$D30,$D30)=1,SUMIFS(BF:BF,$D:$D,$D30),0) -> 9362940.7 | BH30: =IF(BD30<>"",BD30+BG30,"") -> 4.7750997e+08 | BI30: =IFERROR(BH30/SAL_2026,"") -> 272.72181 | BJ30: =X30+AK30-AJ30+BC30 -> 209446416 | BK30: =SUMIF($D:$D,$D:$D,$BJ:$BJ) -> 468147034 | BL30: =IF(COUNTIF($D$3:D30,D30)=1,BK30,"") -> 468147034 | BM30: =+IFERROR(AC30+BF30+AM30-AL30,0) -> 9362940.7 | BN30: =+IFERROR(Y30+AE30+AK30-AJ30+AM30-AL30+BD30+BF30+AD30,0) -> 4.7750997e+08 | BO30: =IF(AI30<>"",AI30/2,"") -> 0 | BP30: =+AQ30+BI30 -> 272.72181 | BQ30: =IF(A30="SI","",IF(BO30-BP30<0,0,BO30-BP30)) | BR30: =IFERROR(BQ30*SAL_2026,"") | BS30: =+(AI30+BP30) -> 272.72181 | BT30: =IF(BS30="","",IF(SUMIFS(BS:BS,R:R,R30)>5000,"ALERTA MAYOR QUE 5.000",""))
A31: SI | B31: 1853 | C31: SANTANDER | D31: 68008472025 | E31: =IF($A31="SI","",$D31) | G31: CZ SOCORRO | H31: Socorro | I31: EDUCACIÓN INICIAL EN EL HOGAR - FAMILIAR Y COMUNITARIA | J31: OPERADOR COMPONENTE PEDAGOGICO CON ALIMENTOS | K31: 15 | L31: =SUMIFS( zonificación!$AA:$AA, zonificación!$A:$A,B31, zonificación!$K:$K, G31, zonificación!$I:$I,H31, zonificación!$W:$W, I31) -> 209 | M31: =IF(COUNTIFS($D$2:$D31,D31)=1,SUMIFS($L:$L,D:D,D31),0) -> 0 | N31: 3 | O31: =IF(COUNTIFS($D$2:$D31,D31)=1,SUMIFS($K:$K,D:D,D31),0) -> 0 | P31: =IF(COUNTIFS($D$2:$D31,D31)=1,SUMIFS($M:$M,D:D,D31),0) -> 0 | Q31: Articulo 35 invitación cerrada – literal m | R31: 804011414 | S31: =IF($A31="SI","",$R31) | T31: CORPORACION YRAKA | U31: =IF($A31="SI","",$T31) | V31: Familiar y Comunitaria | W31: 46326 | X31: 0 | Y31: =IF(COUNTIFS($D$2:$D31,$D31)=1,SUMIFS(X:X,$D:$D,$D31),0) -> 0 | Z31: 0 | AA31: Descripción otros conceptos | AB31: 0 | AC31: =IF(COUNTIFS($D$2:$D31,$D31)=1,SUMIFS(AB:AB,$D:$D,$D31),0) -> 0 | AD31: =IF(COUNTIFS($D$2:$D31,$D31)=1,SUMIFS(Z:Z,$D:$D,$D31),0) -> 0 | AE31: =SUM(AC31:AD31) -> 0 | AF31: =+X31+AE31 -> 0 | AG31: =IF(COUNTIFS($D$2:$D31,$D31)=1,SUMIFS(AF:AF,$D:$D,$D31),0) -> 0 | AH31: =IF(E31="",2026,VALUE(RIGHT(E31,4))) -> 2026 | AI31: =AG31/VLOOKUP(AH31,SALARIOS!$A$1:$B$4,2,0) -> 0 | AJ31: 0 | AK31: 0 | AL31: 0 | AM31: 0 | AN31: =+AJ31+AL31 -> 0 | AO31: =+AK31+AM31 -> 0 | AP31: =((AK31-AJ31)/SAL_2026)+((AM31-AL31)/SAL_2026) -> 0 | AQ31: =VALUE(IF(COUNTIFS($D$2:$D31,$D31)=1,MAX(0,SUMIFS(AP:AP,$D:$D,$D31)),0)) -> 0 | AR31: =$AO31-$AN31 -> 0 | AS31: =IF(COUNTIFS($D$2:$D31,$D31)=1,SUMIFS(AR:AR,$D:$D,$D31),0) -> 0 | AT31: =IF(AS31="",AG31,AG31+AS31) -> 0 | AU31: =+AT31 -> 0 | AV31: =SUMIFS(Combinaciones!$K:$K,Combinaciones!$A:$A,I31,Combinaciones!$B:$B,J31,Combinaciones!$F:$F,N31)*L31 -> 258700618 | AW31: =IF(COUNTIFS($D$2:$D31,$D31)=1,SUMIFS(AV:AV,$D:$D,$D31),0) -> 0 | AX31: 0 | AY31: Descripción otros conceptos | BA31: =+IF(I31="HOGAR INFANTIL – INSTITUCIONAL",AZ31*(1750905*0.03)*N31,0) -> 0 | BB31: 0 | BC31: =IFERROR(AV31+AX31-BB31+BA31,0) -> 258700618 | BD31: =IF(COUNTIFS($D$2:$D31,$D31)=1,SUMIFS(BC:BC,$D:$D,$D31),0) -> 0 | BE31: 0.02 | BF31: =IFERROR(BE31*BD31,"") -> 0 | BG31: =IF(COUNTIFS($D$2:$D31,$D31)=1,SUMIFS(BF:BF,$D:$D,$D31),0) -> 0 | BH31: =IF(BD31<>"",BD31+BG31,"") -> 0 | BI31: =IFERROR(BH31/SAL_2026,"") -> 0 | BJ31: =X31+AK31-AJ31+BC31 -> 258700618 | BK31: =SUMIF($D:$D,$D:$D,$BJ:$BJ) -> 468147034 | BL31: =IF(COUNTIF($D$3:D31,D31)=1,BK31,"") | BM31: =+IFERROR(AC31+BF31+AM31-AL31,0) -> 0 | BN31: =+IFERROR(Y31+AE31+AK31-AJ31+AM31-AL31+BD31+BF31+AD31,0) -> 0 | BO31: =IF(AI31<>"",AI31/2,"") -> 0 | BP31: =+AQ31+BI31 -> 0 | BQ31: =IF(A31="SI","",IF(BO31-BP31<0,0,BO31-BP31)) | BR31: =IFERROR(BQ31*SAL_2026,"") | BS31: =+(AI31+BP31) -> 0 | BT31: =IF(BS31="","",IF(SUMIFS(BS:BS,R:R,R31)>5000,"ALERTA MAYOR QUE 5.000",""))
A32: SI | B32: 1855 | C32: SANTANDER | D32: 68008352025 | E32: =IF($A32="SI","",$D32) | G32: CZ ANTONIA SANTOS | H32: Giron | I32: EDUCACIÓN INICIAL EN EL HOGAR - FAMILIAR Y COMUNITARIA | J32: OPERADOR COMPONENTE PEDAGOGICO CON ALIMENTOS | K32: 13 | L32: =SUMIFS( zonificación!$AA:$AA, zonificación!$A:$A,B32, zonificación!$K:$K, G32, zonificación!$I:$I,H32, zonificación!$W:$W, I32) -> 668 | M32: =IF(COUNTIFS($D$2:$D32,D32)=1,SUMIFS($L:$L,D:D,D32),0) -> 668 | N32: 3 | O32: =IF(COUNTIFS($D$2:$D32,D32)=1,SUMIFS($K:$K,D:D,D32),0) -> 13 | P32: =IF(COUNTIFS($D$2:$D32,D32)=1,SUMIFS($M:$M,D:D,D32),0) -> 668 | Q32: Articulo 35 invitación cerrada – literal m | R32: 804001569 | S32: =IF($A32="SI","",$R32) | T32: ASOCIACION DE PADRES DE HOGARES DE BIENESTAR ARENALES | U32: =IF($A32="SI","",$T32) | V32: Familiar y Comunitaria | W32: 46326 | X32: 0 | Y32: =IF(COUNTIFS($D$2:$D32,$D32)=1,SUMIFS(X:X,$D:$D,$D32),0) -> 0 | Z32: 0 | AA32: Descripción otros conceptos | AB32: 0 | AC32: =IF(COUNTIFS($D$2:$D32,$D32)=1,SUMIFS(AB:AB,$D:$D,$D32),0) -> 0 | AD32: =IF(COUNTIFS($D$2:$D32,$D32)=1,SUMIFS(Z:Z,$D:$D,$D32),0) -> 0 | AE32: =SUM(AC32:AD32) -> 0 | AF32: =+X32+AE32 -> 0 | AG32: =IF(COUNTIFS($D$2:$D32,$D32)=1,SUMIFS(AF:AF,$D:$D,$D32),0) -> 0 | AH32: =IF(E32="",2026,VALUE(RIGHT(E32,4))) -> 2026 | AI32: =AG32/VLOOKUP(AH32,SALARIOS!$A$1:$B$4,2,0) -> 0 | AJ32: 0 | AK32: 0 | AL32: 0 | AM32: 0 | AN32: =+AJ32+AL32 -> 0 | AO32: =+AK32+AM32 -> 0 | AP32: =((AK32-AJ32)/SAL_2026)+((AM32-AL32)/SAL_2026) -> 0 | AQ32: =VALUE(IF(COUNTIFS($D$2:$D32,$D32)=1,MAX(0,SUMIFS(AP:AP,$D:$D,$D32)),0)) -> 0 | AR32: =$AO32-$AN32 -> 0 | AS32: =IF(COUNTIFS($D$2:$D32,$D32)=1,SUMIFS(AR:AR,$D:$D,$D32),0) -> 0 | AT32: =IF(AS32="",AG32,AG32+AS32) -> 0 | AU32: =+AT32 -> 0 | AV32: =SUMIFS(Combinaciones!$K:$K,Combinaciones!$A:$A,I32,Combinaciones!$B:$B,J32,Combinaciones!$F:$F,N32)*L32 -> 826851736 | AW32: =IF(COUNTIFS($D$2:$D32,$D32)=1,SUMIFS(AV:AV,$D:$D,$D32),0) -> 826851736 | AX32: 0 | AY32: Descripción otros conceptos | BA32: =+IF(I32="HOGAR INFANTIL – INSTITUCIONAL",AZ32*(1750905*0.03)*N32,0) -> 0 | BB32: 0 | BC32: =IFERROR(AV32+AX32-BB32+BA32,0) -> 826851736 | BD32: =IF(COUNTIFS($D$2:$D32,$D32)=1,SUMIFS(BC:BC,$D:$D,$D32),0) -> 826851736 | BE32: 0.02 | BF32: =IFERROR(BE32*BD32,"") -> 16537035 | BG32: =IF(COUNTIFS($D$2:$D32,$D32)=1,SUMIFS(BF:BF,$D:$D,$D32),0) -> 16537035 | BH32: =IF(BD32<>"",BD32+BG32,"") -> 8.4338877e+08 | BI32: =IFERROR(BH32/SAL_2026,"") -> 481.68734 | BJ32: =X32+AK32-AJ32+BC32 -> 826851736 | BK32: =SUMIF($D:$D,$D:$D,$BJ:$BJ) -> 826851736 | BL32: =IF(COUNTIF($D$3:D32,D32)=1,BK32,"") -> 826851736 | BM32: =+IFERROR(AC32+BF32+AM32-AL32,0) -> 16537035 | BN32: =+IFERROR(Y32+AE32+AK32-AJ32+AM32-AL32+BD32+BF32+AD32,0) -> 8.4338877e+08 | BO32: =IF(AI32<>"",AI32/2,"") -> 0 | BP32: =+AQ32+BI32 -> 481.68734 | BQ32: =IF(A32="SI","",IF(BO32-BP32<0,0,BO32-BP32)) | BR32: =IFERROR(BQ32*SAL_2026,"") | BS32: =+(AI32+BP32) -> 481.68734 | BT32: =IF(BS32="","",IF(SUMIFS(BS:BS,R:R,R32)>5000,"ALERTA MAYOR QUE 5.000",""))
A33: SI | B33: 1856 | C33: SANTANDER | D33: 68008732025 | E33: =IF($A33="SI","",$D33) | G33: CZ ANTONIA SANTOS | H33: El Playon | I33: CENTRO DE DESARROLLO INFANTIL - SIN ARRIENDO - INSTITUCIONAL | J33: OPERADOR COMPONENTE PEDAGOGICO CON ALIMENTOS | K33: 1 | L33: =SUMIFS( zonificación!$AA:$AA, zonificación!$A:$A,B33, zonificación!$K:$K, G33, zonificación!$I:$I,H33, zonificación!$W:$W, I33) -> 46 | M33: =IF(COUNTIFS($D$2:$D33,D33)=1,SUMIFS($L:$L,D:D,D33),0) -> 835 | N33: 3 | O33: =IF(COUNTIFS($D$2:$D33,D33)=1,SUMIFS($K:$K,D:D,D33),0) -> 25 | P33: =IF(COUNTIFS($D$2:$D33,D33)=1,SUMIFS($M:$M,D:D,D33),0) -> 835 | Q33: Articulo 35 invitación cerrada – literal m | R33: 860031909 | S33: 860031909 | T33: FE Y ALEGRIA DE COLOMBIA | U33: FE Y ALEGRIA DE COLOMBIA | V33: Institucional | W33: 46326 | X33: 0 | Y33: =IF(COUNTIFS($D$2:$D33,$D33)=1,SUMIFS(X:X,$D:$D,$D33),0) -> 0 | Z33: 0 | AA33: Descripción otros conceptos | AB33: 0 | AC33: =IF(COUNTIFS($D$2:$D33,$D33)=1,SUMIFS(AB:AB,$D:$D,$D33),0) -> 0 | AD33: =IF(COUNTIFS($D$2:$D33,$D33)=1,SUMIFS(Z:Z,$D:$D,$D33),0) -> 0 | AE33: =SUM(AC33:AD33) -> 0 | AF33: =+X33+AE33 -> 0 | AG33: =IF(COUNTIFS($D$2:$D33,$D33)=1,SUMIFS(AF:AF,$D:$D,$D33),0) -> 0 | AH33: =IF(E33="",2026,VALUE(RIGHT(E33,4))) -> 2026 | AI33: =AG33/VLOOKUP(AH33,SALARIOS!$A$1:$B$4,2,0) -> 0 | AJ33: 0 | AK33: 0 | AL33: 0 | AM33: 0 | AN33: =+AJ33+AL33 -> 0 | AO33: =+AK33+AM33 -> 0 | AP33: =((AK33-AJ33)/SAL_2026)+((AM33-AL33)/SAL_2026) -> 0 | AQ33: =VALUE(IF(COUNTIFS($D$2:$D33,$D33)=1,MAX(0,SUMIFS(AP:AP,$D:$D,$D33)),0)) -> 0 | AR33: =$AO33-$AN33 -> 0 | AS33: =IF(COUNTIFS($D$2:$D33,$D33)=1,SUMIFS(AR:AR,$D:$D,$D33),0) -> 0 | AT33: =IF(AS33="",AG33,AG33+AS33) -> 0 | AU33: =+AT33 -> 0 | AV33: =SUMIFS(Combinaciones!$K:$K,Combinaciones!$A:$A,I33,Combinaciones!$B:$B,J33,Combinaciones!$F:$F,N33)*L33 -> 77697864 | AW33: =IF(COUNTIFS($D$2:$D33,$D33)=1,SUMIFS(AV:AV,$D:$D,$D33),0) -> 1094857802 | AX33: 0 | AY33: Descripción otros conceptos | BA33: =+IF(I33="HOGAR INFANTIL – INSTITUCIONAL",AZ33*(1750905*0.03)*N33,0) -> 0 | BB33: 0 | BC33: =IFERROR(AV33+AX33-BB33+BA33,0) -> 77697864 | BD33: =IF(COUNTIFS($D$2:$D33,$D33)=1,SUMIFS(BC:BC,$D:$D,$D33),0) -> 1094857802 | BE33: 0.02 | BF33: =IFERROR(BE33*BD33,"") -> 21897156 | BG33: =IF(COUNTIFS($D$2:$D33,$D33)=1,SUMIFS(BF:BF,$D:$D,$D33),0) -> 21897156 | BH33: =IF(BD33<>"",BD33+BG33,"") -> 1.116755e+09 | BI33: =IFERROR(BH33/SAL_2026,"") -> 637.81585 | BJ33: =X33+AK33-AJ33+BC33 -> 77697864 | BK33: =SUMIF($D:$D,$D:$D,$BJ:$BJ) -> 1094857802 | BL33: =IF(COUNTIF($D$3:D33,D33)=1,BK33,"") -> 1094857802 | BM33: =+IFERROR(AC33+BF33+AM33-AL33,0) -> 21897156 | BN33: =+IFERROR(Y33+AE33+AK33-AJ33+AM33-AL33+BD33+BF33+AD33,0) -> 1.116755e+09 | BO33: =IF(AI33<>"",AI33/2,"") -> 0 | BP33: =+AQ33+BI33 -> 637.81585 | BQ33: =IF(A33="SI","",IF(BO33-BP33<0,0,BO33-BP33)) | BR33: =IFERROR(BQ33*SAL_2026,"") | BS33: =+(AI33+BP33) -> 637.81585 | BT33: =IF(BS33="","",IF(SUMIFS(BS:BS,R:R,R33)>5000,"ALERTA MAYOR QUE 5.000",""))
A34: SI | B34: 1856 | C34: SANTANDER | D34: 68008732025 | E34: =IF($A34="SI","",$D34) | G34: CZ ANTONIA SANTOS | H34: Giron | I34: CENTRO DE DESARROLLO INFANTIL - CON ARRIENDO - INSTITUCIONAL | J34: OPERADOR COMPONENTE PEDAGOGICO CON ALIMENTOS | K34: 1 | L34: =SUMIFS( zonificación!$AA:$AA, zonificación!$A:$A,B34, zonificación!$K:$K, G34, zonificación!$I:$I,H34, zonificación!$W:$W, I34) -> 80 | M34: =IF(COUNTIFS($D$2:$D34,D34)=1,SUMIFS($L:$L,D:D,D34),0) -> 0 | N34: 3 | O34: =IF(COUNTIFS($D$2:$D34,D34)=1,SUMIFS($K:$K,D:D,D34),0) -> 0 | P34: =IF(COUNTIFS($D$2:$D34,D34)=1,SUMIFS($M:$M,D:D,D34),0) -> 0 | Q34: Articulo 35 invitación cerrada – literal m | R34: 860031909 | S34: 860031909 | T34: FE Y ALEGRIA DE COLOMBIA | U34: FE Y ALEGRIA DE COLOMBIA | V34: Institucional | W34: 46326 | X34: 0 | Y34: =IF(COUNTIFS($D$2:$D34,$D34)=1,SUMIFS(X:X,$D:$D,$D34),0) -> 0 | Z34: 0 | AA34: Descripción otros conceptos | AB34: 0 | AC34: =IF(COUNTIFS($D$2:$D34,$D34)=1,SUMIFS(AB:AB,$D:$D,$D34),0) -> 0 | AD34: =IF(COUNTIFS($D$2:$D34,$D34)=1,SUMIFS(Z:Z,$D:$D,$D34),0) -> 0 | AE34: =SUM(AC34:AD34) -> 0 | AF34: =+X34+AE34 -> 0 | AG34: =IF(COUNTIFS($D$2:$D34,$D34)=1,SUMIFS(AF:AF,$D:$D,$D34),0) -> 0 | AH34: =IF(E34="",2026,VALUE(RIGHT(E34,4))) -> 2026 | AI34: =AG34/VLOOKUP(AH34,SALARIOS!$A$1:$B$4,2,0) -> 0 | AJ34: 0 | AK34: 0 | AL34: 0 | AM34: 0 | AN34: =+AJ34+AL34 -> 0 | AO34: =+AK34+AM34 -> 0 | AP34: =((AK34-AJ34)/SAL_2026)+((AM34-AL34)/SAL_2026) -> 0 | AQ34: =VALUE(IF(COUNTIFS($D$2:$D34,$D34)=1,MAX(0,SUMIFS(AP:AP,$D:$D,$D34)),0)) -> 0 | AR34: =$AO34-$AN34 -> 0 | AS34: =IF(COUNTIFS($D$2:$D34,$D34)=1,SUMIFS(AR:AR,$D:$D,$D34),0) -> 0 | AT34: =IF(AS34="",AG34,AG34+AS34) -> 0 | AU34: =+AT34 -> 0 | AV34: =SUMIFS(Combinaciones!$K:$K,Combinaciones!$A:$A,I34,Combinaciones!$B:$B,J34,Combinaciones!$F:$F,N34)*L34 -> 139558320 | AW34: =IF(COUNTIFS($D$2:$D34,$D34)=1,SUMIFS(AV:AV,$D:$D,$D34),0) -> 0 | AX34: 0 | AY34: Descripción otros conceptos | BA34: =+IF(I34="HOGAR INFANTIL – INSTITUCIONAL",AZ34*(1750905*0.03)*N34,0) -> 0 | BB34: 0 | BC34: =IFERROR(AV34+AX34-BB34+BA34,0) -> 139558320 | BD34: =IF(COUNTIFS($D$2:$D34,$D34)=1,SUMIFS(BC:BC,$D:$D,$D34),0) -> 0 | BE34: 0.02 | BF34: =IFERROR(BE34*BD34,"") -> 0 | BG34: =IF(COUNTIFS($D$2:$D34,$D34)=1,SUMIFS(BF:BF,$D:$D,$D34),0) -> 0 | BH34: =IF(BD34<>"",BD34+BG34,"") -> 0 | BI34: =IFERROR(BH34/SAL_2026,"") -> 0 | BJ34: =X34+AK34-AJ34+BC34 -> 139558320 | BK34: =SUMIF($D:$D,$D:$D,$BJ:$BJ) -> 1094857802 | BL34: =IF(COUNTIF($D$3:D34,D34)=1,BK34,"") | BM34: =+IFERROR(AC34+BF34+AM34-AL34,0) -> 0 | BN34: =+IFERROR(Y34+AE34+AK34-AJ34+AM34-AL34+BD34+BF34+AD34,0) -> 0 | BO34: =IF(AI34<>"",AI34/2,"") -> 0 | BP34: =+AQ34+BI34 -> 0 | BQ34: =IF(A34="SI","",IF(BO34-BP34<0,0,BO34-BP34)) | BR34: =IFERROR(BQ34*SAL_2026,"") | BS34: =+(AI34+BP34) -> 0 | BT34: =IF(BS34="","",IF(SUMIFS(BS:BS,R:R,R34)>5000,"ALERTA MAYOR QUE 5.000",""))
A35: SI | B35: 1856 | C35: SANTANDER | D35: 68008732025 | E35: =IF($A35="SI","",$D35) | G35: CZ ANTONIA SANTOS | H35: San Vicente De Chucuri | I35: EDUCACIÓN INICIAL EN EL HOGAR - FAMILIAR Y COMUNITARIA | J35: OPERADOR COMPONENTE PEDAGOGICO CON ALIMENTOS | K35: 23 | L35: =SUMIFS( zonificación!$AA:$AA, zonificación!$A:$A,B35, zonificación!$K:$K, G35, zonificación!$I:$I,H35, zonificación!$W:$W, I35) -> 709 | M35: =IF(COUNTIFS($D$2:$D35,D35)=1,SUMIFS($L:$L,D:D,D35),0) -> 0 | N35: 3 | O35: =IF(COUNTIFS($D$2:$D35,D35)=1,SUMIFS($K:$K,D:D,D35),0) -> 0 | P35: =IF(COUNTIFS($D$2:$D35,D35)=1,SUMIFS($M:$M,D:D,D35),0) -> 0 | Q35: Articulo 35 invitación cerrada – literal m | R35: 860031909 | S35: 860031909 | T35: FE Y ALEGRIA DE COLOMBIA | U35: FE Y ALEGRIA DE COLOMBIA | V35: Familiar y Comunitaria | W35: 46326 | X35: 0 | Y35: =IF(COUNTIFS($D$2:$D35,$D35)=1,SUMIFS(X:X,$D:$D,$D35),0) -> 0 | Z35: 0 | AA35: Descripción otros conceptos | AB35: 0 | AC35: =IF(COUNTIFS($D$2:$D35,$D35)=1,SUMIFS(AB:AB,$D:$D,$D35),0) -> 0 | AD35: =IF(COUNTIFS($D$2:$D35,$D35)=1,SUMIFS(Z:Z,$D:$D,$D35),0) -> 0 | AE35: =SUM(AC35:AD35) -> 0 | AF35: =+X35+AE35 -> 0 | AG35: =IF(COUNTIFS($D$2:$D35,$D35)=1,SUMIFS(AF:AF,$D:$D,$D35),0) -> 0 | AH35: =IF(E35="",2026,VALUE(RIGHT(E35,4))) -> 2026 | AI35: =AG35/VLOOKUP(AH35,SALARIOS!$A$1:$B$4,2,0) -> 0 | AJ35: 0 | AK35: 0 | AL35: 0 | AM35: 0 | AN35: =+AJ35+AL35 -> 0 | AO35: =+AK35+AM35 -> 0 | AP35: =((AK35-AJ35)/SAL_2026)+((AM35-AL35)/SAL_2026) -> 0 | AQ35: =VALUE(IF(COUNTIFS($D$2:$D35,$D35)=1,MAX(0,SUMIFS(AP:AP,$D:$D,$D35)),0)) -> 0 | AR35: =$AO35-$AN35 -> 0 | AS35: =IF(COUNTIFS($D$2:$D35,$D35)=1,SUMIFS(AR:AR,$D:$D,$D35),0) -> 0 | AT35: =IF(AS35="",AG35,AG35+AS35) -> 0 | AU35: =+AT35 -> 0 | AV35: =SUMIFS(Combinaciones!$K:$K,Combinaciones!$A:$A,I35,Combinaciones!$B:$B,J35,Combinaciones!$F:$F,N35)*L35 -> 877601618 | AW35: =IF(COUNTIFS($D$2:$D35,$D35)=1,SUMIFS(AV:AV,$D:$D,$D35),0) -> 0 | AX35: 0 | AY35: Descripción otros conceptos | BA35: =+IF(I35="HOGAR INFANTIL – INSTITUCIONAL",AZ35*(1750905*0.03)*N35,0) -> 0 | BB35: 0 | BC35: =IFERROR(AV35+AX35-BB35+BA35,0) -> 877601618 | BD35: =IF(COUNTIFS($D$2:$D35,$D35)=1,SUMIFS(BC:BC,$D:$D,$D35),0) -> 0 | BE35: 0.02 | BF35: =IFERROR(BE35*BD35,"") -> 0 | BG35: =IF(COUNTIFS($D$2:$D35,$D35)=1,SUMIFS(BF:BF,$D:$D,$D35),0) -> 0 | BH35: =IF(BD35<>"",BD35+BG35,"") -> 0 | BI35: =IFERROR(BH35/SAL_2026,"") -> 0 | BJ35: =X35+AK35-AJ35+BC35 -> 877601618 | BK35: =SUMIF($D:$D,$D:$D,$BJ:$BJ) -> 1094857802 | BL35: =IF(COUNTIF($D$3:D35,D35)=1,BK35,"") | BM35: =+IFERROR(AC35+BF35+AM35-AL35,0) -> 0 | BN35: =+IFERROR(Y35+AE35+AK35-AJ35+AM35-AL35+BD35+BF35+AD35,0) -> 0 | BO35: =IF(AI35<>"",AI35/2,"") -> 0 | BP35: =+AQ35+BI35 -> 0 | BQ35: =IF(A35="SI","",IF(BO35-BP35<0,0,BO35-BP35)) | BR35: =IFERROR(BQ35*SAL_2026,"") | BS35: =+(AI35+BP35) -> 0 | BT35: =IF(BS35="","",IF(SUMIFS(BS:BS,R:R,R35)>5000,"ALERTA MAYOR QUE 5.000",""))
A36: SI | B36: 1857 | C36: SANTANDER | D36: 68008542025 | E36: =IF($A36="SI","",$D36) | G36: CZ BUCARAMANGA SUR | H36: Floridablanca | I36: EDUCACIÓN INICIAL EN EL HOGAR - FAMILIAR Y COMUNITARIA | J36: OPERADOR COMPONENTE PEDAGOGICO CON ALIMENTOS | K36: 12 | L36: =SUMIFS( zonificación!$AA:$AA, zonificación!$A:$A,B36, zonificación!$K:$K, G36, zonificación!$I:$I,H36, zonificación!$W:$W, I36) -> 472 | M36: =IF(COUNTIFS($D$2:$D36,D36)=1,SUMIFS($L:$L,D:D,D36),0) -> 472 | N36: 3 | O36: =IF(COUNTIFS($D$2:$D36,D36)=1,SUMIFS($K:$K,D:D,D36),0) -> 12 | P36: =IF(COUNTIFS($D$2:$D36,D36)=1,SUMIFS($M:$M,D:D,D36),0) -> 472 | Q36: Articulo 35 invitación cerrada – literal m | R36: 830507841 | S36: =IF($A36="SI","",$R36) | T36: COOPERATIVA MULTIACTIVA DE FLORIDABLANCA COOPMULTIFLOR LTDA | U36: =IF($A36="SI","",$T36) | V36: Familiar y Comunitaria | W36: 46326 | X36: 0 | Y36: =IF(COUNTIFS($D$2:$D36,$D36)=1,SUMIFS(X:X,$D:$D,$D36),0) -> 0 | Z36: 0 | AA36: Descripción otros conceptos | AB36: 0 | AC36: =IF(COUNTIFS($D$2:$D36,$D36)=1,SUMIFS(AB:AB,$D:$D,$D36),0) -> 0 | AD36: =IF(COUNTIFS($D$2:$D36,$D36)=1,SUMIFS(Z:Z,$D:$D,$D36),0) -> 0 | AE36: =SUM(AC36:AD36) -> 0 | AF36: =+X36+AE36 -> 0 | AG36: =IF(COUNTIFS($D$2:$D36,$D36)=1,SUMIFS(AF:AF,$D:$D,$D36),0) -> 0 | AH36: =IF(E36="",2026,VALUE(RIGHT(E36,4))) -> 2026 | AI36: =AG36/VLOOKUP(AH36,SALARIOS!$A$1:$B$4,2,0) -> 0 | AJ36: 0 | AK36: 0 | AL36: 0 | AM36: 0 | AN36: =+AJ36+AL36 -> 0 | AO36: =+AK36+AM36 -> 0 | AP36: =((AK36-AJ36)/SAL_2026)+((AM36-AL36)/SAL_2026) -> 0 | AQ36: =VALUE(IF(COUNTIFS($D$2:$D36,$D36)=1,MAX(0,SUMIFS(AP:AP,$D:$D,$D36)),0)) -> 0 | AR36: =$AO36-$AN36 -> 0 | AS36: =IF(COUNTIFS($D$2:$D36,$D36)=1,SUMIFS(AR:AR,$D:$D,$D36),0) -> 0 | AT36: =IF(AS36="",AG36,AG36+AS36) -> 0 | AU36: =+AT36 -> 0 | AV36: =SUMIFS(Combinaciones!$K:$K,Combinaciones!$A:$A,I36,Combinaciones!$B:$B,J36,Combinaciones!$F:$F,N36)*L36 -> 584242544 | AW36: =IF(COUNTIFS($D$2:$D36,$D36)=1,SUMIFS(AV:AV,$D:$D,$D36),0) -> 584242544 | AX36: 0 | AY36: Descripción otros conceptos | BA36: =+IF(I36="HOGAR INFANTIL – INSTITUCIONAL",AZ36*(1750905*0.03)*N36,0) -> 0 | BB36: 0 | BC36: =IFERROR(AV36+AX36-BB36+BA36,0) -> 584242544 | BD36: =IF(COUNTIFS($D$2:$D36,$D36)=1,SUMIFS(BC:BC,$D:$D,$D36),0) -> 584242544 | BE36: 0.02 | BF36: =IFERROR(BE36*BD36,"") -> 11684851 | BG36: =IF(COUNTIFS($D$2:$D36,$D36)=1,SUMIFS(BF:BF,$D:$D,$D36),0) -> 11684851 | BH36: =IF(BD36<>"",BD36+BG36,"") -> 5.9592739e+08 | BI36: =IFERROR(BH36/SAL_2026,"") -> 340.35393 | BJ36: =X36+AK36-AJ36+BC36 -> 584242544 | BK36: =SUMIF($D:$D,$D:$D,$BJ:$BJ) -> 584242544 | BL36: =IF(COUNTIF($D$3:D36,D36)=1,BK36,"") -> 584242544 | BM36: =+IFERROR(AC36+BF36+AM36-AL36,0) -> 11684851 | BN36: =+IFERROR(Y36+AE36+AK36-AJ36+AM36-AL36+BD36+BF36+AD36,0) -> 5.9592739e+08 | BO36: =IF(AI36<>"",AI36/2,"") -> 0 | BP36: =+AQ36+BI36 -> 340.35393 | BQ36: =IF(A36="SI","",IF(BO36-BP36<0,0,BO36-BP36)) | BR36: =IFERROR(BQ36*SAL_2026,"") | BS36: =+(AI36+BP36) -> 340.35393 | BT36: =IF(BS36="","",IF(SUMIFS(BS:BS,R:R,R36)>5000,"ALERTA MAYOR QUE 5.000",""))
A37: SI | B37: 1858 | C37: SANTANDER | D37: 68008412025 | E37: =IF($A37="SI","",$D37) | G37: CZ BUCARAMANGA SUR | H37: Floridablanca | I37: CENTRO DE DESARROLLO INFANTIL - SIN ARRIENDO - INSTITUCIONAL | J37: OPERADOR COMPONENTE PEDAGOGICO CON ALIMENTOS | K37: 1 | L37: =SUMIFS( zonificación!$AA:$AA, zonificación!$A:$A,B37, zonificación!$K:$K, G37, zonificación!$I:$I,H37, zonificación!$W:$W, I37) -> 80 | M37: =IF(COUNTIFS($D$2:$D37,D37)=1,SUMIFS($L:$L,D:D,D37),0) -> 1011 | N37: 3 | O37: =IF(COUNTIFS($D$2:$D37,D37)=1,SUMIFS($K:$K,D:D,D37),0) -> 24 | P37: =IF(COUNTIFS($D$2:$D37,D37)=1,SUMIFS($M:$M,D:D,D37),0) -> 1011 | Q37: Articulo 35 invitación cerrada – literal m | R37: 830507841 | S37: =IF($A37="SI","",$R37) | T37: COOPERATIVA MULTIACTIVA DE FLORIDABLANCA COOPMULTIFLOR LTDA | U37: =IF($A37="SI","",$T37) | V37: Institucional | W37: 46326 | X37: 0 | Y37: =IF(COUNTIFS($D$2:$D37,$D37)=1,SUMIFS(X:X,$D:$D,$D37),0) -> 0 | Z37: 0 | AA37: Descripción otros conceptos | AB37: 0 | AC37: =IF(COUNTIFS($D$2:$D37,$D37)=1,SUMIFS(AB:AB,$D:$D,$D37),0) -> 0 | AD37: =IF(COUNTIFS($D$2:$D37,$D37)=1,SUMIFS(Z:Z,$D:$D,$D37),0) -> 0 | AE37: =SUM(AC37:AD37) -> 0 | AF37: =+X37+AE37 -> 0 | AG37: =IF(COUNTIFS($D$2:$D37,$D37)=1,SUMIFS(AF:AF,$D:$D,$D37),0) -> 0 | AH37: =IF(E37="",2026,VALUE(RIGHT(E37,4))) -> 2026 | AI37: =AG37/VLOOKUP(AH37,SALARIOS!$A$1:$B$4,2,0) -> 0 | AJ37: 0 | AK37: 0 | AL37: 0 | AM37: 0 | AN37: =+AJ37+AL37 -> 0 | AO37: =+AK37+AM37 -> 0 | AP37: =((AK37-AJ37)/SAL_2026)+((AM37-AL37)/SAL_2026) -> 0 | AQ37: =VALUE(IF(COUNTIFS($D$2:$D37,$D37)=1,MAX(0,SUMIFS(AP:AP,$D:$D,$D37)),0)) -> 0 | AR37: =$AO37-$AN37 -> 0 | AS37: =IF(COUNTIFS($D$2:$D37,$D37)=1,SUMIFS(AR:AR,$D:$D,$D37),0) -> 0 | AT37: =IF(AS37="",AG37,AG37+AS37) -> 0 | AU37: =+AT37 -> 0 | AV37: =SUMIFS(Combinaciones!$K:$K,Combinaciones!$A:$A,I37,Combinaciones!$B:$B,J37,Combinaciones!$F:$F,N37)*L37 -> 135126720 | AW37: =IF(COUNTIFS($D$2:$D37,$D37)=1,SUMIFS(AV:AV,$D:$D,$D37),0) -> 1287520382 | AX37: 0 | AY37: Descripción otros conceptos | BA37: =+IF(I37="HOGAR INFANTIL – INSTITUCIONAL",AZ37*(1750905*0.03)*N37,0) -> 0 | BB37: 0 | BC37: =IFERROR(AV37+AX37-BB37+BA37,0) -> 135126720 | BD37: =IF(COUNTIFS($D$2:$D37,$D37)=1,SUMIFS(BC:BC,$D:$D,$D37),0) -> 1287520382 | BE37: 0.02 | BF37: =IFERROR(BE37*BD37,"") -> 25750408 | BG37: =IF(COUNTIFS($D$2:$D37,$D37)=1,SUMIFS(BF:BF,$D:$D,$D37),0) -> 25750408 | BH37: =IF(BD37<>"",BD37+BG37,"") -> 1.3132708e+09 | BI37: =IFERROR(BH37/SAL_2026,"") -> 750.05257 | BJ37: =X37+AK37-AJ37+BC37 -> 135126720 | BK37: =SUMIF($D:$D,$D:$D,$BJ:$BJ) -> 1287520382 | BL37: =IF(COUNTIF($D$3:D37,D37)=1,BK37,"") -> 1287520382 | BM37: =+IFERROR(AC37+BF37+AM37-AL37,0) -> 25750408 | BN37: =+IFERROR(Y37+AE37+AK37-AJ37+AM37-AL37+BD37+BF37+AD37,0) -> 1.3132708e+09 | BO37: =IF(AI37<>"",AI37/2,"") -> 0 | BP37: =+AQ37+BI37 -> 750.05257 | BQ37: =IF(A37="SI","",IF(BO37-BP37<0,0,BO37-BP37)) | BR37: =IFERROR(BQ37*SAL_2026,"") | BS37: =+(AI37+BP37) -> 750.05257 | BT37: =IF(BS37="","",IF(SUMIFS(BS:BS,R:R,R37)>5000,"ALERTA MAYOR QUE 5.000",""))
A38: SI | B38: 1858 | C38: SANTANDER | D38: 68008412025 | E38: =IF($A38="SI","",$D38) | G38: CZ BUCARAMANGA SUR | H38: Floridablanca | I38: EDUCACIÓN INICIAL EN EL HOGAR - FAMILIAR Y COMUNITARIA | J38: OPERADOR COMPONENTE PEDAGOGICO CON ALIMENTOS | K38: 23 | L38: =SUMIFS( zonificación!$AA:$AA, zonificación!$A:$A,B38, zonificación!$K:$K, G38, zonificación!$I:$I,H38, zonificación!$W:$W, I38) -> 931 | M38: =IF(COUNTIFS($D$2:$D38,D38)=1,SUMIFS($L:$L,D:D,D38),0) -> 0 | N38: 3 | O38: =IF(COUNTIFS($D$2:$D38,D38)=1,SUMIFS($K:$K,D:D,D38),0) -> 0 | P38: =IF(COUNTIFS($D$2:$D38,D38)=1,SUMIFS($M:$M,D:D,D38),0) -> 0 | Q38: Articulo 35 invitación cerrada – literal m | R38: 830507841 | S38: =IF($A38="SI","",$R38) | T38: COOPERATIVA MULTIACTIVA DE FLORIDABLANCA COOPMULTIFLOR LTDA | U38: =IF($A38="SI","",$T38) | V38: Familiar y Comunitaria | W38: 46326 | X38: 0 | Y38: =IF(COUNTIFS($D$2:$D38,$D38)=1,SUMIFS(X:X,$D:$D,$D38),0) -> 0 | Z38: 0 | AA38: Descripción otros conceptos | AB38: 0 | AC38: =IF(COUNTIFS($D$2:$D38,$D38)=1,SUMIFS(AB:AB,$D:$D,$D38),0) -> 0 | AD38: =IF(COUNTIFS($D$2:$D38,$D38)=1,SUMIFS(Z:Z,$D:$D,$D38),0) -> 0 | AE38: =SUM(AC38:AD38) -> 0 | AF38: =+X38+AE38 -> 0 | AG38: =IF(COUNTIFS($D$2:$D38,$D38)=1,SUMIFS(AF:AF,$D:$D,$D38),0) -> 0 | AH38: =IF(E38="",2026,VALUE(RIGHT(E38,4))) -> 2026 | AI38: =AG38/VLOOKUP(AH38,SALARIOS!$A$1:$B$4,2,0) -> 0 | AJ38: 0 | AK38: 0 | AL38: 0 | AM38: 0 | AN38: =+AJ38+AL38 -> 0 | AO38: =+AK38+AM38 -> 0 | AP38: =((AK38-AJ38)/SAL_2026)+((AM38-AL38)/SAL_2026) -> 0 | AQ38: =VALUE(IF(COUNTIFS($D$2:$D38,$D38)=1,MAX(0,SUMIFS(AP:AP,$D:$D,$D38)),0)) -> 0 | AR38: =$AO38-$AN38 -> 0 | AS38: =IF(COUNTIFS($D$2:$D38,$D38)=1,SUMIFS(AR:AR,$D:$D,$D38),0) -> 0 | AT38: =IF(AS38="",AG38,AG38+AS38) -> 0 | AU38: =+AT38 -> 0 | AV38: =SUMIFS(Combinaciones!$K:$K,Combinaciones!$A:$A,I38,Combinaciones!$B:$B,J38,Combinaciones!$F:$F,N38)*L38 -> 1152393662 | AW38: =IF(COUNTIFS($D$2:$D38,$D38)=1,SUMIFS(AV:AV,$D:$D,$D38),0) -> 0 | AX38: 0 | AY38: Descripción otros conceptos | BA38: =+IF(I38="HOGAR INFANTIL – INSTITUCIONAL",AZ38*(1750905*0.03)*N38,0) -> 0 | BB38: 0 | BC38: =IFERROR(AV38+AX38-BB38+BA38,0) -> 1152393662 | BD38: =IF(COUNTIFS($D$2:$D38,$D38)=1,SUMIFS(BC:BC,$D:$D,$D38),0) -> 0 | BE38: 0.02 | BF38: =IFERROR(BE38*BD38,"") -> 0 | BG38: =IF(COUNTIFS($D$2:$D38,$D38)=1,SUMIFS(BF:BF,$D:$D,$D38),0) -> 0 | BH38: =IF(BD38<>"",BD38+BG38,"") -> 0 | BI38: =IFERROR(BH38/SAL_2026,"") -> 0 | BJ38: =X38+AK38-AJ38+BC38 -> 1152393662 | BK38: =SUMIF($D:$D,$D:$D,$BJ:$BJ) -> 1287520382 | BL38: =IF(COUNTIF($D$3:D38,D38)=1,BK38,"") | BM38: =+IFERROR(AC38+BF38+AM38-AL38,0) -> 0 | BN38: =+IFERROR(Y38+AE38+AK38-AJ38+AM38-AL38+BD38+BF38+AD38,0) -> 0 | BO38: =IF(AI38<>"",AI38/2,"") -> 0 | BP38: =+AQ38+BI38 -> 0 | BQ38: =IF(A38="SI","",IF(BO38-BP38<0,0,BO38-BP38)) | BR38: =IFERROR(BQ38*SAL_2026,"") | BS38: =+(AI38+BP38) -> 0 | BT38: =IF(BS38="","",IF(SUMIFS(BS:BS,R:R,R38)>5000,"ALERTA MAYOR QUE 5.000",""))
A39: SI | B39: 1859 | C39: SANTANDER | D39: 68008962025 | E39: =IF($A39="SI","",$D39) | G39: CZ YARIQUIES | H39: Barrancabermeja | I39: EDUCACIÓN INICIAL EN EL HOGAR - FAMILIAR Y COMUNITARIA | J39: OPERADOR SOLO COMPONENTE PEDAGOGICO | K39: 13 | L39: =SUMIFS( zonificación!$AA:$AA, zonificación!$A:$A,B39, zonificación!$K:$K, G39, zonificación!$I:$I,H39, zonificación!$W:$W, I39) -> 648 | M39: =IF(COUNTIFS($D$2:$D39,D39)=1,SUMIFS($L:$L,D:D,D39),0) -> 648 | N39: 3 | O39: =IF(COUNTIFS($D$2:$D39,D39)=1,SUMIFS($K:$K,D:D,D39),0) -> 13 | P39: =IF(COUNTIFS($D$2:$D39,D39)=1,SUMIFS($M:$M,D:D,D39),0) -> 648 | Q39: Articulo 35 invitación cerrada – literal m | R39: 900267263 | S39: =IF($A39="SI","",$R39) | T39: ASOCIACION AFRODESCENDIENTES DEL MAGDALENA MEDIO AFRODMAM | U39: =IF($A39="SI","",$T39) | V39: Familiar y Comunitaria | W39: 46326 | X39: 0 | Y39: =IF(COUNTIFS($D$2:$D39,$D39)=1,SUMIFS(X:X,$D:$D,$D39),0) -> 0 | Z39: 0 | AA39: Descripción otros conceptos | AB39: 0 | AC39: =IF(COUNTIFS($D$2:$D39,$D39)=1,SUMIFS(AB:AB,$D:$D,$D39),0) -> 0 | AD39: =IF(COUNTIFS($D$2:$D39,$D39)=1,SUMIFS(Z:Z,$D:$D,$D39),0) -> 0 | AE39: =SUM(AC39:AD39) -> 0 | AF39: =+X39+AE39 -> 0 | AG39: =IF(COUNTIFS($D$2:$D39,$D39)=1,SUMIFS(AF:AF,$D:$D,$D39),0) -> 0 | AH39: =IF(E39="",2026,VALUE(RIGHT(E39,4))) -> 2026 | AI39: =AG39/VLOOKUP(AH39,SALARIOS!$A$1:$B$4,2,0) -> 0 | AJ39: 0 | AK39: 0 | AL39: 0 | AM39: 0 | AN39: =+AJ39+AL39 -> 0 | AO39: =+AK39+AM39 -> 0 | AP39: =((AK39-AJ39)/SAL_2026)+((AM39-AL39)/SAL_2026) -> 0 | AQ39: =VALUE(IF(COUNTIFS($D$2:$D39,$D39)=1,MAX(0,SUMIFS(AP:AP,$D:$D,$D39)),0)) -> 0 | AR39: =$AO39-$AN39 -> 0 | AS39: =IF(COUNTIFS($D$2:$D39,$D39)=1,SUMIFS(AR:AR,$D:$D,$D39),0) -> 0 | AT39: =IF(AS39="",AG39,AG39+AS39) -> 0 | AU39: =+AT39 -> 0 | AV39: =SUMIFS(Combinaciones!$K:$K,Combinaciones!$A:$A,I39,Combinaciones!$B:$B,J39,Combinaciones!$F:$F,N39)*L39 -> 419490576 | AW39: =IF(COUNTIFS($D$2:$D39,$D39)=1,SUMIFS(AV:AV,$D:$D,$D39),0) -> 419490576 | AX39: 0 | AY39: Descripción otros conceptos | BA39: =+IF(I39="HOGAR INFANTIL – INSTITUCIONAL",AZ39*(1750905*0.03)*N39,0) -> 0 | BB39: 0 | BC39: =IFERROR(AV39+AX39-BB39+BA39,0) -> 419490576 | BD39: =IF(COUNTIFS($D$2:$D39,$D39)=1,SUMIFS(BC:BC,$D:$D,$D39),0) -> 419490576 | BE39: 0.02 | BF39: =IFERROR(BE39*BD39,"") -> 8389811.5 | BG39: =IF(COUNTIFS($D$2:$D39,$D39)=1,SUMIFS(BF:BF,$D:$D,$D39),0) -> 8389811.5 | BH39: =IF(BD39<>"",BD39+BG39,"") -> 4.2788039e+08 | BI39: =IFERROR(BH39/SAL_2026,"") -> 244.3767 | BJ39: =X39+AK39-AJ39+BC39 -> 419490576 | BK39: =SUMIF($D:$D,$D:$D,$BJ:$BJ) -> 419490576 | BL39: =IF(COUNTIF($D$3:D39,D39)=1,BK39,"") -> 419490576 | BM39: =+IFERROR(AC39+BF39+AM39-AL39,0) -> 8389811.5 | BN39: =+IFERROR(Y39+AE39+AK39-AJ39+AM39-AL39+BD39+BF39+AD39,0) -> 4.2788039e+08 | BO39: =IF(AI39<>"",AI39/2,"") -> 0 | BP39: =+AQ39+BI39 -> 244.3767 | BQ39: =IF(A39="SI","",IF(BO39-BP39<0,0,BO39-BP39)) | BR39: =IFERROR(BQ39*SAL_2026,"") | BS39: =+(AI39+BP39) -> 244.3767 | BT39: =IF(BS39="","",IF(SUMIFS(BS:BS,R:R,R39)>5000,"ALERTA MAYOR QUE 5.000",""))
A40: SI | B40: 1860 | C40: SANTANDER | D40: 68008852025 | E40: =IF($A40="SI","",$D40) | G40: CZ YARIQUIES | H40: Barrancabermeja | I40: EDUCACIÓN INICIAL EN EL HOGAR - FAMILIAR Y COMUNITARIA | J40: OPERADOR SOLO COMPONENTE PEDAGOGICO | K40: 24 | L40: =SUMIFS( zonificación!$AA:$AA, zonificación!$A:$A,B40, zonificación!$K:$K, G40, zonificación!$I:$I,H40, zonificación!$W:$W, I40) -> 645 | M40: =IF(COUNTIFS($D$2:$D40,D40)=1,SUMIFS($L:$L,D:D,D40),0) -> 645 | N40: 3 | O40: =IF(COUNTIFS($D$2:$D40,D40)=1,SUMIFS($K:$K,D:D,D40),0) -> 24 | P40: =IF(COUNTIFS($D$2:$D40,D40)=1,SUMIFS($M:$M,D:D,D40),0) -> 645 | Q40: Articulo 35 invitación cerrada – literal m | R40: 900267263 | S40: =IF($A40="SI","",$R40) | T40: ASOCIACION AFRODESCENDIENTES DEL MAGDALENA MEDIO AFRODMAM | U40: =IF($A40="SI","",$T40) | V40: Familiar y Comunitaria | W40: 46326 | X40: 0 | Y40: =IF(COUNTIFS($D$2:$D40,$D40)=1,SUMIFS(X:X,$D:$D,$D40),0) -> 0 | Z40: 0 | AA40: Descripción otros conceptos | AB40: 0 | AC40: =IF(COUNTIFS($D$2:$D40,$D40)=1,SUMIFS(AB:AB,$D:$D,$D40),0) -> 0 | AD40: =IF(COUNTIFS($D$2:$D40,$D40)=1,SUMIFS(Z:Z,$D:$D,$D40),0) -> 0 | AE40: =SUM(AC40:AD40) -> 0 | AF40: =+X40+AE40 -> 0 | AG40: =IF(COUNTIFS($D$2:$D40,$D40)=1,SUMIFS(AF:AF,$D:$D,$D40),0) -> 0 | AH40: =IF(E40="",2026,VALUE(RIGHT(E40,4))) -> 2026 | AI40: =AG40/VLOOKUP(AH40,SALARIOS!$A$1:$B$4,2,0) -> 0 | AJ40: 0 | AK40: 0 | AL40: 0 | AM40: 0 | AN40: =+AJ40+AL40 -> 0 | AO40: =+AK40+AM40 -> 0 | AP40: =((AK40-AJ40)/SAL_2026)+((AM40-AL40)/SAL_2026) -> 0 | AQ40: =VALUE(IF(COUNTIFS($D$2:$D40,$D40)=1,MAX(0,SUMIFS(AP:AP,$D:$D,$D40)),0)) -> 0 | AR40: =$AO40-$AN40 -> 0 | AS40: =IF(COUNTIFS($D$2:$D40,$D40)=1,SUMIFS(AR:AR,$D:$D,$D40),0) -> 0 | AT40: =IF(AS40="",AG40,AG40+AS40) -> 0 | AU40: =+AT40 -> 0 | AV40: =SUMIFS(Combinaciones!$K:$K,Combinaciones!$A:$A,I40,Combinaciones!$B:$B,J40,Combinaciones!$F:$F,N40)*L40 -> 417548490 | AW40: =IF(COUNTIFS($D$2:$D40,$D40)=1,SUMIFS(AV:AV,$D:$D,$D40),0) -> 417548490 | AX40: 0 | AY40: Descripción otros conceptos | BA40: =+IF(I40="HOGAR INFANTIL – INSTITUCIONAL",AZ40*(1750905*0.03)*N40,0) -> 0 | BB40: 0 | BC40: =IFERROR(AV40+AX40-BB40+BA40,0) -> 417548490 | BD40: =IF(COUNTIFS($D$2:$D40,$D40)=1,SUMIFS(BC:BC,$D:$D,$D40),0) -> 417548490 | BE40: 0.02 | BF40: =IFERROR(BE40*BD40,"") -> 8350969.8 | BG40: =IF(COUNTIFS($D$2:$D40,$D40)=1,SUMIFS(BF:BF,$D:$D,$D40),0) -> 8350969.8 | BH40: =IF(BD40<>"",BD40+BG40,"") -> 4.2589946e+08 | BI40: =IFERROR(BH40/SAL_2026,"") -> 243.24533 | BJ40: =X40+AK40-AJ40+BC40 -> 417548490 | BK40: =SUMIF($D:$D,$D:$D,$BJ:$BJ) -> 417548490 | BL40: =IF(COUNTIF($D$3:D40,D40)=1,BK40,"") -> 417548490 | BM40: =+IFERROR(AC40+BF40+AM40-AL40,0) -> 8350969.8 | BN40: =+IFERROR(Y40+AE40+AK40-AJ40+AM40-AL40+BD40+BF40+AD40,0) -> 4.2589946e+08 | BO40: =IF(AI40<>"",AI40/2,"") -> 0 | BP40: =+AQ40+BI40 -> 243.24533 | BQ40: =IF(A40="SI","",IF(BO40-BP40<0,0,BO40-BP40)) | BR40: =IFERROR(BQ40*SAL_2026,"") | BS40: =+(AI40+BP40) -> 243.24533 | BT40: =IF(BS40="","",IF(SUMIFS(BS:BS,R:R,R40)>5000,"ALERTA MAYOR QUE 5.000",""))
A41: SI | B41: 1861 | C41: SANTANDER | D41: 68008912025 | E41: =IF($A41="SI","",$D41) | G41: CZ YARIQUIES | H41: Puerto Wilches | I41: CENTRO DE DESARROLLO INFANTIL - SIN ARRIENDO - INSTITUCIONAL | J41: OPERADOR COMPONENTE PEDAGOGICO CON ALIMENTOS | K41: 2 | L41: =SUMIFS( zonificación!$AA:$AA, zonificación!$A:$A,B41, zonificación!$K:$K, G41, zonificación!$I:$I,H41, zonificación!$W:$W, I41) -> 116 | M41: =IF(COUNTIFS($D$2:$D41,D41)=1,SUMIFS($L:$L,D:D,D41),0) -> 116 | N41: 3 | O41: =IF(COUNTIFS($D$2:$D41,D41)=1,SUMIFS($K:$K,D:D,D41),0) -> 2 | P41: =IF(COUNTIFS($D$2:$D41,D41)=1,SUMIFS($M:$M,D:D,D41),0) -> 116 | Q41: Articulo 35 invitación cerrada – literal m | R41: 829000108 | S41: =IF($A41="SI","",$R41) | T41: ASOCIACION DE PADRES DE HOGARES DE BIENESTAR LOS CHIQUITINES | U41: =IF($A41="SI","",$T41) | V41: Institucional | W41: 46326 | X41: 0 | Y41: =IF(COUNTIFS($D$2:$D41,$D41)=1,SUMIFS(X:X,$D:$D,$D41),0) -> 0 | Z41: 0 | AA41: Descripción otros conceptos | AB41: 0 | AC41: =IF(COUNTIFS($D$2:$D41,$D41)=1,SUMIFS(AB:AB,$D:$D,$D41),0) -> 0 | AD41: =IF(COUNTIFS($D$2:$D41,$D41)=1,SUMIFS(Z:Z,$D:$D,$D41),0) -> 0 | AE41: =SUM(AC41:AD41) -> 0 | AF41: =+X41+AE41 -> 0 | AG41: =IF(COUNTIFS($D$2:$D41,$D41)=1,SUMIFS(AF:AF,$D:$D,$D41),0) -> 0 | AH41: =IF(E41="",2026,VALUE(RIGHT(E41,4))) -> 2026 | AI41: =AG41/VLOOKUP(AH41,SALARIOS!$A$1:$B$4,2,0) -> 0 | AJ41: 0 | AK41: 0 | AL41: 0 | AM41: 0 | AN41: =+AJ41+AL41 -> 0 | AO41: =+AK41+AM41 -> 0 | AP41: =((AK41-AJ41)/SAL_2026)+((AM41-AL41)/SAL_2026) -> 0 | AQ41: =VALUE(IF(COUNTIFS($D$2:$D41,$D41)=1,MAX(0,SUMIFS(AP:AP,$D:$D,$D41)),0)) -> 0 | AR41: =$AO41-$AN41 -> 0 | AS41: =IF(COUNTIFS($D$2:$D41,$D41)=1,SUMIFS(AR:AR,$D:$D,$D41),0) -> 0 | AT41: =IF(AS41="",AG41,AG41+AS41) -> 0 | AU41: =+AT41 -> 0 | AV41: =SUMIFS(Combinaciones!$K:$K,Combinaciones!$A:$A,I41,Combinaciones!$B:$B,J41,Combinaciones!$F:$F,N41)*L41 -> 195933744 | AW41: =IF(COUNTIFS($D$2:$D41,$D41)=1,SUMIFS(AV:AV,$D:$D,$D41),0) -> 195933744 | AX41: 0 | AY41: Descripción otros conceptos | BA41: =+IF(I41="HOGAR INFANTIL – INSTITUCIONAL",AZ41*(1750905*0.03)*N41,0) -> 0 | BB41: 0 | BC41: =IFERROR(AV41+AX41-BB41+BA41,0) -> 195933744 | BD41: =IF(COUNTIFS($D$2:$D41,$D41)=1,SUMIFS(BC:BC,$D:$D,$D41),0) -> 195933744 | BE41: 0.02 | BF41: =IFERROR(BE41*BD41,"") -> 3918674.9 | BG41: =IF(COUNTIFS($D$2:$D41,$D41)=1,SUMIFS(BF:BF,$D:$D,$D41),0) -> 3918674.9 | BH41: =IF(BD41<>"",BD41+BG41,"") -> 1.9985242e+08 | BI41: =IFERROR(BH41/SAL_2026,"") -> 114.14235 | BJ41: =X41+AK41-AJ41+BC41 -> 195933744 | BK41: =SUMIF($D:$D,$D:$D,$BJ:$BJ) -> 195933744 | BL41: =IF(COUNTIF($D$3:D41,D41)=1,BK41,"") -> 195933744 | BM41: =+IFERROR(AC41+BF41+AM41-AL41,0) -> 3918674.9 | BN41: =+IFERROR(Y41+AE41+AK41-AJ41+AM41-AL41+BD41+BF41+AD41,0) -> 1.9985242e+08 | BO41: =IF(AI41<>"",AI41/2,"") -> 0 | BP41: =+AQ41+BI41 -> 114.14235 | BQ41: =IF(A41="SI","",IF(BO41-BP41<0,0,BO41-BP41)) | BR41: =IFERROR(BQ41*SAL_2026,"") | BS41: =+(AI41+BP41) -> 114.14235 | BT41: =IF(BS41="","",IF(SUMIFS(BS:BS,R:R,R41)>5000,"ALERTA MAYOR QUE 5.000",""))
A42: SI | B42: 1862 | C42: SANTANDER | D42: 68008882025 | E42: =IF($A42="SI","",$D42) | G42: CZ VELEZ | H42: Florian | I42: EDUCACIÓN INICIAL EN EL HOGAR - FAMILIAR Y COMUNITARIA | J42: OPERADOR SOLO COMPONENTE PEDAGOGICO | K42: 8 | L42: =SUMIFS( zonificación!$AA:$AA, zonificación!$A:$A,B42, zonificación!$K:$K, G42, zonificación!$I:$I,H42, zonificación!$W:$W, I42) -> 157 | M42: =IF(COUNTIFS($D$2:$D42,D42)=1,SUMIFS($L:$L,D:D,D42),0) -> 157 | N42: 3 | O42: =IF(COUNTIFS($D$2:$D42,D42)=1,SUMIFS($K:$K,D:D,D42),0) -> 8 | P42: =IF(COUNTIFS($D$2:$D42,D42)=1,SUMIFS($M:$M,D:D,D42),0) -> 157 | Q42: Articulo 35 invitación cerrada – literal m | R42: 890207406 | S42: =IF($A42="SI","",$R42) | T42: ASOCIACIÓN DE PADRES DE FAMILIA HOGAR INFANTIL LOS DIABLITOS | U42: =IF($A42="SI","",$T42) | V42: Familiar y Comunitaria | W42: 46326 | X42: 0 | Y42: =IF(COUNTIFS($D$2:$D42,$D42)=1,SUMIFS(X:X,$D:$D,$D42),0) -> 0 | Z42: 0 | AA42: Descripción otros conceptos | AB42: 0 | AC42: =IF(COUNTIFS($D$2:$D42,$D42)=1,SUMIFS(AB:AB,$D:$D,$D42),0) -> 0 | AD42: =IF(COUNTIFS($D$2:$D42,$D42)=1,SUMIFS(Z:Z,$D:$D,$D42),0) -> 0 | AE42: =SUM(AC42:AD42) -> 0 | AF42: =+X42+AE42 -> 0 | AG42: =IF(COUNTIFS($D$2:$D42,$D42)=1,SUMIFS(AF:AF,$D:$D,$D42),0) -> 0 | AH42: =IF(E42="",2026,VALUE(RIGHT(E42,4))) -> 2026 | AI42: =AG42/VLOOKUP(AH42,SALARIOS!$A$1:$B$4,2,0) -> 0 | AJ42: 0 | AK42: 0 | AL42: 0 | AM42: 0 | AN42: =+AJ42+AL42 -> 0 | AO42: =+AK42+AM42 -> 0 | AP42: =((AK42-AJ42)/SAL_2026)+((AM42-AL42)/SAL_2026) -> 0 | AQ42: =VALUE(IF(COUNTIFS($D$2:$D42,$D42)=1,MAX(0,SUMIFS(AP:AP,$D:$D,$D42)),0)) -> 0 | AR42: =$AO42-$AN42 -> 0 | AS42: =IF(COUNTIFS($D$2:$D42,$D42)=1,SUMIFS(AR:AR,$D:$D,$D42),0) -> 0 | AT42: =IF(AS42="",AG42,AG42+AS42) -> 0 | AU42: =+AT42 -> 0 | AV42: =SUMIFS(Combinaciones!$K:$K,Combinaciones!$A:$A,I42,Combinaciones!$B:$B,J42,Combinaciones!$F:$F,N42)*L42 -> 101635834 | AW42: =IF(COUNTIFS($D$2:$D42,$D42)=1,SUMIFS(AV:AV,$D:$D,$D42),0) -> 101635834 | AX42: 0 | AY42: Descripción otros conceptos | BA42: =+IF(I42="HOGAR INFANTIL – INSTITUCIONAL",AZ42*(1750905*0.03)*N42,0) -> 0 | BB42: 0 | BC42: =IFERROR(AV42+AX42-BB42+BA42,0) -> 101635834 | BD42: =IF(COUNTIFS($D$2:$D42,$D42)=1,SUMIFS(BC:BC,$D:$D,$D42),0) -> 101635834 | BE42: 0.02 | BF42: =IFERROR(BE42*BD42,"") -> 2032716.7 | BG42: =IF(COUNTIFS($D$2:$D42,$D42)=1,SUMIFS(BF:BF,$D:$D,$D42),0) -> 2032716.7 | BH42: =IF(BD42<>"",BD42+BG42,"") -> 1.0366855e+08 | BI42: =IFERROR(BH42/SAL_2026,"") -> 59.208553 | BJ42: =X42+AK42-AJ42+BC42 -> 101635834 | BK42: =SUMIF($D:$D,$D:$D,$BJ:$BJ) -> 101635834 | BL42: =IF(COUNTIF($D$3:D42,D42)=1,BK42,"") -> 101635834 | BM42: =+IFERROR(AC42+BF42+AM42-AL42,0) -> 2032716.7 | BN42: =+IFERROR(Y42+AE42+AK42-AJ42+AM42-AL42+BD42+BF42+AD42,0) -> 1.0366855e+08 | BO42: =IF(AI42<>"",AI42/2,"") -> 0 | BP42: =+AQ42+BI42 -> 59.208553 | BQ42: =IF(A42="SI","",IF(BO42-BP42<0,0,BO42-BP42)) | BR42: =IFERROR(BQ42*SAL_2026,"") | BS42: =+(AI42+BP42) -> 59.208553 | BT42: =IF(BS42="","",IF(SUMIFS(BS:BS,R:R,R42)>5000,"ALERTA MAYOR QUE 5.000",""))
A43: SI | B43: 1863 | C43: SANTANDER | D43: 68008762025 | E43: =IF($A43="SI","",$D43) | G43: CZ CARLOS LLERAS RESTREPO | H43: Bucaramanga | I43: CENTRO DE DESARROLLO INFANTIL - CON ARRIENDO - INSTITUCIONAL | J43: OPERADOR COMPONENTE PEDAGOGICO CON ALIMENTOS | K43: 5 | L43: =SUMIFS( zonificación!$AA:$AA, zonificación!$A:$A,B43, zonificación!$K:$K, G43, zonificación!$I:$I,H43, zonificación!$W:$W, I43) -> 445 | M43: =IF(COUNTIFS($D$2:$D43,D43)=1,SUMIFS($L:$L,D:D,D43),0) -> 833 | N43: 3 | O43: =IF(COUNTIFS($D$2:$D43,D43)=1,SUMIFS($K:$K,D:D,D43),0) -> 7 | P43: =IF(COUNTIFS($D$2:$D43,D43)=1,SUMIFS($M:$M,D:D,D43),0) -> 833 | Q43: Articulo 35 invitación cerrada – literal m | R43: 900748884 | S43: =IF($A43="SI","",$R43) | T43: FUNDACIÓN CHIKIMANIA | U43: =IF($A43="SI","",$T43) | V43: Institucional | W43: 46326 | X43: 0 | Y43: =IF(COUNTIFS($D$2:$D43,$D43)=1,SUMIFS(X:X,$D:$D,$D43),0) -> 0 | Z43: 0 | AA43: Descripción otros conceptos | AB43: 0 | AC43: =IF(COUNTIFS($D$2:$D43,$D43)=1,SUMIFS(AB:AB,$D:$D,$D43),0) -> 0 | AD43: =IF(COUNTIFS($D$2:$D43,$D43)=1,SUMIFS(Z:Z,$D:$D,$D43),0) -> 0 | AE43: =SUM(AC43:AD43) -> 0 | AF43: =+X43+AE43 -> 0 | AG43: =IF(COUNTIFS($D$2:$D43,$D43)=1,SUMIFS(AF:AF,$D:$D,$D43),0) -> 0 | AH43: =IF(E43="",2026,VALUE(RIGHT(E43,4))) -> 2026 | AI43: =AG43/VLOOKUP(AH43,SALARIOS!$A$1:$B$4,2,0) -> 0 | AJ43: 0 | AK43: 0 | AL43: 0 | AM43: 0 | AN43: =+AJ43+AL43 -> 0 | AO43: =+AK43+AM43 -> 0 | AP43: =((AK43-AJ43)/SAL_2026)+((AM43-AL43)/SAL_2026) -> 0 | AQ43: =VALUE(IF(COUNTIFS($D$2:$D43,$D43)=1,MAX(0,SUMIFS(AP:AP,$D:$D,$D43)),0)) -> 0 | AR43: =$AO43-$AN43 -> 0 | AS43: =IF(COUNTIFS($D$2:$D43,$D43)=1,SUMIFS(AR:AR,$D:$D,$D43),0) -> 0 | AT43: =IF(AS43="",AG43,AG43+AS43) -> 0 | AU43: =+AT43 -> 0 | AV43: =SUMIFS(Combinaciones!$K:$K,Combinaciones!$A:$A,I43,Combinaciones!$B:$B,J43,Combinaciones!$F:$F,N43)*L43 -> 776293155 | AW43: =IF(COUNTIFS($D$2:$D43,$D43)=1,SUMIFS(AV:AV,$D:$D,$D43),0) -> 1431657747 | AX43: 0 | AY43: Descripción otros conceptos | BA43: =+IF(I43="HOGAR INFANTIL – INSTITUCIONAL",AZ43*(1750905*0.03)*N43,0) -> 0 | BB43: 0 | BC43: =IFERROR(AV43+AX43-BB43+BA43,0) -> 776293155 | BD43: =IF(COUNTIFS($D$2:$D43,$D43)=1,SUMIFS(BC:BC,$D:$D,$D43),0) -> 1431657747 | BE43: 0.02 | BF43: =IFERROR(BE43*BD43,"") -> 28633155 | BG43: =IF(COUNTIFS($D$2:$D43,$D43)=1,SUMIFS(BF:BF,$D:$D,$D43),0) -> 28633155 | BH43: =IF(BD43<>"",BD43+BG43,"") -> 1.4602909e+09 | BI43: =IFERROR(BH43/SAL_2026,"") -> 834.02064 | BJ43: =X43+AK43-AJ43+BC43 -> 776293155 | BK43: =SUMIF($D:$D,$D:$D,$BJ:$BJ) -> 1431657747 | BL43: =IF(COUNTIF($D$3:D43,D43)=1,BK43,"") -> 1431657747 | BM43: =+IFERROR(AC43+BF43+AM43-AL43,0) -> 28633155 | BN43: =+IFERROR(Y43+AE43+AK43-AJ43+AM43-AL43+BD43+BF43+AD43,0) -> 1.4602909e+09 | BO43: =IF(AI43<>"",AI43/2,"") -> 0 | BP43: =+AQ43+BI43 -> 834.02064 | BQ43: =IF(A43="SI","",IF(BO43-BP43<0,0,BO43-BP43)) | BR43: =IFERROR(BQ43*SAL_2026,"") | BS43: =+(AI43+BP43) -> 834.02064 | BT43: =IF(BS43="","",IF(SUMIFS(BS:BS,R:R,R43)>5000,"ALERTA MAYOR QUE 5.000",""))
A44: SI | B44: 1863 | C44: SANTANDER | D44: 68008762025 | E44: =IF($A44="SI","",$D44) | G44: CZ CARLOS LLERAS RESTREPO | H44: Bucaramanga | I44: CENTRO DE DESARROLLO INFANTIL - SIN ARRIENDO - INSTITUCIONAL | J44: OPERADOR COMPONENTE PEDAGOGICO CON ALIMENTOS | K44: 2 | L44: =SUMIFS( zonificación!$AA:$AA, zonificación!$A:$A,B44, zonificación!$K:$K, G44, zonificación!$I:$I,H44, zonificación!$W:$W, I44) -> 388 | M44: =IF(COUNTIFS($D$2:$D44,D44)=1,SUMIFS($L:$L,D:D,D44),0) -> 0 | N44: 3 | O44: =IF(COUNTIFS($D$2:$D44,D44)=1,SUMIFS($K:$K,D:D,D44),0) -> 0 | P44: =IF(COUNTIFS($D$2:$D44,D44)=1,SUMIFS($M:$M,D:D,D44),0) -> 0 | Q44: Articulo 35 invitación cerrada – literal m | R44: 900748884 | S44: =IF($A44="SI","",$R44) | T44: FUNDACIÓN CHIKIMANIA | U44: =IF($A44="SI","",$T44) | V44: Institucional | W44: 46326 | X44: 0 | Y44: =IF(COUNTIFS($D$2:$D44,$D44)=1,SUMIFS(X:X,$D:$D,$D44),0) -> 0 | Z44: 0 | AA44: Descripción otros conceptos | AB44: 0 | AC44: =IF(COUNTIFS($D$2:$D44,$D44)=1,SUMIFS(AB:AB,$D:$D,$D44),0) -> 0 | AD44: =IF(COUNTIFS($D$2:$D44,$D44)=1,SUMIFS(Z:Z,$D:$D,$D44),0) -> 0 | AE44: =SUM(AC44:AD44) -> 0 | AF44: =+X44+AE44 -> 0 | AG44: =IF(COUNTIFS($D$2:$D44,$D44)=1,SUMIFS(AF:AF,$D:$D,$D44),0) -> 0 | AH44: =IF(E44="",2026,VALUE(RIGHT(E44,4))) -> 2026 | AI44: =AG44/VLOOKUP(AH44,SALARIOS!$A$1:$B$4,2,0) -> 0 | AJ44: 0 | AK44: 0 | AL44: 0 | AM44: 0 | AN44: =+AJ44+AL44 -> 0 | AO44: =+AK44+AM44 -> 0 | AP44: =((AK44-AJ44)/SAL_2026)+((AM44-AL44)/SAL_2026) -> 0 | AQ44: =VALUE(IF(COUNTIFS($D$2:$D44,$D44)=1,MAX(0,SUMIFS(AP:AP,$D:$D,$D44)),0)) -> 0 | AR44: =$AO44-$AN44 -> 0 | AS44: =IF(COUNTIFS($D$2:$D44,$D44)=1,SUMIFS(AR:AR,$D:$D,$D44),0) -> 0 | AT44: =IF(AS44="",AG44,AG44+AS44) -> 0 | AU44: =+AT44 -> 0 | AV44: =SUMIFS(Combinaciones!$K:$K,Combinaciones!$A:$A,I44,Combinaciones!$B:$B,J44,Combinaciones!$F:$F,N44)*L44 -> 655364592 | AW44: =IF(COUNTIFS($D$2:$D44,$D44)=1,SUMIFS(AV:AV,$D:$D,$D44),0) -> 0 | AX44: 0 | AY44: Descripción otros conceptos | BA44: =+IF(I44="HOGAR INFANTIL – INSTITUCIONAL",AZ44*(1750905*0.03)*N44,0) -> 0 | BB44: 0 | BC44: =IFERROR(AV44+AX44-BB44+BA44,0) -> 655364592 | BD44: =IF(COUNTIFS($D$2:$D44,$D44)=1,SUMIFS(BC:BC,$D:$D,$D44),0) -> 0 | BE44: 0.02 | BF44: =IFERROR(BE44*BD44,"") -> 0 | BG44: =IF(COUNTIFS($D$2:$D44,$D44)=1,SUMIFS(BF:BF,$D:$D,$D44),0) -> 0 | BH44: =IF(BD44<>"",BD44+BG44,"") -> 0 | BI44: =IFERROR(BH44/SAL_2026,"") -> 0 | BJ44: =X44+AK44-AJ44+BC44 -> 655364592 | BK44: =SUMIF($D:$D,$D:$D,$BJ:$BJ) -> 1431657747 | BL44: =IF(COUNTIF($D$3:D44,D44)=1,BK44,"") | BM44: =+IFERROR(AC44+BF44+AM44-AL44,0) -> 0 | BN44: =+IFERROR(Y44+AE44+AK44-AJ44+AM44-AL44+BD44+BF44+AD44,0) -> 0 | BO44: =IF(AI44<>"",AI44/2,"") -> 0 | BP44: =+AQ44+BI44 -> 0 | BQ44: =IF(A44="SI","",IF(BO44-BP44<0,0,BO44-BP44)) | BR44: =IFERROR(BQ44*SAL_2026,"") | BS44: =+(AI44+BP44) -> 0 | BT44: =IF(BS44="","",IF(SUMIFS(BS:BS,R:R,R44)>5000,"ALERTA MAYOR QUE 5.000",""))
A45: SI | B45: 1865 | C45: SANTANDER | D45: 68008422025 | E45: =IF($A45="SI","",$D45) | G45: CZ BUCARAMANGA SUR | H45: Piedecuesta | I45: CENTRO DE DESARROLLO INFANTIL - SIN ARRIENDO - INSTITUCIONAL | J45: OPERADOR COMPONENTE PEDAGOGICO CON ALIMENTOS | K45: 1 | L45: =SUMIFS( zonificación!$AA:$AA, zonificación!$A:$A,B45, zonificación!$K:$K, G45, zonificación!$I:$I,H45, zonificación!$W:$W, I45) -> 300 | M45: =IF(COUNTIFS($D$2:$D45,D45)=1,SUMIFS($L:$L,D:D,D45),0) -> 300 | N45: 3 | O45: =IF(COUNTIFS($D$2:$D45,D45)=1,SUMIFS($K:$K,D:D,D45),0) -> 1 | P45: =IF(COUNTIFS($D$2:$D45,D45)=1,SUMIFS($M:$M,D:D,D45),0) -> 300 | Q45: Articulo 35 invitación cerrada – literal m | R45: 890200106 | S45: =IF($A45="SI","",$R45) | T45: CAJA SANTANDEREANA DE SUBSIDIO FAMILIAR CAJASAN | U45: =IF($A45="SI","",$T45) | V45: Institucional | W45: 46326 | X45: 0 | Y45: =IF(COUNTIFS($D$2:$D45,$D45)=1,SUMIFS(X:X,$D:$D,$D45),0) -> 0 | Z45: 0 | AA45: Descripción otros conceptos | AB45: 0 | AC45: =IF(COUNTIFS($D$2:$D45,$D45)=1,SUMIFS(AB:AB,$D:$D,$D45),0) -> 0 | AD45: =IF(COUNTIFS($D$2:$D45,$D45)=1,SUMIFS(Z:Z,$D:$D,$D45),0) -> 0 | AE45: =SUM(AC45:AD45) -> 0 | AF45: =+X45+AE45 -> 0 | AG45: =IF(COUNTIFS($D$2:$D45,$D45)=1,SUMIFS(AF:AF,$D:$D,$D45),0) -> 0 | AH45: =IF(E45="",2026,VALUE(RIGHT(E45,4))) -> 2026 | AI45: =AG45/VLOOKUP(AH45,SALARIOS!$A$1:$B$4,2,0) -> 0 | AJ45: 0 | AK45: 0 | AL45: 0 | AM45: 0 | AN45: =+AJ45+AL45 -> 0 | AO45: =+AK45+AM45 -> 0 | AP45: =((AK45-AJ45)/SAL_2026)+((AM45-AL45)/SAL_2026) -> 0 | AQ45: =VALUE(IF(COUNTIFS($D$2:$D45,$D45)=1,MAX(0,SUMIFS(AP:AP,$D:$D,$D45)),0)) -> 0 | AR45: =$AO45-$AN45 -> 0 | AS45: =IF(COUNTIFS($D$2:$D45,$D45)=1,SUMIFS(AR:AR,$D:$D,$D45),0) -> 0 | AT45: =IF(AS45="",AG45,AG45+AS45) -> 0 | AU45: =+AT45 -> 0 | AV45: =SUMIFS(Combinaciones!$K:$K,Combinaciones!$A:$A,I45,Combinaciones!$B:$B,J45,Combinaciones!$F:$F,N45)*L45 -> 506725200 | AW45: =IF(COUNTIFS($D$2:$D45,$D45)=1,SUMIFS(AV:AV,$D:$D,$D45),0) -> 506725200 | AX45: 0 | AY45: Descripción otros conceptos | BA45: =+IF(I45="HOGAR INFANTIL – INSTITUCIONAL",AZ45*(1750905*0.03)*N45,0) -> 0 | BB45: 0 | BC45: =IFERROR(AV45+AX45-BB45+BA45,0) -> 506725200 | BD45: =IF(COUNTIFS($D$2:$D45,$D45)=1,SUMIFS(BC:BC,$D:$D,$D45),0) -> 506725200 | BE45: 0.04 | BF45: =IFERROR(BE45*BD45,"") -> 20269008 | BG45: =IF(COUNTIFS($D$2:$D45,$D45)=1,SUMIFS(BF:BF,$D:$D,$D45),0) -> 20269008 | BH45: =IF(BD45<>"",BD45+BG45,"") -> 526994208 | BI45: =IFERROR(BH45/SAL_2026,"") -> 300.9839 | BJ45: =X45+AK45-AJ45+BC45 -> 506725200 | BK45: =SUMIF($D:$D,$D:$D,$BJ:$BJ) -> 506725200 | BL45: =IF(COUNTIF($D$3:D45,D45)=1,BK45,"") -> 506725200 | BM45: =+IFERROR(AC45+BF45+AM45-AL45,0) -> 20269008 | BN45: =+IFERROR(Y45+AE45+AK45-AJ45+AM45-AL45+BD45+BF45+AD45,0) -> 526994208 | BO45: =IF(AI45<>"",AI45/2,"") -> 0 | BP45: =+AQ45+BI45 -> 300.9839 | BQ45: =IF(A45="SI","",IF(BO45-BP45<0,0,BO45-BP45)) | BR45: =IFERROR(BQ45*SAL_2026,"") | BS45: =+(AI45+BP45) -> 300.9839 | BT45: =IF(BS45="","",IF(SUMIFS(BS:BS,R:R,R45)>5000,"ALERTA MAYOR QUE 5.000",""))
A46: SI | B46: 1866 | C46: SANTANDER | D46: 68008432025 | E46: =IF($A46="SI","",$D46) | G46: CZ BUCARAMANGA SUR | H46: Floridablanca | I46: CENTRO DE DESARROLLO INFANTIL - SIN ARRIENDO - INSTITUCIONAL | J46: OPERADOR COMPONENTE PEDAGOGICO CON ALIMENTOS | K46: 1 | L46: =SUMIFS( zonificación!$AA:$AA, zonificación!$A:$A,B46, zonificación!$K:$K, G46, zonificación!$I:$I,H46, zonificación!$W:$W, I46) -> 300 | M46: =IF(COUNTIFS($D$2:$D46,D46)=1,SUMIFS($L:$L,D:D,D46),0) -> 300 | N46: 3 | O46: =IF(COUNTIFS($D$2:$D46,D46)=1,SUMIFS($K:$K,D:D,D46),0) -> 1 | P46: =IF(COUNTIFS($D$2:$D46,D46)=1,SUMIFS($M:$M,D:D,D46),0) -> 300 | Q46: Articulo 35 invitación cerrada – literal m | R46: 890200106 | S46: =IF($A46="SI","",$R46) | T46: CAJA SANTANDEREANA DE SUBSIDIO FAMILIAR CAJASAN | U46: =IF($A46="SI","",$T46) | V46: Institucional | W46: 46326 | X46: 0 | Y46: =IF(COUNTIFS($D$2:$D46,$D46)=1,SUMIFS(X:X,$D:$D,$D46),0) -> 0 | Z46: 0 | AA46: Descripción otros conceptos | AB46: 0 | AC46: =IF(COUNTIFS($D$2:$D46,$D46)=1,SUMIFS(AB:AB,$D:$D,$D46),0) -> 0 | AD46: =IF(COUNTIFS($D$2:$D46,$D46)=1,SUMIFS(Z:Z,$D:$D,$D46),0) -> 0 | AE46: =SUM(AC46:AD46) -> 0 | AF46: =+X46+AE46 -> 0 | AG46: =IF(COUNTIFS($D$2:$D46,$D46)=1,SUMIFS(AF:AF,$D:$D,$D46),0) -> 0 | AH46: =IF(E46="",2026,VALUE(RIGHT(E46,4))) -> 2026 | AI46: =AG46/VLOOKUP(AH46,SALARIOS!$A$1:$B$4,2,0) -> 0 | AJ46: 0 | AK46: 0 | AL46: 0 | AM46: 0 | AN46: =+AJ46+AL46 -> 0 | AO46: =+AK46+AM46 -> 0 | AP46: =((AK46-AJ46)/SAL_2026)+((AM46-AL46)/SAL_2026) -> 0 | AQ46: =VALUE(IF(COUNTIFS($D$2:$D46,$D46)=1,MAX(0,SUMIFS(AP:AP,$D:$D,$D46)),0)) -> 0 | AR46: =$AO46-$AN46 -> 0 | AS46: =IF(COUNTIFS($D$2:$D46,$D46)=1,SUMIFS(AR:AR,$D:$D,$D46),0) -> 0 | AT46: =IF(AS46="",AG46,AG46+AS46) -> 0 | AU46: =+AT46 -> 0 | AV46: =SUMIFS(Combinaciones!$K:$K,Combinaciones!$A:$A,I46,Combinaciones!$B:$B,J46,Combinaciones!$F:$F,N46)*L46 -> 506725200 | AW46: =IF(COUNTIFS($D$2:$D46,$D46)=1,SUMIFS(AV:AV,$D:$D,$D46),0) -> 506725200 | AX46: 0 | AY46: Descripción otros conceptos | BA46: =+IF(I46="HOGAR INFANTIL – INSTITUCIONAL",AZ46*(1750905*0.03)*N46,0) -> 0 | BB46: 0 | BC46: =IFERROR(AV46+AX46-BB46+BA46,0) -> 506725200 | BD46: =IF(COUNTIFS($D$2:$D46,$D46)=1,SUMIFS(BC:BC,$D:$D,$D46),0) -> 506725200 | BE46: 0.04 | BF46: =IFERROR(BE46*BD46,"") -> 20269008 | BG46: =IF(COUNTIFS($D$2:$D46,$D46)=1,SUMIFS(BF:BF,$D:$D,$D46),0) -> 20269008 | BH46: =IF(BD46<>"",BD46+BG46,"") -> 526994208 | BI46: =IFERROR(BH46/SAL_2026,"") -> 300.9839 | BJ46: =X46+AK46-AJ46+BC46 -> 506725200 | BK46: =SUMIF($D:$D,$D:$D,$BJ:$BJ) -> 506725200 | BL46: =IF(COUNTIF($D$3:D46,D46)=1,BK46,"") -> 506725200 | BM46: =+IFERROR(AC46+BF46+AM46-AL46,0) -> 20269008 | BN46: =+IFERROR(Y46+AE46+AK46-AJ46+AM46-AL46+BD46+BF46+AD46,0) -> 526994208 | BO46: =IF(AI46<>"",AI46/2,"") -> 0 | BP46: =+AQ46+BI46 -> 300.9839 | BQ46: =IF(A46="SI","",IF(BO46-BP46<0,0,BO46-BP46)) | BR46: =IFERROR(BQ46*SAL_2026,"") | BS46: =+(AI46+BP46) -> 300.9839 | BT46: =IF(BS46="","",IF(SUMIFS(BS:BS,R:R,R46)>5000,"ALERTA MAYOR QUE 5.000",""))
A47: SI | B47: 1867 | C47: SANTANDER | D47: 68008402025 | E47: =IF($A47="SI","",$D47) | G47: CZ BUCARAMANGA SUR | H47: Floridablanca | I47: CENTRO DE DESARROLLO INFANTIL - SIN ARRIENDO - INSTITUCIONAL | J47: OPERADOR COMPONENTE PEDAGOGICO CON ALIMENTOS | K47: 1 | L47: =SUMIFS( zonificación!$AA:$AA, zonificación!$A:$A,B47, zonificación!$K:$K, G47, zonificación!$I:$I,H47, zonificación!$W:$W, I47) -> 437 | M47: =IF(COUNTIFS($D$2:$D47,D47)=1,SUMIFS($L:$L,D:D,D47),0) -> 437 | N47: 3 | O47: =IF(COUNTIFS($D$2:$D47,D47)=1,SUMIFS($K:$K,D:D,D47),0) -> 1 | P47: =IF(COUNTIFS($D$2:$D47,D47)=1,SUMIFS($M:$M,D:D,D47),0) -> 437 | Q47: Articulo 35 invitación cerrada – literal m | R47: 804011576 | S47: =IF($A47="SI","",$R47) | T47: FUNDACION COLOMBO ALEMANA VOLVER A SONREIR | U47: =IF($A47="SI","",$T47) | V47: Institucional | W47: 46326 | X47: 0 | Y47: =IF(COUNTIFS($D$2:$D47,$D47)=1,SUMIFS(X:X,$D:$D,$D47),0) -> 0 | Z47: 0 | AA47: Descripción otros conceptos | AB47: 0 | AC47: =IF(COUNTIFS($D$2:$D47,$D47)=1,SUMIFS(AB:AB,$D:$D,$D47),0) -> 0 | AD47: =IF(COUNTIFS($D$2:$D47,$D47)=1,SUMIFS(Z:Z,$D:$D,$D47),0) -> 0 | AE47: =SUM(AC47:AD47) -> 0 | AF47: =+X47+AE47 -> 0 | AG47: =IF(COUNTIFS($D$2:$D47,$D47)=1,SUMIFS(AF:AF,$D:$D,$D47),0) -> 0 | AH47: =IF(E47="",2026,VALUE(RIGHT(E47,4))) -> 2026 | AI47: =AG47/VLOOKUP(AH47,SALARIOS!$A$1:$B$4,2,0) -> 0 | AJ47: 0 | AK47: 0 | AL47: 0 | AM47: 0 | AN47: =+AJ47+AL47 -> 0 | AO47: =+AK47+AM47 -> 0 | AP47: =((AK47-AJ47)/SAL_2026)+((AM47-AL47)/SAL_2026) -> 0 | AQ47: =VALUE(IF(COUNTIFS($D$2:$D47,$D47)=1,MAX(0,SUMIFS(AP:AP,$D:$D,$D47)),0)) -> 0 | AR47: =$AO47-$AN47 -> 0 | AS47: =IF(COUNTIFS($D$2:$D47,$D47)=1,SUMIFS(AR:AR,$D:$D,$D47),0) -> 0 | AT47: =IF(AS47="",AG47,AG47+AS47) -> 0 | AU47: =+AT47 -> 0 | AV47: =SUMIFS(Combinaciones!$K:$K,Combinaciones!$A:$A,I47,Combinaciones!$B:$B,J47,Combinaciones!$F:$F,N47)*L47 -> 738129708 | AW47: =IF(COUNTIFS($D$2:$D47,$D47)=1,SUMIFS(AV:AV,$D:$D,$D47),0) -> 738129708 | AX47: 0 | AY47: Descripción otros conceptos | BA47: =+IF(I47="HOGAR INFANTIL – INSTITUCIONAL",AZ47*(1750905*0.03)*N47,0) -> 0 | BB47: 0 | BC47: =IFERROR(AV47+AX47-BB47+BA47,0) -> 738129708 | BD47: =IF(COUNTIFS($D$2:$D47,$D47)=1,SUMIFS(BC:BC,$D:$D,$D47),0) -> 738129708 | BE47: 0.02 | BF47: =IFERROR(BE47*BD47,"") -> 14762594 | BG47: =IF(COUNTIFS($D$2:$D47,$D47)=1,SUMIFS(BF:BF,$D:$D,$D47),0) -> 14762594 | BH47: =IF(BD47<>"",BD47+BG47,"") -> 7.528923e+08 | BI47: =IFERROR(BH47/SAL_2026,"") -> 430.0018 | BJ47: =X47+AK47-AJ47+BC47 -> 738129708 | BK47: =SUMIF($D:$D,$D:$D,$BJ:$BJ) -> 738129708 | BL47: =IF(COUNTIF($D$3:D47,D47)=1,BK47,"") -> 738129708 | BM47: =+IFERROR(AC47+BF47+AM47-AL47,0) -> 14762594 | BN47: =+IFERROR(Y47+AE47+AK47-AJ47+AM47-AL47+BD47+BF47+AD47,0) -> 7.528923e+08 | BO47: =IF(AI47<>"",AI47/2,"") -> 0 | BP47: =+AQ47+BI47 -> 430.0018 | BQ47: =IF(A47="SI","",IF(BO47-BP47<0,0,BO47-BP47)) | BR47: =IFERROR(BQ47*SAL_2026,"") | BS47: =+(AI47+BP47) -> 430.0018 | BT47: =IF(BS47="","",IF(SUMIFS(BS:BS,R:R,R47)>5000,"ALERTA MAYOR QUE 5.000",""))
... A54: SI | B54: 1871 | C54: SANTANDER | D54: 68008992025 | E54: =IF($A54="SI","",$D54) | G54: CZ YARIQUIES | H54: Cimitarra | I54: EDUCACIÓN INICIAL EN EL HOGAR - FAMILIAR Y COMUNITARIA | J54: OPERADOR COMPONENTE PEDAGOGICO CON ALIMENTOS | K54: 31 | L54: =SUMIFS( zonificación!$AA:$AA, zonificación!$A:$A,B54, zonificación!$K:$K, G54, zonificación!$I:$I,H54, zonificación!$W:$W, I54) -> 765 | M54: =IF(COUNTIFS($D$2:$D54,D54)=1,SUMIFS($L:$L,D:D,D54),0) -> 845 | N54: 3 | O54: =IF(COUNTIFS($D$2:$D54,D54)=1,SUMIFS($K:$K,D:D,D54),0) -> 32 | P54: =IF(COUNTIFS($D$2:$D54,D54)=1,SUMIFS($M:$M,D:D,D54),0) -> 845 | Q54: Articulo 35 invitación cerrada – literal m | R54: 800019737 | S54: =IF($A54="SI","",$R54) | T54: ASOCIACION DE TRABAJADORES CAMPESINOS DEL CARARE | U54: =IF($A54="SI","",$T54) | V54: Familiar y Comunitaria | W54: 46326 | X54: 0 | Y54: =IF(COUNTIFS($D$2:$D54,$D54)=1,SUMIFS(X:X,$D:$D,$D54),0) -> 0 | Z54: 0 | AA54: Descripción otros conceptos | AB54: 0 | AC54: =IF(COUNTIFS($D$2:$D54,$D54)=1,SUMIFS(AB:AB,$D:$D,$D54),0) -> 0 | AD54: =IF(COUNTIFS($D$2:$D54,$D54)=1,SUMIFS(Z:Z,$D:$D,$D54),0) -> 0 | AE54: =SUM(AC54:AD54) -> 0 | AF54: =+X54+AE54 -> 0 | AG54: =IF(COUNTIFS($D$2:$D54,$D54)=1,SUMIFS(AF:AF,$D:$D,$D54),0) -> 0 | AH54: =IF(E54="",2026,VALUE(RIGHT(E54,4))) -> 2026 | AI54: =AG54/VLOOKUP(AH54,SALARIOS!$A$1:$B$4,2,0) -> 0 | AJ54: 0 | AK54: 0 | AL54: 0 | AM54: 0 | AN54: =+AJ54+AL54 -> 0 | AO54: =+AK54+AM54 -> 0 | AP54: =((AK54-AJ54)/SAL_2026)+((AM54-AL54)/SAL_2026) -> 0 | AQ54: =VALUE(IF(COUNTIFS($D$2:$D54,$D54)=1,MAX(0,SUMIFS(AP:AP,$D:$D,$D54)),0)) -> 0 | AR54: =$AO54-$AN54 -> 0 | AS54: =IF(COUNTIFS($D$2:$D54,$D54)=1,SUMIFS(AR:AR,$D:$D,$D54),0) -> 0 | AT54: =IF(AS54="",AG54,AG54+AS54) -> 0 | AU54: =+AT54 -> 0 | AV54: =SUMIFS(Combinaciones!$K:$K,Combinaciones!$A:$A,I54,Combinaciones!$B:$B,J54,Combinaciones!$F:$F,N54)*L54 -> 946918530 | AW54: =IF(COUNTIFS($D$2:$D54,$D54)=1,SUMIFS(AV:AV,$D:$D,$D54),0) -> 1082045250 | AX54: 0 | AY54: Descripción otros conceptos | BA54: =+IF(I54="HOGAR INFANTIL – INSTITUCIONAL",AZ54*(1750905*0.03)*N54,0) -> 0 | BB54: 0 | BC54: =IFERROR(AV54+AX54-BB54+BA54,0) -> 946918530 | BD54: =IF(COUNTIFS($D$2:$D54,$D54)=1,SUMIFS(BC:BC,$D:$D,$D54),0) -> 1.082518e+09 | BE54: 0.02 | BF54: =IFERROR(BE54*BD54,"") -> 21650360 | BG54: =IF(COUNTIFS($D$2:$D54,$D54)=1,SUMIFS(BF:BF,$D:$D,$D54),0) -> 21650360 | BH54: =IF(BD54<>"",BD54+BG54,"") -> 1.1041684e+09 | BI54: =IFERROR(BH54/SAL_2026,"") -> 630.62722 | BJ54: =X54+AK54-AJ54+BC54 -> 946918530 | BK54: =SUMIF($D:$D,$D:$D,$BJ:$BJ) -> 1.082518e+09 | BL54: =IF(COUNTIF($D$3:D54,D54)=1,BK54,"") -> 1.082518e+09 | BM54: =+IFERROR(AC54+BF54+AM54-AL54,0) -> 21650360 | BN54: =+IFERROR(Y54+AE54+AK54-AJ54+AM54-AL54+BD54+BF54+AD54,0) -> 1.1041684e+09 | BO54: =IF(AI54<>"",AI54/2,"") -> 0 | BP54: =+AQ54+BI54 -> 630.62722 | BQ54: =IF(A54="SI","",IF(BO54-BP54<0,0,BO54-BP54)) | BR54: =IFERROR(BQ54*SAL_2026,"") | BS54: =+(AI54+BP54) -> 630.62722 | BT54: =IF(BS54="","",IF(SUMIFS(BS:BS,R:R,R54)>5000,"ALERTA MAYOR QUE 5.000",""))
A55: SI | B55: 1871 | C55: SANTANDER | D55: 68008992025 | E55: =IF($A55="SI","",$D55) | G55: CZ YARIQUIES | H55: Cimitarra | I55: HOGAR INFANTIL – INSTITUCIONAL | J55: OPERADOR COMPONENTE PEDAGOGICO CON ALIMENTOS | K55: 1 | L55: =SUMIFS( zonificación!$AA:$AA, zonificación!$A:$A,B55, zonificación!$K:$K, G55, zonificación!$I:$I,H55, zonificación!$W:$W, I55) -> 80 | M55: =IF(COUNTIFS($D$2:$D55,D55)=1,SUMIFS($L:$L,D:D,D55),0) -> 0 | N55: 3 | O55: =IF(COUNTIFS($D$2:$D55,D55)=1,SUMIFS($K:$K,D:D,D55),0) -> 0 | P55: =IF(COUNTIFS($D$2:$D55,D55)=1,SUMIFS($M:$M,D:D,D55),0) -> 0 | Q55: Articulo 35 invitación cerrada – literal m | R55: 800019737 | S55: =IF($A55="SI","",$R55) | T55: ASOCIACION DE TRABAJADORES CAMPESINOS DEL CARARE | U55: =IF($A55="SI","",$T55) | V55: Institucional | W55: 46326 | X55: 0 | Y55: =IF(COUNTIFS($D$2:$D55,$D55)=1,SUMIFS(X:X,$D:$D,$D55),0) -> 0 | Z55: 0 | AA55: Descripción otros conceptos | AB55: 0 | AC55: =IF(COUNTIFS($D$2:$D55,$D55)=1,SUMIFS(AB:AB,$D:$D,$D55),0) -> 0 | AD55: =IF(COUNTIFS($D$2:$D55,$D55)=1,SUMIFS(Z:Z,$D:$D,$D55),0) -> 0 | AE55: =SUM(AC55:AD55) -> 0 | AF55: =+X55+AE55 -> 0 | AG55: =IF(COUNTIFS($D$2:$D55,$D55)=1,SUMIFS(AF:AF,$D:$D,$D55),0) -> 0 | AH55: =IF(E55="",2026,VALUE(RIGHT(E55,4))) -> 2026 | AI55: =AG55/VLOOKUP(AH55,SALARIOS!$A$1:$B$4,2,0) -> 0 | AJ55: 0 | AK55: 0 | AL55: 0 | AM55: 0 | AN55: =+AJ55+AL55 -> 0 | AO55: =+AK55+AM55 -> 0 | AP55: =((AK55-AJ55)/SAL_2026)+((AM55-AL55)/SAL_2026) -> 0 | AQ55: =VALUE(IF(COUNTIFS($D$2:$D55,$D55)=1,MAX(0,SUMIFS(AP:AP,$D:$D,$D55)),0)) -> 0 | AR55: =$AO55-$AN55 -> 0 | AS55: =IF(COUNTIFS($D$2:$D55,$D55)=1,SUMIFS(AR:AR,$D:$D,$D55),0) -> 0 | AT55: =IF(AS55="",AG55,AG55+AS55) -> 0 | AU55: =+AT55 -> 0 | AV55: =SUMIFS(Combinaciones!$K:$K,Combinaciones!$A:$A,I55,Combinaciones!$B:$B,J55,Combinaciones!$F:$F,N55)*L55 -> 135126720 | AW55: =IF(COUNTIFS($D$2:$D55,$D55)=1,SUMIFS(AV:AV,$D:$D,$D55),0) -> 0 | AX55: 0 | AY55: Descripción otros conceptos | AZ55: 3 | BA55: =+IF(I55="HOGAR INFANTIL – INSTITUCIONAL",AZ55*(1750905*0.03)*N55,0) -> 472744.35 | BB55: 0 | BC55: =IFERROR(AV55+AX55-BB55+BA55,0) -> 1.3559946e+08 | BD55: =IF(COUNTIFS($D$2:$D55,$D55)=1,SUMIFS(BC:BC,$D:$D,$D55),0) -> 0 | BE55: 0.02 | BF55: =IFERROR(BE55*BD55,"") -> 0 | BG55: =IF(COUNTIFS($D$2:$D55,$D55)=1,SUMIFS(BF:BF,$D:$D,$D55),0) -> 0 | BH55: =IF(BD55<>"",BD55+BG55,"") -> 0 | BI55: =IFERROR(BH55/SAL_2026,"") -> 0 | BJ55: =X55+AK55-AJ55+BC55 -> 1.3559946e+08 | BK55: =SUMIF($D:$D,$D:$D,$BJ:$BJ) -> 1.082518e+09 | BL55: =IF(COUNTIF($D$3:D55,D55)=1,BK55,"") | BM55: =+IFERROR(AC55+BF55+AM55-AL55,0) -> 0 | BN55: =+IFERROR(Y55+AE55+AK55-AJ55+AM55-AL55+BD55+BF55+AD55,0) -> 0 | BO55: =IF(AI55<>"",AI55/2,"") -> 0 | BP55: =+AQ55+BI55 -> 0 | BQ55: =IF(A55="SI","",IF(BO55-BP55<0,0,BO55-BP55)) | BR55: =IFERROR(BQ55*SAL_2026,"") | BS55: =+(AI55+BP55) -> 0 | BT55: =IF(BS55="","",IF(SUMIFS(BS:BS,R:R,R55)>5000,"ALERTA MAYOR QUE 5.000",""))
A56: SI | B56: 1872 | C56: SANTANDER | D56: 68008902025 | E56: =IF($A56="SI","",$D56) | G56: CZ YARIQUIES | H56: Cimitarra | I56: CENTRO DE DESARROLLO INFANTIL - SIN ARRIENDO - INSTITUCIONAL | J56: OPERADOR COMPONENTE PEDAGOGICO CON ALIMENTOS | K56: 3 | L56: =SUMIFS( zonificación!$AA:$AA, zonificación!$A:$A,B56, zonificación!$K:$K, G56, zonificación!$I:$I,H56, zonificación!$W:$W, I56) -> 211 | M56: =IF(COUNTIFS($D$2:$D56,D56)=1,SUMIFS($L:$L,D:D,D56),0) -> 594 | N56: 3 | O56: =IF(COUNTIFS($D$2:$D56,D56)=1,SUMIFS($K:$K,D:D,D56),0) -> 12 | P56: =IF(COUNTIFS($D$2:$D56,D56)=1,SUMIFS($M:$M,D:D,D56),0) -> 594 | Q56: Articulo 35 invitación cerrada – literal m | R56: 800019737 | S56: =IF($A56="SI","",$R56) | T56: ASOCIACION DE TRABAJADORES CAMPESINOS DEL CARARE | U56: =IF($A56="SI","",$T56) | V56: Institucional | W56: 46326 | X56: 0 | Y56: =IF(COUNTIFS($D$2:$D56,$D56)=1,SUMIFS(X:X,$D:$D,$D56),0) -> 0 | Z56: 0 | AA56: Descripción otros conceptos | AB56: 0 | AC56: =IF(COUNTIFS($D$2:$D56,$D56)=1,SUMIFS(AB:AB,$D:$D,$D56),0) -> 0 | AD56: =IF(COUNTIFS($D$2:$D56,$D56)=1,SUMIFS(Z:Z,$D:$D,$D56),0) -> 0 | AE56: =SUM(AC56:AD56) -> 0 | AF56: =+X56+AE56 -> 0 | AG56: =IF(COUNTIFS($D$2:$D56,$D56)=1,SUMIFS(AF:AF,$D:$D,$D56),0) -> 0 | AH56: =IF(E56="",2026,VALUE(RIGHT(E56,4))) -> 2026 | AI56: =AG56/VLOOKUP(AH56,SALARIOS!$A$1:$B$4,2,0) -> 0 | AJ56: 0 | AK56: 0 | AL56: 0 | AM56: 0 | AN56: =+AJ56+AL56 -> 0 | AO56: =+AK56+AM56 -> 0 | AP56: =((AK56-AJ56)/SAL_2026)+((AM56-AL56)/SAL_2026) -> 0 | AQ56: =VALUE(IF(COUNTIFS($D$2:$D56,$D56)=1,MAX(0,SUMIFS(AP:AP,$D:$D,$D56)),0)) -> 0 | AR56: =$AO56-$AN56 -> 0 | AS56: =IF(COUNTIFS($D$2:$D56,$D56)=1,SUMIFS(AR:AR,$D:$D,$D56),0) -> 0 | AT56: =IF(AS56="",AG56,AG56+AS56) -> 0 | AU56: =+AT56 -> 0 | AV56: =SUMIFS(Combinaciones!$K:$K,Combinaciones!$A:$A,I56,Combinaciones!$B:$B,J56,Combinaciones!$F:$F,N56)*L56 -> 356396724 | AW56: =IF(COUNTIFS($D$2:$D56,$D56)=1,SUMIFS(AV:AV,$D:$D,$D56),0) -> 929545483 | AX56: 0 | AY56: Descripción otros conceptos | BA56: =+IF(I56="HOGAR INFANTIL – INSTITUCIONAL",AZ56*(1750905*0.03)*N56,0) -> 0 | BB56: 0 | BC56: =IFERROR(AV56+AX56-BB56+BA56,0) -> 356396724 | BD56: =IF(COUNTIFS($D$2:$D56,$D56)=1,SUMIFS(BC:BC,$D:$D,$D56),0) -> 9.2970306e+08 | BE56: 0.02 | BF56: =IFERROR(BE56*BD56,"") -> 18594061 | BG56: =IF(COUNTIFS($D$2:$D56,$D56)=1,SUMIFS(BF:BF,$D:$D,$D56),0) -> 18594061 | BH56: =IF(BD56<>"",BD56+BG56,"") -> 9.4829713e+08 | BI56: =IFERROR(BH56/SAL_2026,"") -> 541.60399 | BJ56: =X56+AK56-AJ56+BC56 -> 356396724 | BK56: =SUMIF($D:$D,$D:$D,$BJ:$BJ) -> 9.2970306e+08 | BL56: =IF(COUNTIF($D$3:D56,D56)=1,BK56,"") -> 9.2970306e+08 | BM56: =+IFERROR(AC56+BF56+AM56-AL56,0) -> 18594061 | BN56: =+IFERROR(Y56+AE56+AK56-AJ56+AM56-AL56+BD56+BF56+AD56,0) -> 9.4829713e+08 | BO56: =IF(AI56<>"",AI56/2,"") -> 0 | BP56: =+AQ56+BI56 -> 541.60399 | BQ56: =IF(A56="SI","",IF(BO56-BP56<0,0,BO56-BP56)) | BR56: =IFERROR(BQ56*SAL_2026,"") | BS56: =+(AI56+BP56) -> 541.60399 | BT56: =IF(BS56="","",IF(SUMIFS(BS:BS,R:R,R56)>5000,"ALERTA MAYOR QUE 5.000",""))
A57: SI | B57: 1872 | C57: SANTANDER | D57: 68008902025 | E57: =IF($A57="SI","",$D57) | G57: CZ YARIQUIES | H57: Puerto Parra | I57: CENTRO DE DESARROLLO INFANTIL - SIN ARRIENDO - INSTITUCIONAL | J57: OPERADOR COMPONENTE PEDAGOGICO CON ALIMENTOS | K57: 1 | L57: =SUMIFS( zonificación!$AA:$AA, zonificación!$A:$A,B57, zonificación!$K:$K, G57, zonificación!$I:$I,H57, zonificación!$W:$W, I57) -> 94 | M57: =IF(COUNTIFS($D$2:$D57,D57)=1,SUMIFS($L:$L,D:D,D57),0) -> 0 | N57: 3 | O57: =IF(COUNTIFS($D$2:$D57,D57)=1,SUMIFS($K:$K,D:D,D57),0) -> 0 | P57: =IF(COUNTIFS($D$2:$D57,D57)=1,SUMIFS($M:$M,D:D,D57),0) -> 0 | Q57: Articulo 35 invitación cerrada – literal m | R57: 800019737 | S57: =IF($A57="SI","",$R57) | T57: ASOCIACION DE TRABAJADORES CAMPESINOS DEL CARARE | U57: =IF($A57="SI","",$T57) | V57: Institucional | W57: 46326 | X57: 0 | Y57: =IF(COUNTIFS($D$2:$D57,$D57)=1,SUMIFS(X:X,$D:$D,$D57),0) -> 0 | Z57: 0 | AA57: Descripción otros conceptos | AB57: 0 | AC57: =IF(COUNTIFS($D$2:$D57,$D57)=1,SUMIFS(AB:AB,$D:$D,$D57),0) -> 0 | AD57: =IF(COUNTIFS($D$2:$D57,$D57)=1,SUMIFS(Z:Z,$D:$D,$D57),0) -> 0 | AE57: =SUM(AC57:AD57) -> 0 | AF57: =+X57+AE57 -> 0 | AG57: =IF(COUNTIFS($D$2:$D57,$D57)=1,SUMIFS(AF:AF,$D:$D,$D57),0) -> 0 | AH57: =IF(E57="",2026,VALUE(RIGHT(E57,4))) -> 2026 | AI57: =AG57/VLOOKUP(AH57,SALARIOS!$A$1:$B$4,2,0) -> 0 | AJ57: 0 | AK57: 0 | AL57: 0 | AM57: 0 | AN57: =+AJ57+AL57 -> 0 | AO57: =+AK57+AM57 -> 0 | AP57: =((AK57-AJ57)/SAL_2026)+((AM57-AL57)/SAL_2026) -> 0 | AQ57: =VALUE(IF(COUNTIFS($D$2:$D57,$D57)=1,MAX(0,SUMIFS(AP:AP,$D:$D,$D57)),0)) -> 0 | AR57: =$AO57-$AN57 -> 0 | AS57: =IF(COUNTIFS($D$2:$D57,$D57)=1,SUMIFS(AR:AR,$D:$D,$D57),0) -> 0 | AT57: =IF(AS57="",AG57,AG57+AS57) -> 0 | AU57: =+AT57 -> 0 | AV57: =SUMIFS(Combinaciones!$K:$K,Combinaciones!$A:$A,I57,Combinaciones!$B:$B,J57,Combinaciones!$F:$F,N57)*L57 -> 158773896 | AW57: =IF(COUNTIFS($D$2:$D57,$D57)=1,SUMIFS(AV:AV,$D:$D,$D57),0) -> 0 | AX57: 0 | AY57: Descripción otros conceptos | BA57: =+IF(I57="HOGAR INFANTIL – INSTITUCIONAL",AZ57*(1750905*0.03)*N57,0) -> 0 | BB57: 0 | BC57: =IFERROR(AV57+AX57-BB57+BA57,0) -> 158773896 | BD57: =IF(COUNTIFS($D$2:$D57,$D57)=1,SUMIFS(BC:BC,$D:$D,$D57),0) -> 0 | BE57: 0.02 | BF57: =IFERROR(BE57*BD57,"") -> 0 | BG57: =IF(COUNTIFS($D$2:$D57,$D57)=1,SUMIFS(BF:BF,$D:$D,$D57),0) -> 0 | BH57: =IF(BD57<>"",BD57+BG57,"") -> 0 | BI57: =IFERROR(BH57/SAL_2026,"") -> 0 | BJ57: =X57+AK57-AJ57+BC57 -> 158773896 | BK57: =SUMIF($D:$D,$D:$D,$BJ:$BJ) -> 9.2970306e+08 | BL57: =IF(COUNTIF($D$3:D57,D57)=1,BK57,"") | BM57: =+IFERROR(AC57+BF57+AM57-AL57,0) -> 0 | BN57: =+IFERROR(Y57+AE57+AK57-AJ57+AM57-AL57+BD57+BF57+AD57,0) -> 0 | BO57: =IF(AI57<>"",AI57/2,"") -> 0 | BP57: =+AQ57+BI57 -> 0 | BQ57: =IF(A57="SI","",IF(BO57-BP57<0,0,BO57-BP57)) | BR57: =IFERROR(BQ57*SAL_2026,"") | BS57: =+(AI57+BP57) -> 0 | BT57: =IF(BS57="","",IF(SUMIFS(BS:BS,R:R,R57)>5000,"ALERTA MAYOR QUE 5.000",""))
A58: SI | B58: 1872 | C58: SANTANDER | D58: 68008902025 | E58: =IF($A58="SI","",$D58) | G58: CZ YARIQUIES | H58: Puerto Parra | I58: EDUCACIÓN INICIAL CAMPESINA - A - PROPIA E INTERCULTURAL | J58: OPERADOR COMPONENTE PEDAGOGICO CON ALIMENTOS | K58: 2 | L58: =SUMIFS( zonificación!$AA:$AA, zonificación!$A:$A,B58, zonificación!$K:$K, G58, zonificación!$I:$I,H58, zonificación!$W:$W, I58) -> 40 | M58: =IF(COUNTIFS($D$2:$D58,D58)=1,SUMIFS($L:$L,D:D,D58),0) -> 0 | N58: 3 | O58: =IF(COUNTIFS($D$2:$D58,D58)=1,SUMIFS($K:$K,D:D,D58),0) -> 0 | P58: =IF(COUNTIFS($D$2:$D58,D58)=1,SUMIFS($M:$M,D:D,D58),0) -> 0 | Q58: Articulo 35 invitación cerrada – literal m | R58: 800019737 | S58: =IF($A58="SI","",$R58) | T58: ASOCIACION DE TRABAJADORES CAMPESINOS DEL CARARE | U58: =IF($A58="SI","",$T58) | V58: Propia e Intercultural | W58: 46326 | X58: 0 | Y58: =IF(COUNTIFS($D$2:$D58,$D58)=1,SUMIFS(X:X,$D:$D,$D58),0) -> 0 | Z58: 0 | AA58: Descripción otros conceptos | AB58: 0 | AC58: =IF(COUNTIFS($D$2:$D58,$D58)=1,SUMIFS(AB:AB,$D:$D,$D58),0) -> 0 | AD58: =IF(COUNTIFS($D$2:$D58,$D58)=1,SUMIFS(Z:Z,$D:$D,$D58),0) -> 0 | AE58: =SUM(AC58:AD58) -> 0 | AF58: =+X58+AE58 -> 0 | AG58: =IF(COUNTIFS($D$2:$D58,$D58)=1,SUMIFS(AF:AF,$D:$D,$D58),0) -> 0 | AH58: =IF(E58="",2026,VALUE(RIGHT(E58,4))) -> 2026 | AI58: =AG58/VLOOKUP(AH58,SALARIOS!$A$1:$B$4,2,0) -> 0 | AJ58: 0 | AK58: 0 | AL58: 0 | AM58: 0 | AN58: =+AJ58+AL58 -> 0 | AO58: =+AK58+AM58 -> 0 | AP58: =((AK58-AJ58)/SAL_2026)+((AM58-AL58)/SAL_2026) -> 0 | AQ58: =VALUE(IF(COUNTIFS($D$2:$D58,$D58)=1,MAX(0,SUMIFS(AP:AP,$D:$D,$D58)),0)) -> 0 | AR58: =$AO58-$AN58 -> 0 | AS58: =IF(COUNTIFS($D$2:$D58,$D58)=1,SUMIFS(AR:AR,$D:$D,$D58),0) -> 0 | AT58: =IF(AS58="",AG58,AG58+AS58) -> 0 | AU58: =+AT58 -> 0 | AV58: =SUMIFS(Combinaciones!$K:$K,Combinaciones!$A:$A,I58,Combinaciones!$B:$B,J58,Combinaciones!$F:$F,N58)*L58 -> 58541480 | AW58: =IF(COUNTIFS($D$2:$D58,$D58)=1,SUMIFS(AV:AV,$D:$D,$D58),0) -> 0 | AX58: 0 | AY58: Descripción otros conceptos | BA58: =+IF(I58="HOGAR INFANTIL – INSTITUCIONAL",AZ58*(1750905*0.03)*N58,0) -> 0 | BB58: 0 | BC58: =IFERROR(AV58+AX58-BB58+BA58,0) -> 58541480 | BD58: =IF(COUNTIFS($D$2:$D58,$D58)=1,SUMIFS(BC:BC,$D:$D,$D58),0) -> 0 | BE58: 0.02 | BF58: =IFERROR(BE58*BD58,"") -> 0 | BG58: =IF(COUNTIFS($D$2:$D58,$D58)=1,SUMIFS(BF:BF,$D:$D,$D58),0) -> 0 | BH58: =IF(BD58<>"",BD58+BG58,"") -> 0 | BI58: =IFERROR(BH58/SAL_2026,"") -> 0 | BJ58: =X58+AK58-AJ58+BC58 -> 58541480 | BK58: =SUMIF($D:$D,$D:$D,$BJ:$BJ) -> 9.2970306e+08 | BL58: =IF(COUNTIF($D$3:D58,D58)=1,BK58,"") | BM58: =+IFERROR(AC58+BF58+AM58-AL58,0) -> 0 | BN58: =+IFERROR(Y58+AE58+AK58-AJ58+AM58-AL58+BD58+BF58+AD58,0) -> 0 | BO58: =IF(AI58<>"",AI58/2,"") -> 0 | BP58: =+AQ58+BI58 -> 0 | BQ58: =IF(A58="SI","",IF(BO58-BP58<0,0,BO58-BP58)) | BR58: =IFERROR(BQ58*SAL_2026,"") | BS58: =+(AI58+BP58) -> 0 | BT58: =IF(BS58="","",IF(SUMIFS(BS:BS,R:R,R58)>5000,"ALERTA MAYOR QUE 5.000",""))
A59: SI | B59: 1872 | C59: SANTANDER | D59: 68008902025 | E59: =IF($A59="SI","",$D59) | G59: CZ YARIQUIES | H59: Sabana De Torres | I59: EDUCACIÓN INICIAL CAMPESINA - A - PROPIA E INTERCULTURAL | J59: OPERADOR COMPONENTE PEDAGOGICO CON ALIMENTOS | K59: 3 | L59: =SUMIFS( zonificación!$AA:$AA, zonificación!$A:$A,B59, zonificación!$K:$K, G59, zonificación!$I:$I,H59, zonificación!$W:$W, I59) -> 111 | M59: =IF(COUNTIFS($D$2:$D59,D59)=1,SUMIFS($L:$L,D:D,D59),0) -> 0 | N59: 3 | O59: =IF(COUNTIFS($D$2:$D59,D59)=1,SUMIFS($K:$K,D:D,D59),0) -> 0 | P59: =IF(COUNTIFS($D$2:$D59,D59)=1,SUMIFS($M:$M,D:D,D59),0) -> 0 | Q59: Articulo 35 invitación cerrada – literal m | R59: 800019737 | S59: =IF($A59="SI","",$R59) | T59: ASOCIACION DE TRABAJADORES CAMPESINOS DEL CARARE | U59: =IF($A59="SI","",$T59) | V59: Propia e Intercultural | W59: 46326 | X59: 0 | Y59: =IF(COUNTIFS($D$2:$D59,$D59)=1,SUMIFS(X:X,$D:$D,$D59),0) -> 0 | Z59: 0 | AA59: Descripción otros conceptos | AB59: 0 | AC59: =IF(COUNTIFS($D$2:$D59,$D59)=1,SUMIFS(AB:AB,$D:$D,$D59),0) -> 0 | AD59: =IF(COUNTIFS($D$2:$D59,$D59)=1,SUMIFS(Z:Z,$D:$D,$D59),0) -> 0 | AE59: =SUM(AC59:AD59) -> 0 | AF59: =+X59+AE59 -> 0 | AG59: =IF(COUNTIFS($D$2:$D59,$D59)=1,SUMIFS(AF:AF,$D:$D,$D59),0) -> 0 | AH59: =IF(E59="",2026,VALUE(RIGHT(E59,4))) -> 2026 | AI59: =AG59/VLOOKUP(AH59,SALARIOS!$A$1:$B$4,2,0) -> 0 | AJ59: 0 | AK59: 0 | AL59: 0 | AM59: 0 | AN59: =+AJ59+AL59 -> 0 | AO59: =+AK59+AM59 -> 0 | AP59: =((AK59-AJ59)/SAL_2026)+((AM59-AL59)/SAL_2026) -> 0 | AQ59: =VALUE(IF(COUNTIFS($D$2:$D59,$D59)=1,MAX(0,SUMIFS(AP:AP,$D:$D,$D59)),0)) -> 0 | AR59: =$AO59-$AN59 -> 0 | AS59: =IF(COUNTIFS($D$2:$D59,$D59)=1,SUMIFS(AR:AR,$D:$D,$D59),0) -> 0 | AT59: =IF(AS59="",AG59,AG59+AS59) -> 0 | AU59: =+AT59 -> 0 | AV59: =SUMIFS(Combinaciones!$K:$K,Combinaciones!$A:$A,I59,Combinaciones!$B:$B,J59,Combinaciones!$F:$F,N59)*L59 -> 162452607 | AW59: =IF(COUNTIFS($D$2:$D59,$D59)=1,SUMIFS(AV:AV,$D:$D,$D59),0) -> 0 | AX59: 0 | AY59: Descripción otros conceptos | BA59: =+IF(I59="HOGAR INFANTIL – INSTITUCIONAL",AZ59*(1750905*0.03)*N59,0) -> 0 | BB59: 0 | BC59: =IFERROR(AV59+AX59-BB59+BA59,0) -> 162452607 | BD59: =IF(COUNTIFS($D$2:$D59,$D59)=1,SUMIFS(BC:BC,$D:$D,$D59),0) -> 0 | BE59: 0.02 | BF59: =IFERROR(BE59*BD59,"") -> 0 | BG59: =IF(COUNTIFS($D$2:$D59,$D59)=1,SUMIFS(BF:BF,$D:$D,$D59),0) -> 0 | BH59: =IF(BD59<>"",BD59+BG59,"") -> 0 | BI59: =IFERROR(BH59/SAL_2026,"") -> 0 | BJ59: =X59+AK59-AJ59+BC59 -> 162452607 | BK59: =SUMIF($D:$D,$D:$D,$BJ:$BJ) -> 9.2970306e+08 | BL59: =IF(COUNTIF($D$3:D59,D59)=1,BK59,"") | BM59: =+IFERROR(AC59+BF59+AM59-AL59,0) -> 0 | BN59: =+IFERROR(Y59+AE59+AK59-AJ59+AM59-AL59+BD59+BF59+AD59,0) -> 0 | BO59: =IF(AI59<>"",AI59/2,"") -> 0 | BP59: =+AQ59+BI59 -> 0 | BQ59: =IF(A59="SI","",IF(BO59-BP59<0,0,BO59-BP59)) | BR59: =IFERROR(BQ59*SAL_2026,"") | BS59: =+(AI59+BP59) -> 0 | BT59: =IF(BS59="","",IF(SUMIFS(BS:BS,R:R,R59)>5000,"ALERTA MAYOR QUE 5.000",""))
A60: SI | B60: 1872 | C60: SANTANDER | D60: 68008902025 | E60: =IF($A60="SI","",$D60) | G60: CZ YARIQUIES | H60: Sabana De Torres | I60: EDUCACIÓN INICIAL EN EL HOGAR - FAMILIAR Y COMUNITARIA | J60: OPERADOR COMPONENTE PEDAGOGICO CON ALIMENTOS | K60: 2 | L60: =SUMIFS( zonificación!$AA:$AA, zonificación!$A:$A,B60, zonificación!$K:$K, G60, zonificación!$I:$I,H60, zonificación!$W:$W, I60) -> 88 | M60: =IF(COUNTIFS($D$2:$D60,D60)=1,SUMIFS($L:$L,D:D,D60),0) -> 0 | N60: 3 | O60: =IF(COUNTIFS($D$2:$D60,D60)=1,SUMIFS($K:$K,D:D,D60),0) -> 0 | P60: =IF(COUNTIFS($D$2:$D60,D60)=1,SUMIFS($M:$M,D:D,D60),0) -> 0 | Q60: Articulo 35 invitación cerrada – literal m | R60: 800019737 | S60: =IF($A60="SI","",$R60) | T60: ASOCIACION DE TRABAJADORES CAMPESINOS DEL CARARE | U60: =IF($A60="SI","",$T60) | V60: Familiar y Comunitaria | W60: 46326 | X60: 0 | Y60: =IF(COUNTIFS($D$2:$D60,$D60)=1,SUMIFS(X:X,$D:$D,$D60),0) -> 0 | Z60: 0 | AA60: Descripción otros conceptos | AB60: 0 | AC60: =IF(COUNTIFS($D$2:$D60,$D60)=1,SUMIFS(AB:AB,$D:$D,$D60),0) -> 0 | AD60: =IF(COUNTIFS($D$2:$D60,$D60)=1,SUMIFS(Z:Z,$D:$D,$D60),0) -> 0 | AE60: =SUM(AC60:AD60) -> 0 | AF60: =+X60+AE60 -> 0 | AG60: =IF(COUNTIFS($D$2:$D60,$D60)=1,SUMIFS(AF:AF,$D:$D,$D60),0) -> 0 | AH60: =IF(E60="",2026,VALUE(RIGHT(E60,4))) -> 2026 | AI60: =AG60/VLOOKUP(AH60,SALARIOS!$A$1:$B$4,2,0) -> 0 | AJ60: 0 | AK60: 0 | AL60: 0 | AM60: 0 | AN60: =+AJ60+AL60 -> 0 | AO60: =+AK60+AM60 -> 0 | AP60: =((AK60-AJ60)/SAL_2026)+((AM60-AL60)/SAL_2026) -> 0 | AQ60: =VALUE(IF(COUNTIFS($D$2:$D60,$D60)=1,MAX(0,SUMIFS(AP:AP,$D:$D,$D60)),0)) -> 0 | AR60: =$AO60-$AN60 -> 0 | AS60: =IF(COUNTIFS($D$2:$D60,$D60)=1,SUMIFS(AR:AR,$D:$D,$D60),0) -> 0 | AT60: =IF(AS60="",AG60,AG60+AS60) -> 0 | AU60: =+AT60 -> 0 | AV60: =SUMIFS(Combinaciones!$K:$K,Combinaciones!$A:$A,I60,Combinaciones!$B:$B,J60,Combinaciones!$F:$F,N60)*L60 -> 108926576 | AW60: =IF(COUNTIFS($D$2:$D60,$D60)=1,SUMIFS(AV:AV,$D:$D,$D60),0) -> 0 | AX60: 0 | AY60: Descripción otros conceptos | BA60: =+IF(I60="HOGAR INFANTIL – INSTITUCIONAL",AZ60*(1750905*0.03)*N60,0) -> 0 | BB60: 0 | BC60: =IFERROR(AV60+AX60-BB60+BA60,0) -> 108926576 | BD60: =IF(COUNTIFS($D$2:$D60,$D60)=1,SUMIFS(BC:BC,$D:$D,$D60),0) -> 0 | BE60: 0.02 | BF60: =IFERROR(BE60*BD60,"") -> 0 | BG60: =IF(COUNTIFS($D$2:$D60,$D60)=1,SUMIFS(BF:BF,$D:$D,$D60),0) -> 0 | BH60: =IF(BD60<>"",BD60+BG60,"") -> 0 | BI60: =IFERROR(BH60/SAL_2026,"") -> 0 | BJ60: =X60+AK60-AJ60+BC60 -> 108926576 | BK60: =SUMIF($D:$D,$D:$D,$BJ:$BJ) -> 9.2970306e+08 | BL60: =IF(COUNTIF($D$3:D60,D60)=1,BK60,"") | BM60: =+IFERROR(AC60+BF60+AM60-AL60,0) -> 0 | BN60: =+IFERROR(Y60+AE60+AK60-AJ60+AM60-AL60+BD60+BF60+AD60,0) -> 0 | BO60: =IF(AI60<>"",AI60/2,"") -> 0 | BP60: =+AQ60+BI60 -> 0 | BQ60: =IF(A60="SI","",IF(BO60-BP60<0,0,BO60-BP60)) | BR60: =IFERROR(BQ60*SAL_2026,"") | BS60: =+(AI60+BP60) -> 0 | BT60: =IF(BS60="","",IF(SUMIFS(BS:BS,R:R,R60)>5000,"ALERTA MAYOR QUE 5.000",""))
A61: SI | B61: 1872 | C61: SANTANDER | D61: 68008902025 | E61: =IF($A61="SI","",$D61) | G61: CZ YARIQUIES | H61: Sabana De Torres | I61: HOGAR INFANTIL – INSTITUCIONAL | J61: OPERADOR COMPONENTE PEDAGOGICO CON ALIMENTOS | K61: 1 | L61: =SUMIFS( zonificación!$AA:$AA, zonificación!$A:$A,B61, zonificación!$K:$K, G61, zonificación!$I:$I,H61, zonificación!$W:$W, I61) -> 50 | M61: =IF(COUNTIFS($D$2:$D61,D61)=1,SUMIFS($L:$L,D:D,D61),0) -> 0 | N61: 3 | O61: =IF(COUNTIFS($D$2:$D61,D61)=1,SUMIFS($K:$K,D:D,D61),0) -> 0 | P61: =IF(COUNTIFS($D$2:$D61,D61)=1,SUMIFS($M:$M,D:D,D61),0) -> 0 | Q61: Articulo 35 invitación cerrada – literal m | R61: 800019737 | S61: =IF($A61="SI","",$R61) | T61: ASOCIACION DE TRABAJADORES CAMPESINOS DEL CARARE | U61: =IF($A61="SI","",$T61) | V61: Institucional | W61: 46326 | X61: 0 | Y61: =IF(COUNTIFS($D$2:$D61,$D61)=1,SUMIFS(X:X,$D:$D,$D61),0) -> 0 | Z61: 0 | AA61: Descripción otros conceptos | AB61: 0 | AC61: =IF(COUNTIFS($D$2:$D61,$D61)=1,SUMIFS(AB:AB,$D:$D,$D61),0) -> 0 | AD61: =IF(COUNTIFS($D$2:$D61,$D61)=1,SUMIFS(Z:Z,$D:$D,$D61),0) -> 0 | AE61: =SUM(AC61:AD61) -> 0 | AF61: =+X61+AE61 -> 0 | AG61: =IF(COUNTIFS($D$2:$D61,$D61)=1,SUMIFS(AF:AF,$D:$D,$D61),0) -> 0 | AH61: =IF(E61="",2026,VALUE(RIGHT(E61,4))) -> 2026 | AI61: =AG61/VLOOKUP(AH61,SALARIOS!$A$1:$B$4,2,0) -> 0 | AJ61: 0 | AK61: 0 | AL61: 0 | AM61: 0 | AN61: =+AJ61+AL61 -> 0 | AO61: =+AK61+AM61 -> 0 | AP61: =((AK61-AJ61)/SAL_2026)+((AM61-AL61)/SAL_2026) -> 0 | AQ61: =VALUE(IF(COUNTIFS($D$2:$D61,$D61)=1,MAX(0,SUMIFS(AP:AP,$D:$D,$D61)),0)) -> 0 | AR61: =$AO61-$AN61 -> 0 | AS61: =IF(COUNTIFS($D$2:$D61,$D61)=1,SUMIFS(AR:AR,$D:$D,$D61),0) -> 0 | AT61: =IF(AS61="",AG61,AG61+AS61) -> 0 | AU61: =+AT61 -> 0 | AV61: =SUMIFS(Combinaciones!$K:$K,Combinaciones!$A:$A,I61,Combinaciones!$B:$B,J61,Combinaciones!$F:$F,N61)*L61 -> 84454200 | AW61: =IF(COUNTIFS($D$2:$D61,$D61)=1,SUMIFS(AV:AV,$D:$D,$D61),0) -> 0 | AX61: 0 | AY61: Descripción otros conceptos | AZ61: 1 | BA61: =+IF(I61="HOGAR INFANTIL – INSTITUCIONAL",AZ61*(1750905*0.03)*N61,0) -> 157581.45 | BB61: 0 | BC61: =IFERROR(AV61+AX61-BB61+BA61,0) -> 84611781 | BD61: =IF(COUNTIFS($D$2:$D61,$D61)=1,SUMIFS(BC:BC,$D:$D,$D61),0) -> 0 | BE61: 0.02 | BF61: =IFERROR(BE61*BD61,"") -> 0 | BG61: =IF(COUNTIFS($D$2:$D61,$D61)=1,SUMIFS(BF:BF,$D:$D,$D61),0) -> 0 | BH61: =IF(BD61<>"",BD61+BG61,"") -> 0 | BI61: =IFERROR(BH61/SAL_2026,"") -> 0 | BJ61: =X61+AK61-AJ61+BC61 -> 84611781 | BK61: =SUMIF($D:$D,$D:$D,$BJ:$BJ) -> 9.2970306e+08 | BL61: =IF(COUNTIF($D$3:D61,D61)=1,BK61,"") | BM61: =+IFERROR(AC61+BF61+AM61-AL61,0) -> 0 | BN61: =+IFERROR(Y61+AE61+AK61-AJ61+AM61-AL61+BD61+BF61+AD61,0) -> 0 | BO61: =IF(AI61<>"",AI61/2,"") -> 0 | BP61: =+AQ61+BI61 -> 0 | BQ61: =IF(A61="SI","",IF(BO61-BP61<0,0,BO61-BP61)) | BR61: =IFERROR(BQ61*SAL_2026,"") | BS61: =+(AI61+BP61) -> 0 | BT61: =IF(BS61="","",IF(SUMIFS(BS:BS,R:R,R61)>5000,"ALERTA MAYOR QUE 5.000",""))
A62: SI | B62: 1874 | C62: SANTANDER | D62: 68008752025 | E62: =IF($A62="SI","",$D62) | G62: CZ CARLOS LLERAS RESTREPO | H62: Bucaramanga | I62: CENTRO DE DESARROLLO INFANTIL - SIN ARRIENDO - INSTITUCIONAL | J62: OPERADOR COMPONENTE PEDAGOGICO CON ALIMENTOS | K62: 4 | L62: =SUMIFS( zonificación!$AA:$AA, zonificación!$A:$A,B62, zonificación!$K:$K, G62, zonificación!$I:$I,H62, zonificación!$W:$W, I62) -> 334 | M62: =IF(COUNTIFS($D$2:$D62,D62)=1,SUMIFS($L:$L,D:D,D62),0) -> 334 | N62: 3 | O62: =IF(COUNTIFS($D$2:$D62,D62)=1,SUMIFS($K:$K,D:D,D62),0) -> 4 | P62: =IF(COUNTIFS($D$2:$D62,D62)=1,SUMIFS($M:$M,D:D,D62),0) -> 334 | Q62: Articulo 35 invitación cerrada – literal m | R62: 804011576 | S62: =IF($A62="SI","",$R62) | T62: FUNDACION COLOMBO ALEMANA VOLVER A SONREIR | U62: =IF($A62="SI","",$T62) | V62: Institucional | W62: 46326 | X62: 0 | Y62: =IF(COUNTIFS($D$2:$D62,$D62)=1,SUMIFS(X:X,$D:$D,$D62),0) -> 0 | Z62: 0 | AA62: Descripción otros conceptos | AB62: 0 | AC62: =IF(COUNTIFS($D$2:$D62,$D62)=1,SUMIFS(AB:AB,$D:$D,$D62),0) -> 0 | AD62: =IF(COUNTIFS($D$2:$D62,$D62)=1,SUMIFS(Z:Z,$D:$D,$D62),0) -> 0 | AE62: =SUM(AC62:AD62) -> 0 | AF62: =+X62+AE62 -> 0 | AG62: =IF(COUNTIFS($D$2:$D62,$D62)=1,SUMIFS(AF:AF,$D:$D,$D62),0) -> 0 | AH62: =IF(E62="",2026,VALUE(RIGHT(E62,4))) -> 2026 | AI62: =AG62/VLOOKUP(AH62,SALARIOS!$A$1:$B$4,2,0) -> 0 | AJ62: 0 | AK62: 0 | AL62: 0 | AM62: 0 | AN62: =+AJ62+AL62 -> 0 | AO62: =+AK62+AM62 -> 0 | AP62: =((AK62-AJ62)/SAL_2026)+((AM62-AL62)/SAL_2026) -> 0 | AQ62: =VALUE(IF(COUNTIFS($D$2:$D62,$D62)=1,MAX(0,SUMIFS(AP:AP,$D:$D,$D62)),0)) -> 0 | AR62: =$AO62-$AN62 -> 0 | AS62: =IF(COUNTIFS($D$2:$D62,$D62)=1,SUMIFS(AR:AR,$D:$D,$D62),0) -> 0 | AT62: =IF(AS62="",AG62,AG62+AS62) -> 0 | AU62: =+AT62 -> 0 | AV62: =SUMIFS(Combinaciones!$K:$K,Combinaciones!$A:$A,I62,Combinaciones!$B:$B,J62,Combinaciones!$F:$F,N62)*L62 -> 564154056 | AW62: =IF(COUNTIFS($D$2:$D62,$D62)=1,SUMIFS(AV:AV,$D:$D,$D62),0) -> 564154056 | AX62: 0 | AY62: Descripción otros conceptos | BA62: =+IF(I62="HOGAR INFANTIL – INSTITUCIONAL",AZ62*(1750905*0.03)*N62,0) -> 0 | BB62: 0 | BC62: =IFERROR(AV62+AX62-BB62+BA62,0) -> 564154056 | BD62: =IF(COUNTIFS($D$2:$D62,$D62)=1,SUMIFS(BC:BC,$D:$D,$D62),0) -> 564154056 | BE62: 0.02 | BF62: =IFERROR(BE62*BD62,"") -> 11283081 | BG62: =IF(COUNTIFS($D$2:$D62,$D62)=1,SUMIFS(BF:BF,$D:$D,$D62),0) -> 11283081 | BH62: =IF(BD62<>"",BD62+BG62,"") -> 5.7543714e+08 | BI62: =IFERROR(BH62/SAL_2026,"") -> 328.65126 | BJ62: =X62+AK62-AJ62+BC62 -> 564154056 | BK62: =SUMIF($D:$D,$D:$D,$BJ:$BJ) -> 564154056 | BL62: =IF(COUNTIF($D$3:D62,D62)=1,BK62,"") -> 564154056 | BM62: =+IFERROR(AC62+BF62+AM62-AL62,0) -> 11283081 | BN62: =+IFERROR(Y62+AE62+AK62-AJ62+AM62-AL62+BD62+BF62+AD62,0) -> 5.7543714e+08 | BO62: =IF(AI62<>"",AI62/2,"") -> 0 | BP62: =+AQ62+BI62 -> 328.65126 | BQ62: =IF(A62="SI","",IF(BO62-BP62<0,0,BO62-BP62)) | BR62: =IFERROR(BQ62*SAL_2026,"") | BS62: =+(AI62+BP62) -> 328.65126 | BT62: =IF(BS62="","",IF(SUMIFS(BS:BS,R:R,R62)>5000,"ALERTA MAYOR QUE 5.000",""))
A63: NO | B63: 1876 | C63: SANTANDER | D63: 68008862025 | E63: =IF($A63="SI","",$D63) -> 68008862025 | G63: CZ VELEZ | H63: Barbosa | I63: EDUCACIÓN INICIAL EN EL HOGAR - FAMILIAR Y COMUNITARIA | J63: OPERADOR SOLO COMPONENTE PEDAGOGICO | K63: 5 | L63: =SUMIFS( zonificación!$AA:$AA, zonificación!$A:$A,B63, zonificación!$K:$K, G63, zonificación!$I:$I,H63, zonificación!$W:$W, I63) -> 168 | M63: =IF(COUNTIFS($D$2:$D63,D63)=1,SUMIFS($L:$L,D:D,D63),0) -> 209 | N63: 3 | O63: =IF(COUNTIFS($D$2:$D63,D63)=1,SUMIFS($K:$K,D:D,D63),0) -> 7 | P63: =IF(COUNTIFS($D$2:$D63,D63)=1,SUMIFS($M:$M,D:D,D63),0) -> 209 | Q63: Articulo 35 invitación cerrada – literal m | R63: 804002074 | S63: =IF($A63="SI","",$R63) -> 804002074 | T63: ASOCIACIÓN DE PADRES DE HOGARES DE BIENESTAR DE LANDAZURI | U63: =IF($A63="SI","",$T63) -> ASOCIACIÓN DE PADRES DE HOGARES DE BIENESTAR DE LANDAZURI | V63: Familiar y Comunitaria | W63: 46326 | X63: 0 | Y63: =IF(COUNTIFS($D$2:$D63,$D63)=1,SUMIFS(X:X,$D:$D,$D63),0) -> 0 | Z63: 0 | AA63: Descripción otros conceptos | AB63: 0 | AC63: =IF(COUNTIFS($D$2:$D63,$D63)=1,SUMIFS(AB:AB,$D:$D,$D63),0) -> 0 | AD63: =IF(COUNTIFS($D$2:$D63,$D63)=1,SUMIFS(Z:Z,$D:$D,$D63),0) -> 0 | AE63: =SUM(AC63:AD63) -> 0 | AF63: =+X63+AE63 -> 0 | AG63: =IF(COUNTIFS($D$2:$D63,$D63)=1,SUMIFS(AF:AF,$D:$D,$D63),0) -> 0 | AH63: =IF(E63="",2026,VALUE(RIGHT(E63,4))) -> 2025 | AI63: =AG63/VLOOKUP(AH63,SALARIOS!$A$1:$B$4,2,0) -> 0 | AJ63: 0 | AK63: 0 | AL63: 0 | AM63: 0 | AN63: =+AJ63+AL63 -> 0 | AO63: =+AK63+AM63 -> 0 | AP63: =((AK63-AJ63)/SAL_2026)+((AM63-AL63)/SAL_2026) -> 0 | AQ63: =VALUE(IF(COUNTIFS($D$2:$D63,$D63)=1,MAX(0,SUMIFS(AP:AP,$D:$D,$D63)),0)) -> 0 | AR63: =$AO63-$AN63 -> 0 | AS63: =IF(COUNTIFS($D$2:$D63,$D63)=1,SUMIFS(AR:AR,$D:$D,$D63),0) -> 0 | AT63: =IF(AS63="",AG63,AG63+AS63) -> 0 | AU63: =+AT63 -> 0 | AV63: =SUMIFS(Combinaciones!$K:$K,Combinaciones!$A:$A,I63,Combinaciones!$B:$B,J63,Combinaciones!$F:$F,N63)*L63 -> 108756816 | AW63: =IF(COUNTIFS($D$2:$D63,$D63)=1,SUMIFS(AV:AV,$D:$D,$D63),0) -> 135298658 | AX63: 0 | AY63: Descripción otros conceptos | BA63: =+IF(I63="HOGAR INFANTIL – INSTITUCIONAL",AZ63*(1750905*0.03)*N63,0) -> 0 | BB63: 0 | BC63: =IFERROR(AV63+AX63-BB63+BA63,0) -> 108756816 | BD63: =IF(COUNTIFS($D$2:$D63,$D63)=1,SUMIFS(BC:BC,$D:$D,$D63),0) -> 135298658 | BE63: 0.02 | BF63: =IFERROR(BE63*BD63,"") -> 2705973.2 | BG63: =IF(COUNTIFS($D$2:$D63,$D63)=1,SUMIFS(BF:BF,$D:$D,$D63),0) -> 2705973.2 | BH63: =IF(BD63<>"",BD63+BG63,"") -> 1.3800463e+08 | BI63: =IFERROR(BH63/SAL_2026,"") -> 78.819029 | BJ63: =X63+AK63-AJ63+BC63 -> 108756816 | BK63: =SUMIF($D:$D,$D:$D,$BJ:$BJ) -> 135298658 | BL63: =IF(COUNTIF($D$3:D63,D63)=1,BK63,"") -> 135298658 | BM63: =+IFERROR(AC63+BF63+AM63-AL63,0) -> 2705973.2 | BN63: =+IFERROR(Y63+AE63+AK63-AJ63+AM63-AL63+BD63+BF63+AD63,0) -> 1.3800463e+08 | BO63: =IF(AI63<>"",AI63/2,"") -> 0 | BP63: =+AQ63+BI63 -> 78.819029 | BQ63: =IF(A63="SI","",IF(BO63-BP63<0,0,BO63-BP63)) -> 0 | BR63: =IFERROR(BQ63*SAL_2026,"") -> 0 | BS63: =+(AI63+BP63) -> 78.819029 | BT63: =IF(BS63="","",IF(SUMIFS(BS:BS,R:R,R63)>5000,"ALERTA MAYOR QUE 5.000",""))
A64: NO | B64: 1876 | C64: SANTANDER | D64: 68008862025 | E64: =IF($A64="SI","",$D64) -> 68008862025 | G64: CZ VELEZ | H64: Landazuri | I64: EDUCACIÓN INICIAL EN EL HOGAR - FAMILIAR Y COMUNITARIA | J64: OPERADOR SOLO COMPONENTE PEDAGOGICO | K64: 2 | L64: =SUMIFS( zonificación!$AA:$AA, zonificación!$A:$A,B64, zonificación!$K:$K, G64, zonificación!$I:$I,H64, zonificación!$W:$W, I64) -> 41 | M64: =IF(COUNTIFS($D$2:$D64,D64)=1,SUMIFS($L:$L,D:D,D64),0) -> 0 | N64: 3 | O64: =IF(COUNTIFS($D$2:$D64,D64)=1,SUMIFS($K:$K,D:D,D64),0) -> 0 | P64: =IF(COUNTIFS($D$2:$D64,D64)=1,SUMIFS($M:$M,D:D,D64),0) -> 0 | Q64: Articulo 35 invitación cerrada – literal m | R64: 804002074 | S64: =IF($A64="SI","",$R64) -> 804002074 | T64: ASOCIACIÓN DE PADRES DE HOGARES DE BIENESTAR DE LANDAZURI | U64: =IF($A64="SI","",$T64) -> ASOCIACIÓN DE PADRES DE HOGARES DE BIENESTAR DE LANDAZURI | V64: Familiar y Comunitaria | W64: 46326 | X64: 0 | Y64: =IF(COUNTIFS($D$2:$D64,$D64)=1,SUMIFS(X:X,$D:$D,$D64),0) -> 0 | Z64: 0 | AA64: Descripción otros conceptos | AB64: 0 | AC64: =IF(COUNTIFS($D$2:$D64,$D64)=1,SUMIFS(AB:AB,$D:$D,$D64),0) -> 0 | AD64: =IF(COUNTIFS($D$2:$D64,$D64)=1,SUMIFS(Z:Z,$D:$D,$D64),0) -> 0 | AE64: =SUM(AC64:AD64) -> 0 | AF64: =+X64+AE64 -> 0 | AG64: =IF(COUNTIFS($D$2:$D64,$D64)=1,SUMIFS(AF:AF,$D:$D,$D64),0) -> 0 | AH64: =IF(E64="",2026,VALUE(RIGHT(E64,4))) -> 2025 | AI64: =AG64/VLOOKUP(AH64,SALARIOS!$A$1:$B$4,2,0) -> 0 | AJ64: 0 | AK64: 0 | AL64: 0 | AM64: 0 | AN64: =+AJ64+AL64 -> 0 | AO64: =+AK64+AM64 -> 0 | AP64: =((AK64-AJ64)/SAL_2026)+((AM64-AL64)/SAL_2026) -> 0 | AQ64: =VALUE(IF(COUNTIFS($D$2:$D64,$D64)=1,MAX(0,SUMIFS(AP:AP,$D:$D,$D64)),0)) -> 0 | AR64: =$AO64-$AN64 -> 0 | AS64: =IF(COUNTIFS($D$2:$D64,$D64)=1,SUMIFS(AR:AR,$D:$D,$D64),0) -> 0 | AT64: =IF(AS64="",AG64,AG64+AS64) -> 0 | AU64: =+AT64 -> 0 | AV64: =SUMIFS(Combinaciones!$K:$K,Combinaciones!$A:$A,I64,Combinaciones!$B:$B,J64,Combinaciones!$F:$F,N64)*L64 -> 26541842 | AW64: =IF(COUNTIFS($D$2:$D64,$D64)=1,SUMIFS(AV:AV,$D:$D,$D64),0) -> 0 | AX64: 0 | AY64: Descripción otros conceptos | BA64: =+IF(I64="HOGAR INFANTIL – INSTITUCIONAL",AZ64*(1750905*0.03)*N64,0) -> 0 | BB64: 0 | BC64: =IFERROR(AV64+AX64-BB64+BA64,0) -> 26541842 | BD64: =IF(COUNTIFS($D$2:$D64,$D64)=1,SUMIFS(BC:BC,$D:$D,$D64),0) -> 0 | BE64: 0.02 | BF64: =IFERROR(BE64*BD64,"") -> 0 | BG64: =IF(COUNTIFS($D$2:$D64,$D64)=1,SUMIFS(BF:BF,$D:$D,$D64),0) -> 0 | BH64: =IF(BD64<>"",BD64+BG64,"") -> 0 | BI64: =IFERROR(BH64/SAL_2026,"") -> 0 | BJ64: =X64+AK64-AJ64+BC64 -> 26541842 | BK64: =SUMIF($D:$D,$D:$D,$BJ:$BJ) -> 135298658 | BL64: =IF(COUNTIF($D$3:D64,D64)=1,BK64,"") | BM64: =+IFERROR(AC64+BF64+AM64-AL64,0) -> 0 | BN64: =+IFERROR(Y64+AE64+AK64-AJ64+AM64-AL64+BD64+BF64+AD64,0) -> 0 | BO64: =IF(AI64<>"",AI64/2,"") -> 0 | BP64: =+AQ64+BI64 -> 0 | BQ64: =IF(A64="SI","",IF(BO64-BP64<0,0,BO64-BP64)) -> 0 | BR64: =IFERROR(BQ64*SAL_2026,"") -> 0 | BS64: =+(AI64+BP64) -> 0 | BT64: =IF(BS64="","",IF(SUMIFS(BS:BS,R:R,R64)>5000,"ALERTA MAYOR QUE 5.000",""))
A65: SI | B65: 1877 | C65: SANTANDER | D65: 68008442025 | E65: =IF($A65="SI","",$D65) | G65: CZ BUCARAMANGA SUR | H65: Piedecuesta | I65: CENTRO DE DESARROLLO INFANTIL - SIN ARRIENDO - INSTITUCIONAL | J65: OPERADOR COMPONENTE PEDAGOGICO CON ALIMENTOS | K65: 2 | L65: =SUMIFS( zonificación!$AA:$AA, zonificación!$A:$A,B65, zonificación!$K:$K, G65, zonificación!$I:$I,H65, zonificación!$W:$W, I65) -> 424 | M65: =IF(COUNTIFS($D$2:$D65,D65)=1,SUMIFS($L:$L,D:D,D65),0) -> 424 | N65: 3 | O65: =IF(COUNTIFS($D$2:$D65,D65)=1,SUMIFS($K:$K,D:D,D65),0) -> 2 | P65: =IF(COUNTIFS($D$2:$D65,D65)=1,SUMIFS($M:$M,D:D,D65),0) -> 424 | Q65: Articulo 35 invitación cerrada – literal m | R65: 804000801 | S65: =IF($A65="SI","",$R65) | T65: ASOCIACION DE PADRES DE HOGARES DE BIENESTRA DEL BARRIO SAN CRISTOBAL | U65: =IF($A65="SI","",$T65) | V65: Institucional | W65: 46326 | X65: 0 | Y65: =IF(COUNTIFS($D$2:$D65,$D65)=1,SUMIFS(X:X,$D:$D,$D65),0) -> 0 | Z65: 0 | AA65: Descripción otros conceptos | AB65: 0 | AC65: =IF(COUNTIFS($D$2:$D65,$D65)=1,SUMIFS(AB:AB,$D:$D,$D65),0) -> 0 | AD65: =IF(COUNTIFS($D$2:$D65,$D65)=1,SUMIFS(Z:Z,$D:$D,$D65),0) -> 0 | AE65: =SUM(AC65:AD65) -> 0 | AF65: =+X65+AE65 -> 0 | AG65: =IF(COUNTIFS($D$2:$D65,$D65)=1,SUMIFS(AF:AF,$D:$D,$D65),0) -> 0 | AH65: =IF(E65="",2026,VALUE(RIGHT(E65,4))) -> 2026 | AI65: =AG65/VLOOKUP(AH65,SALARIOS!$A$1:$B$4,2,0) -> 0 | AJ65: 0 | AK65: 0 | AL65: 0 | AM65: 0 | AN65: =+AJ65+AL65 -> 0 | AO65: =+AK65+AM65 -> 0 | AP65: =((AK65-AJ65)/SAL_2026)+((AM65-AL65)/SAL_2026) -> 0 | AQ65: =VALUE(IF(COUNTIFS($D$2:$D65,$D65)=1,MAX(0,SUMIFS(AP:AP,$D:$D,$D65)),0)) -> 0 | AR65: =$AO65-$AN65 -> 0 | AS65: =IF(COUNTIFS($D$2:$D65,$D65)=1,SUMIFS(AR:AR,$D:$D,$D65),0) -> 0 | AT65: =IF(AS65="",AG65,AG65+AS65) -> 0 | AU65: =+AT65 -> 0 | AV65: =SUMIFS(Combinaciones!$K:$K,Combinaciones!$A:$A,I65,Combinaciones!$B:$B,J65,Combinaciones!$F:$F,N65)*L65 -> 716171616 | AW65: =IF(COUNTIFS($D$2:$D65,$D65)=1,SUMIFS(AV:AV,$D:$D,$D65),0) -> 716171616 | AX65: 0 | AY65: Descripción otros conceptos | BA65: =+IF(I65="HOGAR INFANTIL – INSTITUCIONAL",AZ65*(1750905*0.03)*N65,0) -> 0 | BB65: 0 | BC65: =IFERROR(AV65+AX65-BB65+BA65,0) -> 716171616 | BD65: =IF(COUNTIFS($D$2:$D65,$D65)=1,SUMIFS(BC:BC,$D:$D,$D65),0) -> 716171616 | BE65: 0.02 | BF65: =IFERROR(BE65*BD65,"") -> 14323432 | BG65: =IF(COUNTIFS($D$2:$D65,$D65)=1,SUMIFS(BF:BF,$D:$D,$D65),0) -> 14323432 | BH65: =IF(BD65<>"",BD65+BG65,"") -> 7.3049505e+08 | BI65: =IFERROR(BH65/SAL_2026,"") -> 417.20998 | BJ65: =X65+AK65-AJ65+BC65 -> 716171616 | BK65: =SUMIF($D:$D,$D:$D,$BJ:$BJ) -> 716171616 | BL65: =IF(COUNTIF($D$3:D65,D65)=1,BK65,"") -> 716171616 | BM65: =+IFERROR(AC65+BF65+AM65-AL65,0) -> 14323432 | BN65: =+IFERROR(Y65+AE65+AK65-AJ65+AM65-AL65+BD65+BF65+AD65,0) -> 7.3049505e+08 | BO65: =IF(AI65<>"",AI65/2,"") -> 0 | BP65: =+AQ65+BI65 -> 417.20998 | BQ65: =IF(A65="SI","",IF(BO65-BP65<0,0,BO65-BP65)) | BR65: =IFERROR(BQ65*SAL_2026,"") | BS65: =+(AI65+BP65) -> 417.20998 | BT65: =IF(BS65="","",IF(SUMIFS(BS:BS,R:R,R65)>5000,"ALERTA MAYOR QUE 5.000",""))
A66: SI | B66: 1878 | C66: SANTANDER | D66: 68008722025 | E66: =IF($A66="SI","",$D66) | G66: CZ ANTONIA SANTOS | H66: Lebrija | I66: EDUCACIÓN INICIAL EN EL HOGAR - FAMILIAR Y COMUNITARIA | J66: OPERADOR COMPONENTE PEDAGOGICO CON ALIMENTOS | K66: 16 | L66: =SUMIFS( zonificación!$AA:$AA, zonificación!$A:$A,B66, zonificación!$K:$K, G66, zonificación!$I:$I,H66, zonificación!$W:$W, I66) -> 507 | M66: =IF(COUNTIFS($D$2:$D66,D66)=1,SUMIFS($L:$L,D:D,D66),0) -> 507 | N66: 3 | O66: =IF(COUNTIFS($D$2:$D66,D66)=1,SUMIFS($K:$K,D:D,D66),0) -> 16 | P66: =IF(COUNTIFS($D$2:$D66,D66)=1,SUMIFS($M:$M,D:D,D66),0) -> 507 | Q66: Articulo 35 invitación cerrada – literal m | R66: 900490026 | S66: =IF($A66="SI","",$R66) | T66: CORPORACIÓN PARA LA EQUIDAD, LA DEMOCRACIA Y EL BUEN VIVIRHYPATIA | U66: =IF($A66="SI","",$T66) | V66: Familiar y Comunitaria | W66: 46326 | X66: 0 | Y66: =IF(COUNTIFS($D$2:$D66,$D66)=1,SUMIFS(X:X,$D:$D,$D66),0) -> 0 | Z66: 0 | AA66: Descripción otros conceptos | AB66: 0 | AC66: =IF(COUNTIFS($D$2:$D66,$D66)=1,SUMIFS(AB:AB,$D:$D,$D66),0) -> 0 | AD66: =IF(COUNTIFS($D$2:$D66,$D66)=1,SUMIFS(Z:Z,$D:$D,$D66),0) -> 0 | AE66: =SUM(AC66:AD66) -> 0 | AF66: =+X66+AE66 -> 0 | AG66: =IF(COUNTIFS($D$2:$D66,$D66)=1,SUMIFS(AF:AF,$D:$D,$D66),0) -> 0 | AH66: =IF(E66="",2026,VALUE(RIGHT(E66,4))) -> 2026 | AI66: =AG66/VLOOKUP(AH66,SALARIOS!$A$1:$B$4,2,0) -> 0 | AJ66: 0 | AK66: 0 | AL66: 0 | AM66: 0 | AN66: =+AJ66+AL66 -> 0 | AO66: =+AK66+AM66 -> 0 | AP66: =((AK66-AJ66)/SAL_2026)+((AM66-AL66)/SAL_2026) -> 0 | AQ66: =VALUE(IF(COUNTIFS($D$2:$D66,$D66)=1,MAX(0,SUMIFS(AP:AP,$D:$D,$D66)),0)) -> 0 | AR66: =$AO66-$AN66 -> 0 | AS66: =IF(COUNTIFS($D$2:$D66,$D66)=1,SUMIFS(AR:AR,$D:$D,$D66),0) -> 0 | AT66: =IF(AS66="",AG66,AG66+AS66) -> 0 | AU66: =+AT66 -> 0 | AV66: =SUMIFS(Combinaciones!$K:$K,Combinaciones!$A:$A,I66,Combinaciones!$B:$B,J66,Combinaciones!$F:$F,N66)*L66 -> 627565614 | AW66: =IF(COUNTIFS($D$2:$D66,$D66)=1,SUMIFS(AV:AV,$D:$D,$D66),0) -> 627565614 | AX66: 0 | AY66: Descripción otros conceptos | BA66: =+IF(I66="HOGAR INFANTIL – INSTITUCIONAL",AZ66*(1750905*0.03)*N66,0) -> 0 | BB66: 0 | BC66: =IFERROR(AV66+AX66-BB66+BA66,0) -> 627565614 | BD66: =IF(COUNTIFS($D$2:$D66,$D66)=1,SUMIFS(BC:BC,$D:$D,$D66),0) -> 627565614 | BE66: 0.02 | BF66: =IFERROR(BE66*BD66,"") -> 12551312 | BG66: =IF(COUNTIFS($D$2:$D66,$D66)=1,SUMIFS(BF:BF,$D:$D,$D66),0) -> 12551312 | BH66: =IF(BD66<>"",BD66+BG66,"") -> 6.4011693e+08 | BI66: =IFERROR(BH66/SAL_2026,"") -> 365.59204 | BJ66: =X66+AK66-AJ66+BC66 -> 627565614 | BK66: =SUMIF($D:$D,$D:$D,$BJ:$BJ) -> 627565614 | BL66: =IF(COUNTIF($D$3:D66,D66)=1,BK66,"") -> 627565614 | BM66: =+IFERROR(AC66+BF66+AM66-AL66,0) -> 12551312 | BN66: =+IFERROR(Y66+AE66+AK66-AJ66+AM66-AL66+BD66+BF66+AD66,0) -> 6.4011693e+08 | BO66: =IF(AI66<>"",AI66/2,"") -> 0 | BP66: =+AQ66+BI66 -> 365.59204 | BQ66: =IF(A66="SI","",IF(BO66-BP66<0,0,BO66-BP66)) | BR66: =IFERROR(BQ66*SAL_2026,"") | BS66: =+(AI66+BP66) -> 365.59204 | BT66: =IF(BS66="","",IF(SUMIFS(BS:BS,R:R,R66)>5000,"ALERTA MAYOR QUE 5.000",""))
A67: SI | B67: 1879 | C67: SANTANDER | D67: 68008602025 | E67: =IF($A67="SI","",$D67) | G67: CZ YARIQUIES | H67: Barrancabermeja | I67: CENTRO DE DESARROLLO INFANTIL - SIN ARRIENDO - INSTITUCIONAL | J67: OPERADOR COMPONENTE PEDAGOGICO CON ALIMENTOS | K67: 1 | L67: =SUMIFS( zonificación!$AA:$AA, zonificación!$A:$A,B67, zonificación!$K:$K, G67, zonificación!$I:$I,H67, zonificación!$W:$W, I67) -> 256 | M67: =IF(COUNTIFS($D$2:$D67,D67)=1,SUMIFS($L:$L,D:D,D67),0) -> 256 | N67: 3 | O67: =IF(COUNTIFS($D$2:$D67,D67)=1,SUMIFS($K:$K,D:D,D67),0) -> 1 | P67: =IF(COUNTIFS($D$2:$D67,D67)=1,SUMIFS($M:$M,D:D,D67),0) -> 256 | Q67: Articulo 35 invitación cerrada – literal m | R67: 890270537 | S67: =IF($A67="SI","",$R67) | T67: ASOCIACION DE PADRES DE FAMILIA Y VECINOS DEL HOGAR INFANTIL VECINAL BAM BAM | U67: =IF($A67="SI","",$T67) | V67: Institucional | W67: 46326 | X67: 0 | Y67: =IF(COUNTIFS($D$2:$D67,$D67)=1,SUMIFS(X:X,$D:$D,$D67),0) -> 0 | Z67: 0 | AA67: Descripción otros conceptos | AB67: 0 | AC67: =IF(COUNTIFS($D$2:$D67,$D67)=1,SUMIFS(AB:AB,$D:$D,$D67),0) -> 0 | AD67: =IF(COUNTIFS($D$2:$D67,$D67)=1,SUMIFS(Z:Z,$D:$D,$D67),0) -> 0 | AE67: =SUM(AC67:AD67) -> 0 | AF67: =+X67+AE67 -> 0 | AG67: =IF(COUNTIFS($D$2:$D67,$D67)=1,SUMIFS(AF:AF,$D:$D,$D67),0) -> 0 | AH67: =IF(E67="",2026,VALUE(RIGHT(E67,4))) -> 2026 | AI67: =AG67/VLOOKUP(AH67,SALARIOS!$A$1:$B$4,2,0) -> 0 | AJ67: 0 | AK67: 0 | AL67: 0 | AM67: 0 | AN67: =+AJ67+AL67 -> 0 | AO67: =+AK67+AM67 -> 0 | AP67: =((AK67-AJ67)/SAL_2026)+((AM67-AL67)/SAL_2026) -> 0 | AQ67: =VALUE(IF(COUNTIFS($D$2:$D67,$D67)=1,MAX(0,SUMIFS(AP:AP,$D:$D,$D67)),0)) -> 0 | AR67: =$AO67-$AN67 -> 0 | AS67: =IF(COUNTIFS($D$2:$D67,$D67)=1,SUMIFS(AR:AR,$D:$D,$D67),0) -> 0 | AT67: =IF(AS67="",AG67,AG67+AS67) -> 0 | AU67: =+AT67 -> 0 | AV67: =SUMIFS(Combinaciones!$K:$K,Combinaciones!$A:$A,I67,Combinaciones!$B:$B,J67,Combinaciones!$F:$F,N67)*L67 -> 432405504 | AW67: =IF(COUNTIFS($D$2:$D67,$D67)=1,SUMIFS(AV:AV,$D:$D,$D67),0) -> 432405504 | AX67: 0 | AY67: Descripción otros conceptos | BA67: =+IF(I67="HOGAR INFANTIL – INSTITUCIONAL",AZ67*(1750905*0.03)*N67,0) -> 0 | BB67: 0 | BC67: =IFERROR(AV67+AX67-BB67+BA67,0) -> 432405504 | BD67: =IF(COUNTIFS($D$2:$D67,$D67)=1,SUMIFS(BC:BC,$D:$D,$D67),0) -> 432405504 | BE67: 0.02 | BF67: =IFERROR(BE67*BD67,"") -> 8648110.1 | BG67: =IF(COUNTIFS($D$2:$D67,$D67)=1,SUMIFS(BF:BF,$D:$D,$D67),0) -> 8648110.1 | BH67: =IF(BD67<>"",BD67+BG67,"") -> 4.4105361e+08 | BI67: =IFERROR(BH67/SAL_2026,"") -> 251.90037 | BJ67: =X67+AK67-AJ67+BC67 -> 432405504 | BK67: =SUMIF($D:$D,$D:$D,$BJ:$BJ) -> 432405504 | BL67: =IF(COUNTIF($D$3:D67,D67)=1,BK67,"") -> 432405504 | BM67: =+IFERROR(AC67+BF67+AM67-AL67,0) -> 8648110.1 | BN67: =+IFERROR(Y67+AE67+AK67-AJ67+AM67-AL67+BD67+BF67+AD67,0) -> 4.4105361e+08 | BO67: =IF(AI67<>"",AI67/2,"") -> 0 | BP67: =+AQ67+BI67 -> 251.90037 | BQ67: =IF(A67="SI","",IF(BO67-BP67<0,0,BO67-BP67)) | BR67: =IFERROR(BQ67*SAL_2026,"") | BS67: =+(AI67+BP67) -> 251.90037 | BT67: =IF(BS67="","",IF(SUMIFS(BS:BS,R:R,R67)>5000,"ALERTA MAYOR QUE 5.000",""))
A68: SI | B68: 1880 | C68: SANTANDER | D68: 68008552025 | E68: =IF($A68="SI","",$D68) | G68: CZ BUCARAMANGA SUR | H68: Los Santos | I68: EDUCACIÓN INICIAL EN EL HOGAR - FAMILIAR Y COMUNITARIA | J68: OPERADOR COMPONENTE PEDAGOGICO CON ALIMENTOS | K68: 2 | L68: =SUMIFS( zonificación!$AA:$AA, zonificación!$A:$A,B68, zonificación!$K:$K, G68, zonificación!$I:$I,H68, zonificación!$W:$W, I68) -> 88 | M68: =IF(COUNTIFS($D$2:$D68,D68)=1,SUMIFS($L:$L,D:D,D68),0) -> 339 | N68: 3 | O68: =IF(COUNTIFS($D$2:$D68,D68)=1,SUMIFS($K:$K,D:D,D68),0) -> 8 | P68: =IF(COUNTIFS($D$2:$D68,D68)=1,SUMIFS($M:$M,D:D,D68),0) -> 339 | Q68: Articulo 35 invitación cerrada – literal m | R68: 900490026 | S68: =IF($A68="SI","",$R68) | T68: CORPORACIÓN PARA LA EQUIDAD, LA DEMOCRACIA Y EL BUEN VIVIRHYPATIA | U68: =IF($A68="SI","",$T68) | V68: Familiar y Comunitaria | W68: 46326 | X68: 0 | Y68: =IF(COUNTIFS($D$2:$D68,$D68)=1,SUMIFS(X:X,$D:$D,$D68),0) -> 0 | Z68: 0 | AA68: Descripción otros conceptos | AB68: 0 | AC68: =IF(COUNTIFS($D$2:$D68,$D68)=1,SUMIFS(AB:AB,$D:$D,$D68),0) -> 0 | AD68: =IF(COUNTIFS($D$2:$D68,$D68)=1,SUMIFS(Z:Z,$D:$D,$D68),0) -> 0 | AE68: =SUM(AC68:AD68) -> 0 | AF68: =+X68+AE68 -> 0 | AG68: =IF(COUNTIFS($D$2:$D68,$D68)=1,SUMIFS(AF:AF,$D:$D,$D68),0) -> 0 | AH68: =IF(E68="",2026,VALUE(RIGHT(E68,4))) -> 2026 | AI68: =AG68/VLOOKUP(AH68,SALARIOS!$A$1:$B$4,2,0) -> 0 | AJ68: 0 | AK68: 0 | AL68: 0 | AM68: 0 | AN68: =+AJ68+AL68 -> 0 | AO68: =+AK68+AM68 -> 0 | AP68: =((AK68-AJ68)/SAL_2026)+((AM68-AL68)/SAL_2026) -> 0 | AQ68: =VALUE(IF(COUNTIFS($D$2:$D68,$D68)=1,MAX(0,SUMIFS(AP:AP,$D:$D,$D68)),0)) -> 0 | AR68: =$AO68-$AN68 -> 0 | AS68: =IF(COUNTIFS($D$2:$D68,$D68)=1,SUMIFS(AR:AR,$D:$D,$D68),0) -> 0 | AT68: =IF(AS68="",AG68,AG68+AS68) -> 0 | AU68: =+AT68 -> 0 | AV68: =SUMIFS(Combinaciones!$K:$K,Combinaciones!$A:$A,I68,Combinaciones!$B:$B,J68,Combinaciones!$F:$F,N68)*L68 -> 108926576 | AW68: =IF(COUNTIFS($D$2:$D68,$D68)=1,SUMIFS(AV:AV,$D:$D,$D68),0) -> 427289868 | AX68: 0 | AY68: Descripción otros conceptos | BA68: =+IF(I68="HOGAR INFANTIL – INSTITUCIONAL",AZ68*(1750905*0.03)*N68,0) -> 0 | BB68: 0 | BC68: =IFERROR(AV68+AX68-BB68+BA68,0) -> 108926576 | BD68: =IF(COUNTIFS($D$2:$D68,$D68)=1,SUMIFS(BC:BC,$D:$D,$D68),0) -> 427289868 | BE68: 0.02 | BF68: =IFERROR(BE68*BD68,"") -> 8545797.4 | BG68: =IF(COUNTIFS($D$2:$D68,$D68)=1,SUMIFS(BF:BF,$D:$D,$D68),0) -> 8545797.4 | BH68: =IF(BD68<>"",BD68+BG68,"") -> 4.3583567e+08 | BI68: =IFERROR(BH68/SAL_2026,"") -> 248.92022 | BJ68: =X68+AK68-AJ68+BC68 -> 108926576 | BK68: =SUMIF($D:$D,$D:$D,$BJ:$BJ) -> 427289868 | BL68: =IF(COUNTIF($D$3:D68,D68)=1,BK68,"") -> 427289868 | BM68: =+IFERROR(AC68+BF68+AM68-AL68,0) -> 8545797.4 | BN68: =+IFERROR(Y68+AE68+AK68-AJ68+AM68-AL68+BD68+BF68+AD68,0) -> 4.3583567e+08 | BO68: =IF(AI68<>"",AI68/2,"") -> 0 | BP68: =+AQ68+BI68 -> 248.92022 | BQ68: =IF(A68="SI","",IF(BO68-BP68<0,0,BO68-BP68)) | BR68: =IFERROR(BQ68*SAL_2026,"") | BS68: =+(AI68+BP68) -> 248.92022 | BT68: =IF(BS68="","",IF(SUMIFS(BS:BS,R:R,R68)>5000,"ALERTA MAYOR QUE 5.000",""))
A69: SI | B69: 1880 | C69: SANTANDER | D69: 68008552025 | E69: =IF($A69="SI","",$D69) | G69: CZ BUCARAMANGA SUR | H69: Tona | I69: EDUCACIÓN INICIAL CAMPESINA - A - PROPIA E INTERCULTURAL | J69: OPERADOR COMPONENTE PEDAGOGICO CON ALIMENTOS | K69: 1 | L69: =SUMIFS( zonificación!$AA:$AA, zonificación!$A:$A,B69, zonificación!$K:$K, G69, zonificación!$I:$I,H69, zonificación!$W:$W, I69) -> 34 | M69: =IF(COUNTIFS($D$2:$D69,D69)=1,SUMIFS($L:$L,D:D,D69),0) -> 0 | N69: 3 | O69: =IF(COUNTIFS($D$2:$D69,D69)=1,SUMIFS($K:$K,D:D,D69),0) -> 0 | P69: =IF(COUNTIFS($D$2:$D69,D69)=1,SUMIFS($M:$M,D:D,D69),0) -> 0 | Q69: Articulo 35 invitación cerrada – literal m | R69: 900490026 | S69: =IF($A69="SI","",$R69) | T69: CORPORACIÓN PARA LA EQUIDAD, LA DEMOCRACIA Y EL BUEN VIVIRHYPATIA | U69: =IF($A69="SI","",$T69) | V69: Propia e Intercultural | W69: 46326 | X69: 0 | Y69: =IF(COUNTIFS($D$2:$D69,$D69)=1,SUMIFS(X:X,$D:$D,$D69),0) -> 0 | Z69: 0 | AA69: Descripción otros conceptos | AB69: 0 | AC69: =IF(COUNTIFS($D$2:$D69,$D69)=1,SUMIFS(AB:AB,$D:$D,$D69),0) -> 0 | AD69: =IF(COUNTIFS($D$2:$D69,$D69)=1,SUMIFS(Z:Z,$D:$D,$D69),0) -> 0 | AE69: =SUM(AC69:AD69) -> 0 | AF69: =+X69+AE69 -> 0 | AG69: =IF(COUNTIFS($D$2:$D69,$D69)=1,SUMIFS(AF:AF,$D:$D,$D69),0) -> 0 | AH69: =IF(E69="",2026,VALUE(RIGHT(E69,4))) -> 2026 | AI69: =AG69/VLOOKUP(AH69,SALARIOS!$A$1:$B$4,2,0) -> 0 | AJ69: 0 | AK69: 0 | AL69: 0 | AM69: 0 | AN69: =+AJ69+AL69 -> 0 | AO69: =+AK69+AM69 -> 0 | AP69: =((AK69-AJ69)/SAL_2026)+((AM69-AL69)/SAL_2026) -> 0 | AQ69: =VALUE(IF(COUNTIFS($D$2:$D69,$D69)=1,MAX(0,SUMIFS(AP:AP,$D:$D,$D69)),0)) -> 0 | AR69: =$AO69-$AN69 -> 0 | AS69: =IF(COUNTIFS($D$2:$D69,$D69)=1,SUMIFS(AR:AR,$D:$D,$D69),0) -> 0 | AT69: =IF(AS69="",AG69,AG69+AS69) -> 0 | AU69: =+AT69 -> 0 | AV69: =SUMIFS(Combinaciones!$K:$K,Combinaciones!$A:$A,I69,Combinaciones!$B:$B,J69,Combinaciones!$F:$F,N69)*L69 -> 49760258 | AW69: =IF(COUNTIFS($D$2:$D69,$D69)=1,SUMIFS(AV:AV,$D:$D,$D69),0) -> 0 | AX69: 0 | AY69: Descripción otros conceptos | BA69: =+IF(I69="HOGAR INFANTIL – INSTITUCIONAL",AZ69*(1750905*0.03)*N69,0) -> 0 | BB69: 0 | BC69: =IFERROR(AV69+AX69-BB69+BA69,0) -> 49760258 | BD69: =IF(COUNTIFS($D$2:$D69,$D69)=1,SUMIFS(BC:BC,$D:$D,$D69),0) -> 0 | BE69: 0.02 | BF69: =IFERROR(BE69*BD69,"") -> 0 | BG69: =IF(COUNTIFS($D$2:$D69,$D69)=1,SUMIFS(BF:BF,$D:$D,$D69),0) -> 0 | BH69: =IF(BD69<>"",BD69+BG69,"") -> 0 | BI69: =IFERROR(BH69/SAL_2026,"") -> 0 | BJ69: =X69+AK69-AJ69+BC69 -> 49760258 | BK69: =SUMIF($D:$D,$D:$D,$BJ:$BJ) -> 427289868 | BL69: =IF(COUNTIF($D$3:D69,D69)=1,BK69,"") | BM69: =+IFERROR(AC69+BF69+AM69-AL69,0) -> 0 | BN69: =+IFERROR(Y69+AE69+AK69-AJ69+AM69-AL69+BD69+BF69+AD69,0) -> 0 | BO69: =IF(AI69<>"",AI69/2,"") -> 0 | BP69: =+AQ69+BI69 -> 0 | BQ69: =IF(A69="SI","",IF(BO69-BP69<0,0,BO69-BP69)) | BR69: =IFERROR(BQ69*SAL_2026,"") | BS69: =+(AI69+BP69) -> 0 | BT69: =IF(BS69="","",IF(SUMIFS(BS:BS,R:R,R69)>5000,"ALERTA MAYOR QUE 5.000",""))
A70: SI | B70: 1880 | C70: SANTANDER | D70: 68008552025 | E70: =IF($A70="SI","",$D70) | G70: CZ BUCARAMANGA SUR | H70: Tona | I70: EDUCACIÓN INICIAL EN EL HOGAR - FAMILIAR Y COMUNITARIA | J70: OPERADOR COMPONENTE PEDAGOGICO CON ALIMENTOS | K70: 2 | L70: =SUMIFS( zonificación!$AA:$AA, zonificación!$A:$A,B70, zonificación!$K:$K, G70, zonificación!$I:$I,H70, zonificación!$W:$W, I70) -> 97 | M70: =IF(COUNTIFS($D$2:$D70,D70)=1,SUMIFS($L:$L,D:D,D70),0) -> 0 | N70: 3 | O70: =IF(COUNTIFS($D$2:$D70,D70)=1,SUMIFS($K:$K,D:D,D70),0) -> 0 | P70: =IF(COUNTIFS($D$2:$D70,D70)=1,SUMIFS($M:$M,D:D,D70),0) -> 0 | Q70: Articulo 35 invitación cerrada – literal m | R70: 900490026 | S70: =IF($A70="SI","",$R70) | T70: CORPORACIÓN PARA LA EQUIDAD, LA DEMOCRACIA Y EL BUEN VIVIRHYPATIA | U70: =IF($A70="SI","",$T70) | V70: Familiar y Comunitaria | W70: 46326 | X70: 0 | Y70: =IF(COUNTIFS($D$2:$D70,$D70)=1,SUMIFS(X:X,$D:$D,$D70),0) -> 0 | Z70: 0 | AA70: Descripción otros conceptos | AB70: 0 | AC70: =IF(COUNTIFS($D$2:$D70,$D70)=1,SUMIFS(AB:AB,$D:$D,$D70),0) -> 0 | AD70: =IF(COUNTIFS($D$2:$D70,$D70)=1,SUMIFS(Z:Z,$D:$D,$D70),0) -> 0 | AE70: =SUM(AC70:AD70) -> 0 | AF70: =+X70+AE70 -> 0 | AG70: =IF(COUNTIFS($D$2:$D70,$D70)=1,SUMIFS(AF:AF,$D:$D,$D70),0) -> 0 | AH70: =IF(E70="",2026,VALUE(RIGHT(E70,4))) -> 2026 | AI70: =AG70/VLOOKUP(AH70,SALARIOS!$A$1:$B$4,2,0) -> 0 | AJ70: 0 | AK70: 0 | AL70: 0 | AM70: 0 | AN70: =+AJ70+AL70 -> 0 | AO70: =+AK70+AM70 -> 0 | AP70: =((AK70-AJ70)/SAL_2026)+((AM70-AL70)/SAL_2026) -> 0 | AQ70: =VALUE(IF(COUNTIFS($D$2:$D70,$D70)=1,MAX(0,SUMIFS(AP:AP,$D:$D,$D70)),0)) -> 0 | AR70: =$AO70-$AN70 -> 0 | AS70: =IF(COUNTIFS($D$2:$D70,$D70)=1,SUMIFS(AR:AR,$D:$D,$D70),0) -> 0 | AT70: =IF(AS70="",AG70,AG70+AS70) -> 0 | AU70: =+AT70 -> 0 | AV70: =SUMIFS(Combinaciones!$K:$K,Combinaciones!$A:$A,I70,Combinaciones!$B:$B,J70,Combinaciones!$F:$F,N70)*L70 -> 120066794 | AW70: =IF(COUNTIFS($D$2:$D70,$D70)=1,SUMIFS(AV:AV,$D:$D,$D70),0) -> 0 | AX70: 0 | AY70: Descripción otros conceptos | BA70: =+IF(I70="HOGAR INFANTIL – INSTITUCIONAL",AZ70*(1750905*0.03)*N70,0) -> 0 | BB70: 0 | BC70: =IFERROR(AV70+AX70-BB70+BA70,0) -> 120066794 | BD70: =IF(COUNTIFS($D$2:$D70,$D70)=1,SUMIFS(BC:BC,$D:$D,$D70),0) -> 0 | BE70: 0.02 | BF70: =IFERROR(BE70*BD70,"") -> 0 | BG70: =IF(COUNTIFS($D$2:$D70,$D70)=1,SUMIFS(BF:BF,$D:$D,$D70),0) -> 0 | BH70: =IF(BD70<>"",BD70+BG70,"") -> 0 | BI70: =IFERROR(BH70/SAL_2026,"") -> 0 | BJ70: =X70+AK70-AJ70+BC70 -> 120066794 | BK70: =SUMIF($D:$D,$D:$D,$BJ:$BJ) -> 427289868 | BL70: =IF(COUNTIF($D$3:D70,D70)=1,BK70,"") | BM70: =+IFERROR(AC70+BF70+AM70-AL70,0) -> 0 | BN70: =+IFERROR(Y70+AE70+AK70-AJ70+AM70-AL70+BD70+BF70+AD70,0) -> 0 | BO70: =IF(AI70<>"",AI70/2,"") -> 0 | BP70: =+AQ70+BI70 -> 0 | BQ70: =IF(A70="SI","",IF(BO70-BP70<0,0,BO70-BP70)) | BR70: =IFERROR(BQ70*SAL_2026,"") | BS70: =+(AI70+BP70) -> 0 | BT70: =IF(BS70="","",IF(SUMIFS(BS:BS,R:R,R70)>5000,"ALERTA MAYOR QUE 5.000",""))
A71: SI | B71: 1880 | C71: SANTANDER | D71: 68008552025 | E71: =IF($A71="SI","",$D71) | G71: CZ BUCARAMANGA SUR | H71: Zapatoca | I71: EDUCACIÓN INICIAL EN EL HOGAR - FAMILIAR Y COMUNITARIA | J71: OPERADOR COMPONENTE PEDAGOGICO CON ALIMENTOS | K71: 3 | L71: =SUMIFS( zonificación!$AA:$AA, zonificación!$A:$A,B71, zonificación!$K:$K, G71, zonificación!$I:$I,H71, zonificación!$W:$W, I71) -> 120 | M71: =IF(COUNTIFS($D$2:$D71,D71)=1,SUMIFS($L:$L,D:D,D71),0) -> 0 | N71: 3 | O71: =IF(COUNTIFS($D$2:$D71,D71)=1,SUMIFS($K:$K,D:D,D71),0) -> 0 | P71: =IF(COUNTIFS($D$2:$D71,D71)=1,SUMIFS($M:$M,D:D,D71),0) -> 0 | Q71: Articulo 35 invitación cerrada – literal m | R71: 900490026 | S71: =IF($A71="SI","",$R71) | T71: CORPORACIÓN PARA LA EQUIDAD, LA DEMOCRACIA Y EL BUEN VIVIRHYPATIA | U71: =IF($A71="SI","",$T71) | V71: Familiar y Comunitaria | W71: 46326 | X71: 0 | Y71: =IF(COUNTIFS($D$2:$D71,$D71)=1,SUMIFS(X:X,$D:$D,$D71),0) -> 0 | Z71: 0 | AA71: Descripción otros conceptos | AB71: 0 | AC71: =IF(COUNTIFS($D$2:$D71,$D71)=1,SUMIFS(AB:AB,$D:$D,$D71),0) -> 0 | AD71: =IF(COUNTIFS($D$2:$D71,$D71)=1,SUMIFS(Z:Z,$D:$D,$D71),0) -> 0 | AE71: =SUM(AC71:AD71) -> 0 | AF71: =+X71+AE71 -> 0 | AG71: =IF(COUNTIFS($D$2:$D71,$D71)=1,SUMIFS(AF:AF,$D:$D,$D71),0) -> 0 | AH71: =IF(E71="",2026,VALUE(RIGHT(E71,4))) -> 2026 | AI71: =AG71/VLOOKUP(AH71,SALARIOS!$A$1:$B$4,2,0) -> 0 | AJ71: 0 | AK71: 0 | AL71: 0 | AM71: 0 | AN71: =+AJ71+AL71 -> 0 | AO71: =+AK71+AM71 -> 0 | AP71: =((AK71-AJ71)/SAL_2026)+((AM71-AL71)/SAL_2026) -> 0 | AQ71: =VALUE(IF(COUNTIFS($D$2:$D71,$D71)=1,MAX(0,SUMIFS(AP:AP,$D:$D,$D71)),0)) -> 0 | AR71: =$AO71-$AN71 -> 0 | AS71: =IF(COUNTIFS($D$2:$D71,$D71)=1,SUMIFS(AR:AR,$D:$D,$D71),0) -> 0 | AT71: =IF(AS71="",AG71,AG71+AS71) -> 0 | AU71: =+AT71 -> 0 | AV71: =SUMIFS(Combinaciones!$K:$K,Combinaciones!$A:$A,I71,Combinaciones!$B:$B,J71,Combinaciones!$F:$F,N71)*L71 -> 148536240 | AW71: =IF(COUNTIFS($D$2:$D71,$D71)=1,SUMIFS(AV:AV,$D:$D,$D71),0) -> 0 | AX71: 0 | AY71: Descripción otros conceptos | BA71: =+IF(I71="HOGAR INFANTIL – INSTITUCIONAL",AZ71*(1750905*0.03)*N71,0) -> 0 | BB71: 0 | BC71: =IFERROR(AV71+AX71-BB71+BA71,0) -> 148536240 | BD71: =IF(COUNTIFS($D$2:$D71,$D71)=1,SUMIFS(BC:BC,$D:$D,$D71),0) -> 0 | BE71: 0.02 | BF71: =IFERROR(BE71*BD71,"") -> 0 | BG71: =IF(COUNTIFS($D$2:$D71,$D71)=1,SUMIFS(BF:BF,$D:$D,$D71),0) -> 0 | BH71: =IF(BD71<>"",BD71+BG71,"") -> 0 | BI71: =IFERROR(BH71/SAL_2026,"") -> 0 | BJ71: =X71+AK71-AJ71+BC71 -> 148536240 | BK71: =SUMIF($D:$D,$D:$D,$BJ:$BJ) -> 427289868 | BL71: =IF(COUNTIF($D$3:D71,D71)=1,BK71,"") | BM71: =+IFERROR(AC71+BF71+AM71-AL71,0) -> 0 | BN71: =+IFERROR(Y71+AE71+AK71-AJ71+AM71-AL71+BD71+BF71+AD71,0) -> 0 | BO71: =IF(AI71<>"",AI71/2,"") -> 0 | BP71: =+AQ71+BI71 -> 0 | BQ71: =IF(A71="SI","",IF(BO71-BP71<0,0,BO71-BP71)) | BR71: =IFERROR(BQ71*SAL_2026,"") | BS71: =+(AI71+BP71) -> 0 | BT71: =IF(BS71="","",IF(SUMIFS(BS:BS,R:R,R71)>5000,"ALERTA MAYOR QUE 5.000",""))
A72: SI | B72: 1882 | C72: SANTANDER | D72: 68008612025 | E72: =IF($A72="SI","",$D72) | G72: CZ SOCORRO | H72: Confines | I72: CENTRO DE DESARROLLO INFANTIL - SIN ARRIENDO - INSTITUCIONAL | J72: OPERADOR COMPONENTE PEDAGOGICO CON ALIMENTOS | K72: 1 | L72: =SUMIFS( zonificación!$AA:$AA, zonificación!$A:$A,B72, zonificación!$K:$K, G72, zonificación!$I:$I,H72, zonificación!$W:$W, I72) -> 24 | M72: =IF(COUNTIFS($D$2:$D72,D72)=1,SUMIFS($L:$L,D:D,D72),0) -> 177 | N72: 3 | O72: =IF(COUNTIFS($D$2:$D72,D72)=1,SUMIFS($K:$K,D:D,D72),0) -> 13 | P72: =IF(COUNTIFS($D$2:$D72,D72)=1,SUMIFS($M:$M,D:D,D72),0) -> 177 | Q72: Articulo 35 invitación cerrada – literal m | R72: 804003003 | S72: =IF($A72="SI","",$R72) | T72: CORPORACIÓN DE PROFESIONALES PARA EL DESARROLLO INTEGRAL COMUNITARIO CORPRODINCO | U72: =IF($A72="SI","",$T72) | V72: Institucional | W72: 46326 | X72: 0 | Y72: =IF(COUNTIFS($D$2:$D72,$D72)=1,SUMIFS(X:X,$D:$D,$D72),0) -> 0 | Z72: 0 | AA72: Descripción otros conceptos | AB72: 0 | AC72: =IF(COUNTIFS($D$2:$D72,$D72)=1,SUMIFS(AB:AB,$D:$D,$D72),0) -> 0 | AD72: =IF(COUNTIFS($D$2:$D72,$D72)=1,SUMIFS(Z:Z,$D:$D,$D72),0) -> 0 | AE72: =SUM(AC72:AD72) -> 0 | AF72: =+X72+AE72 -> 0 | AG72: =IF(COUNTIFS($D$2:$D72,$D72)=1,SUMIFS(AF:AF,$D:$D,$D72),0) -> 0 | AH72: =IF(E72="",2026,VALUE(RIGHT(E72,4))) -> 2026 | AI72: =AG72/VLOOKUP(AH72,SALARIOS!$A$1:$B$4,2,0) -> 0 | AJ72: 0 | AK72: 0 | AL72: 0 | AM72: 0 | AN72: =+AJ72+AL72 -> 0 | AO72: =+AK72+AM72 -> 0 | AP72: =((AK72-AJ72)/SAL_2026)+((AM72-AL72)/SAL_2026) -> 0 | AQ72: =VALUE(IF(COUNTIFS($D$2:$D72,$D72)=1,MAX(0,SUMIFS(AP:AP,$D:$D,$D72)),0)) -> 0 | AR72: =$AO72-$AN72 -> 0 | AS72: =IF(COUNTIFS($D$2:$D72,$D72)=1,SUMIFS(AR:AR,$D:$D,$D72),0) -> 0 | AT72: =IF(AS72="",AG72,AG72+AS72) -> 0 | AU72: =+AT72 -> 0 | AV72: =SUMIFS(Combinaciones!$K:$K,Combinaciones!$A:$A,I72,Combinaciones!$B:$B,J72,Combinaciones!$F:$F,N72)*L72 -> 40538016 | AW72: =IF(COUNTIFS($D$2:$D72,$D72)=1,SUMIFS(AV:AV,$D:$D,$D72),0) -> 237593516 | AX72: 0 | AY72: Descripción otros conceptos | BA72: =+IF(I72="HOGAR INFANTIL – INSTITUCIONAL",AZ72*(1750905*0.03)*N72,0) -> 0 | BB72: 0 | BC72: =IFERROR(AV72+AX72-BB72+BA72,0) -> 40538016 | BD72: =IF(COUNTIFS($D$2:$D72,$D72)=1,SUMIFS(BC:BC,$D:$D,$D72),0) -> 237593516 | BE72: 0.02 | BF72: =IFERROR(BE72*BD72,"") -> 4751870.3 | BG72: =IF(COUNTIFS($D$2:$D72,$D72)=1,SUMIFS(BF:BF,$D:$D,$D72),0) -> 4751870.3 | BH72: =IF(BD72<>"",BD72+BG72,"") -> 2.4234539e+08 | BI72: =IFERROR(BH72/SAL_2026,"") -> 138.4115 | BJ72: =X72+AK72-AJ72+BC72 -> 40538016 | BK72: =SUMIF($D:$D,$D:$D,$BJ:$BJ) -> 237593516 | BL72: =IF(COUNTIF($D$3:D72,D72)=1,BK72,"") -> 237593516 | BM72: =+IFERROR(AC72+BF72+AM72-AL72,0) -> 4751870.3 | BN72: =+IFERROR(Y72+AE72+AK72-AJ72+AM72-AL72+BD72+BF72+AD72,0) -> 2.4234539e+08 | BO72: =IF(AI72<>"",AI72/2,"") -> 0 | BP72: =+AQ72+BI72 -> 138.4115 | BQ72: =IF(A72="SI","",IF(BO72-BP72<0,0,BO72-BP72)) | BR72: =IFERROR(BQ72*SAL_2026,"") | BS72: =+(AI72+BP72) -> 138.4115 | BT72: =IF(BS72="","",IF(SUMIFS(BS:BS,R:R,R72)>5000,"ALERTA MAYOR QUE 5.000",""))
A73: SI | B73: 1882 | C73: SANTANDER | D73: 68008612025 | E73: =IF($A73="SI","",$D73) | G73: CZ SOCORRO | H73: Confines | I73: EDUCACIÓN INICIAL EN EL HOGAR - FAMILIAR Y COMUNITARIA | J73: OPERADOR COMPONENTE PEDAGOGICO CON ALIMENTOS | K73: 8 | L73: =SUMIFS( zonificación!$AA:$AA, zonificación!$A:$A,B73, zonificación!$K:$K, G73, zonificación!$I:$I,H73, zonificación!$W:$W, I73) -> 93 | M73: =IF(COUNTIFS($D$2:$D73,D73)=1,SUMIFS($L:$L,D:D,D73),0) -> 0 | N73: 3 | O73: =IF(COUNTIFS($D$2:$D73,D73)=1,SUMIFS($K:$K,D:D,D73),0) -> 0 | P73: =IF(COUNTIFS($D$2:$D73,D73)=1,SUMIFS($M:$M,D:D,D73),0) -> 0 | Q73: Articulo 35 invitación cerrada – literal m | R73: 804003003 | S73: =IF($A73="SI","",$R73) | T73: CORPORACIÓN DE PROFESIONALES PARA EL DESARROLLO INTEGRAL COMUNITARIO CORPRODINCO | U73: =IF($A73="SI","",$T73) | V73: Familiar y Comunitaria | W73: 46326 | X73: 0 | Y73: =IF(COUNTIFS($D$2:$D73,$D73)=1,SUMIFS(X:X,$D:$D,$D73),0) -> 0 | Z73: 0 | AA73: Descripción otros conceptos | AB73: 0 | AC73: =IF(COUNTIFS($D$2:$D73,$D73)=1,SUMIFS(AB:AB,$D:$D,$D73),0) -> 0 | AD73: =IF(COUNTIFS($D$2:$D73,$D73)=1,SUMIFS(Z:Z,$D:$D,$D73),0) -> 0 | AE73: =SUM(AC73:AD73) -> 0 | AF73: =+X73+AE73 -> 0 | AG73: =IF(COUNTIFS($D$2:$D73,$D73)=1,SUMIFS(AF:AF,$D:$D,$D73),0) -> 0 | AH73: =IF(E73="",2026,VALUE(RIGHT(E73,4))) -> 2026 | AI73: =AG73/VLOOKUP(AH73,SALARIOS!$A$1:$B$4,2,0) -> 0 | AJ73: 0 | AK73: 0 | AL73: 0 | AM73: 0 | AN73: =+AJ73+AL73 -> 0 | AO73: =+AK73+AM73 -> 0 | AP73: =((AK73-AJ73)/SAL_2026)+((AM73-AL73)/SAL_2026) -> 0 | AQ73: =VALUE(IF(COUNTIFS($D$2:$D73,$D73)=1,MAX(0,SUMIFS(AP:AP,$D:$D,$D73)),0)) -> 0 | AR73: =$AO73-$AN73 -> 0 | AS73: =IF(COUNTIFS($D$2:$D73,$D73)=1,SUMIFS(AR:AR,$D:$D,$D73),0) -> 0 | AT73: =IF(AS73="",AG73,AG73+AS73) -> 0 | AU73: =+AT73 -> 0 | AV73: =SUMIFS(Combinaciones!$K:$K,Combinaciones!$A:$A,I73,Combinaciones!$B:$B,J73,Combinaciones!$F:$F,N73)*L73 -> 115115586 | AW73: =IF(COUNTIFS($D$2:$D73,$D73)=1,SUMIFS(AV:AV,$D:$D,$D73),0) -> 0 | AX73: 0 | AY73: Descripción otros conceptos | BA73: =+IF(I73="HOGAR INFANTIL – INSTITUCIONAL",AZ73*(1750905*0.03)*N73,0) -> 0 | BB73: 0 | BC73: =IFERROR(AV73+AX73-BB73+BA73,0) -> 115115586 | BD73: =IF(COUNTIFS($D$2:$D73,$D73)=1,SUMIFS(BC:BC,$D:$D,$D73),0) -> 0 | BE73: 0.02 | BF73: =IFERROR(BE73*BD73,"") -> 0 | BG73: =IF(COUNTIFS($D$2:$D73,$D73)=1,SUMIFS(BF:BF,$D:$D,$D73),0) -> 0 | BH73: =IF(BD73<>"",BD73+BG73,"") -> 0 | BI73: =IFERROR(BH73/SAL_2026,"") -> 0 | BJ73: =X73+AK73-AJ73+BC73 -> 115115586 | BK73: =SUMIF($D:$D,$D:$D,$BJ:$BJ) -> 237593516 | BL73: =IF(COUNTIF($D$3:D73,D73)=1,BK73,"") | BM73: =+IFERROR(AC73+BF73+AM73-AL73,0) -> 0 | BN73: =+IFERROR(Y73+AE73+AK73-AJ73+AM73-AL73+BD73+BF73+AD73,0) -> 0 | BO73: =IF(AI73<>"",AI73/2,"") -> 0 | BP73: =+AQ73+BI73 -> 0 | BQ73: =IF(A73="SI","",IF(BO73-BP73<0,0,BO73-BP73)) | BR73: =IFERROR(BQ73*SAL_2026,"") | BS73: =+(AI73+BP73) -> 0 | BT73: =IF(BS73="","",IF(SUMIFS(BS:BS,R:R,R73)>5000,"ALERTA MAYOR QUE 5.000",""))
... A77: SI | B77: 1891 | C77: SANTANDER | D77: 68008372025 | E77: =IF($A77="SI","",$D77) | G77: CZ CARLOS LLERAS RESTREPO | H77: Bucaramanga | I77: EDUCACIÓN INICIAL EN EL HOGAR - FAMILIAR Y COMUNITARIA | J77: OPERADOR COMPONENTE PEDAGOGICO CON ALIMENTOS | K77: 34 | L77: =SUMIFS( zonificación!$AA:$AA, zonificación!$A:$A,B77, zonificación!$K:$K, G77, zonificación!$I:$I,H77, zonificación!$W:$W, I77) -> 1346 | M77: =IF(COUNTIFS($D$2:$D77,D77)=1,SUMIFS($L:$L,D:D,D77),0) -> 1346 | N77: 3 | O77: =IF(COUNTIFS($D$2:$D77,D77)=1,SUMIFS($K:$K,D:D,D77),0) -> 34 | P77: =IF(COUNTIFS($D$2:$D77,D77)=1,SUMIFS($M:$M,D:D,D77),0) -> 1346 | Q77: Articulo 35 invitación cerrada – literal m | R77: 830500926 | S77: =IF($A77="SI","",$R77) | T77: COOPERATIVA MULTISERVICIOS COMUNITARIOS DE SANTANDER | U77: =IF($A77="SI","",$T77) | V77: Familiar y Comunitaria | W77: 46326 | X77: 0 | Y77: =IF(COUNTIFS($D$2:$D77,$D77)=1,SUMIFS(X:X,$D:$D,$D77),0) -> 0 | Z77: 0 | AA77: Descripción otros conceptos | AB77: 0 | AC77: =IF(COUNTIFS($D$2:$D77,$D77)=1,SUMIFS(AB:AB,$D:$D,$D77),0) -> 0 | AD77: =IF(COUNTIFS($D$2:$D77,$D77)=1,SUMIFS(Z:Z,$D:$D,$D77),0) -> 0 | AE77: =SUM(AC77:AD77) -> 0 | AF77: =+X77+AE77 -> 0 | AG77: =IF(COUNTIFS($D$2:$D77,$D77)=1,SUMIFS(AF:AF,$D:$D,$D77),0) -> 0 | AH77: =IF(E77="",2026,VALUE(RIGHT(E77,4))) -> 2026 | AI77: =AG77/VLOOKUP(AH77,SALARIOS!$A$1:$B$4,2,0) -> 0 | AJ77: 0 | AK77: 0 | AL77: 0 | AM77: 0 | AN77: =+AJ77+AL77 -> 0 | AO77: =+AK77+AM77 -> 0 | AP77: =((AK77-AJ77)/SAL_2026)+((AM77-AL77)/SAL_2026) -> 0 | AQ77: =VALUE(IF(COUNTIFS($D$2:$D77,$D77)=1,MAX(0,SUMIFS(AP:AP,$D:$D,$D77)),0)) -> 0 | AR77: =$AO77-$AN77 -> 0 | AS77: =IF(COUNTIFS($D$2:$D77,$D77)=1,SUMIFS(AR:AR,$D:$D,$D77),0) -> 0 | AT77: =IF(AS77="",AG77,AG77+AS77) -> 0 | AU77: =+AT77 -> 0 | AV77: =SUMIFS(Combinaciones!$K:$K,Combinaciones!$A:$A,I77,Combinaciones!$B:$B,J77,Combinaciones!$F:$F,N77)*L77 -> 1666081492 | AW77: =IF(COUNTIFS($D$2:$D77,$D77)=1,SUMIFS(AV:AV,$D:$D,$D77),0) -> 1666081492 | AX77: 0 | AY77: Descripción otros conceptos | BA77: =+IF(I77="HOGAR INFANTIL – INSTITUCIONAL",AZ77*(1750905*0.03)*N77,0) -> 0 | BB77: 0 | BC77: =IFERROR(AV77+AX77-BB77+BA77,0) -> 1666081492 | BD77: =IF(COUNTIFS($D$2:$D77,$D77)=1,SUMIFS(BC:BC,$D:$D,$D77),0) -> 1666081492 | BE77: 0.02 | BF77: =IFERROR(BE77*BD77,"") -> 33321630 | BG77: =IF(COUNTIFS($D$2:$D77,$D77)=1,SUMIFS(BF:BF,$D:$D,$D77),0) -> 33321630 | BH77: =IF(BD77<>"",BD77+BG77,"") -> 1.6994031e+09 | BI77: =IFERROR(BH77/SAL_2026,"") -> 970.58557 | BJ77: =X77+AK77-AJ77+BC77 -> 1666081492 | BK77: =SUMIF($D:$D,$D:$D,$BJ:$BJ) -> 1666081492 | BL77: =IF(COUNTIF($D$3:D77,D77)=1,BK77,"") -> 1666081492 | BM77: =+IFERROR(AC77+BF77+AM77-AL77,0) -> 33321630 | BN77: =+IFERROR(Y77+AE77+AK77-AJ77+AM77-AL77+BD77+BF77+AD77,0) -> 1.6994031e+09 | BO77: =IF(AI77<>"",AI77/2,"") -> 0 | BP77: =+AQ77+BI77 -> 970.58557 | BQ77: =IF(A77="SI","",IF(BO77-BP77<0,0,BO77-BP77)) | BR77: =IFERROR(BQ77*SAL_2026,"") | BS77: =+(AI77+BP77) -> 970.58557 | BT77: =IF(BS77="","",IF(SUMIFS(BS:BS,R:R,R77)>5000,"ALERTA MAYOR QUE 5.000",""))
